Workbook
Name _e_: " e "
Name _Sng1: {"um","mil","um milhão","um bilhão","um trilhão"}
Name _sp_: " "
Name Cem: {"cento","duzentos","trezentos","quatrocentos","quinhentos","seiscentos","setecentos","oitocentos","novecentos"}
Name Dez: {"dez","vinte","trinta","quarenta","cinquenta","sessenta","setenta","oitenta","noventa"}
Name OCem: "cem"
Name Plu: {""," mil"," milhões"," bilhões"," trilhões"}
Name Sml: {"um","dois","três","quatro","cinco","seis","sete","oito","nove","dez","onze","doze","treze","quatorze","quinze","dezesseis","dezessete","dezoito","dezenove"}
Name Sng: {"um","mil","um milhão","um bilhão","um trilhão"}
Name Print_Titles: 'BM 01 '!$M:$N,'BM 01 '!$1:$12
Name _Sng1: {"um","mil","um milhão","um bilhão","um trilhão"}
Name _e_: " e "
Name _sp_: " "
Name Cem: {"cento","duzentos","trezentos","quatrocentos","quinhentos","seiscentos","setecentos","oitocentos","novecentos"}
Name Dez: {"dez","vinte","trinta","quarenta","cinquenta","sessenta","setenta","oitenta","noventa"}
Name OCem: "cem"
Name Plu: {""," mil"," milhões"," bilhões"," trilhões"}
Name Sml: {"um","dois","três","quatro","cinco","seis","sete","oito","nove","dez","onze","doze","treze","quatorze","quinze","dezesseis","dezessete","dezoito","dezenove"}
Name Sng: {"um","mil","um milhão","um bilhão","um trilhão"}
Name Print_Titles: 'BM 02 '!$M:$N,'BM 02 '!$1:$12
Name _e_: " e "
Name _Sng1: {"um","mil","um milhão","um bilhão","um trilhão"}
Name _sp_: " "
Name Cem: {"cento","duzentos","trezentos","quatrocentos","quinhentos","seiscentos","setecentos","oitocentos","novecentos"}
Name Dez: {"dez","vinte","trinta","quarenta","cinquenta","sessenta","setenta","oitenta","noventa"}
Name OCem: "cem"
Name Plu: {""," mil"," milhões"," bilhões"," trilhões"}
Name Sml: {"um","dois","três","quatro","cinco","seis","sete","oito","nove","dez","onze","doze","treze","quatorze","quinze","dezesseis","dezessete","dezoito","dezenove"}
Name Sng: {"um","mil","um milhão","um bilhão","um trilhão"}
Name Print_Titles: 'BM 03 '!$M:$N,'BM 03 '!$1:$12
Name _Sng1: {"um","mil","um milhão","um bilhão","um trilhão"}
Name _e_: " e "
Name _Sng1: {"um","mil","um milhão","um bilhão","um trilhão"}
Name _sp_: " "
Name Cem: {"cento","duzentos","trezentos","quatrocentos","quinhentos","seiscentos","setecentos","oitocentos","novecentos"}
Name Dez: {"dez","vinte","trinta","quarenta","cinquenta","sessenta","setenta","oitenta","noventa"}
Name OCem: "cem"
Name Plu: {""," mil"," milhões"," bilhões"," trilhões"}
Name Sml: {"um","dois","três","quatro","cinco","seis","sete","oito","nove","dez","onze","doze","treze","quatorze","quinze","dezesseis","dezessete","dezoito","dezenove"}
Name Sng: {"um","mil","um milhão","um bilhão","um trilhão"}
Name Print_Titles: 'BM 04 '!$M:$N,'BM 04 '!$1:$12
Name _Sng1: {"um","mil","um milhão","um bilhão","um trilhão"}
Name _Sng1: {"um","mil","um milhão","um bilhão","um trilhão"}

Sheet BM 01 
A1: PREFEITURA MUNICIPAL DE SÃO CRISTÓVÃO | D1: BOLETIM DE MEDIÇÃO | F1: N° 01 | G1: Data da Medição: | I1: VALOR CONTRATADO
G2: 45835 | I2: =J437 -> 12360218
A4: SECRETARIA MUNICIPAL DA INFRAESTRUTURA E URBANISMO | D4: Período da Medição: | I4: Contrato n.º | K4: 004/2025
D5: 45870 | E5: a | F5: 45899 | G5: =(F5-D5)+1 -> 30
A6: OBJETO DO CONTRATO: | I6: Data da Assinatura: | K6: 45694 | N6: VISTO:
A7: CONSTRUÇÃO DA 1° ETAPA DO CONJUNTO HABITACIONAL LOURDES AZEVEDO, LOCALIZADO NO BAIRRO EDUARDO GOMES - SÃO CRISTÓVÃO | I7: Ordem de Serviço: | K7: 45833
A9: CONTRATADA: | F9: CNPJ; | I9: Prazo da Execução: | K9: =K7 -> 45833 | L9: 46198 | M9: =((L9-K9)+1)/30 -> 12.2
A10: CONSTRUTORA MVA LTDA | F10: 07.169.379/0001-07 | I10: Prazo da Vigênca: | K10: =K9 -> 45833 | L10: 46198 | M10: =((L10-K10)+1)/30 -> 12.2
A11: Item | B11: Descrição dos Serviços | C11: Unidades | D11: Quantidades | I11: Valores (R$) | O11: Percentuais (%)
D12: Contratada | E12: Acumulado Anterior | F12: Do Período | G12: Acumulado até o Período | H12: Saldo a Medir | I12: Preço Unitário | J12: Valor Contratado | K12: Acumulado Anterior | L12: Do Período | M12: Acumulado até o Período | N12: Saldo a Medir | O12: Até o Período | P12: A Executar
A13: 1 | B13: Administração Local | J13: =J14+J18+J20+J55 -> 1438019 | K13: =K14+K18+K20+K55 -> 0 | L13: =L14+L18+L20+L55 -> 105184.38 | M13: =M14+M18+M20+M55 -> 105184.38 | N13: =N14+N18+N20+N55 -> 1332834.6 | O13: =IF((M13/J13)=0," ",(M13/J13)*100) -> 7.3145336 | P13: =IF((N13/J13)=0," ",(N13/J13)*100) -> 92.685466
A14: 01.01 | B14: ADMINISTRAÇÃO DA OBRA | J14: =J15+J16+J17 -> 731541.41 | K14: =K15+K16+K17 -> 0 | L14: =L15+L16+L17 -> 6949.64 | M14: =M15+M16+M17 -> 6949.64 | N14: =N15+N16+N17 -> 724591.77
A15: 01.01.001 | B15: Equipe Dirigente | C15: un | D15: 1 | F15: 0.0095 | G15: =E15+F15 -> 0.0095 | H15: =D15-G15 -> 0.9905 | I15: 707205.69 | J15: =ROUND(D15*I15,2) -> 707205.69 | K15: =ROUND(E15*I15,2) -> 0 | L15: =ROUND(F15*I15,2) -> 6718.45 | M15: =K15+L15 -> 6718.45 | N15: =J15-M15 -> 700487.24 | O15: =IF((M15/J15)=0," ",(M15/J15)*100) -> 0.94999943 | P15: =IF((N15/J15)=0," ",(N15/J15)*100) -> 99.050001
A16: 01.01.002 | B16: Equipamentos de Apoio à Produção | C16: un | D16: 1 | F16: 0.0095 | G16: =E16+F16 -> 0.0095 | H16: =D16-G16 -> 0.9905 | I16: 13478.08 | J16: =ROUND(D16*I16,2) -> 13478.08 | K16: =ROUND(E16*I16,2) -> 0 | L16: =ROUND(F16*I16,2) -> 128.04 | M16: =K16+L16 -> 128.04 | N16: =J16-M16 -> 13350.04 | O16: =IF((M16/J16)=0," ",(M16/J16)*100) -> 0.94998694 | P16: =IF((N16/J16)=0," ",(N16/J16)*100) -> 99.050013
A17: 01.01.003 | B17: Manutenção do Canteiro | C17: un | D17: 1 | F17: 0.0095 | G17: =E17+F17 -> 0.0095 | H17: =D17-G17 -> 0.9905 | I17: 10857.64 | J17: =ROUND(D17*I17,2) -> 10857.64 | K17: =ROUND(E17*I17,2) -> 0 | L17: =ROUND(F17*I17,2) -> 103.15 | M17: =K17+L17 -> 103.15 | N17: =J17-M17 -> 10754.49 | O17: =IF((M17/J17)=0," ",(M17/J17)*100) -> 0.95002229 | P17: =IF((N17/J17)=0," ",(N17/J17)*100) -> 99.049978
A18: 01.02 | B18: MOBILIZAÇÃO E DESMOBILIZAÇÃO | J18: =J19 -> 12859.47 | K18: =K19 -> 0 | L18: =L19 -> 6429.74 | M18: =M19 -> 6429.74 | N18: =N19 -> 6429.73 | O18: =IF((M18/J18)=0," ",(M18/J18)*100) -> 50.000039 | P18: =IF((N18/J18)=0," ",(N18/J18)*100) -> 49.999961
A19: 01.02.001 | B19: Caminhão Carroceria de madeira 9 t - fonte:DNIT | C19: h | D19: 111.27 | F19: =D19/2 -> 55.635 | G19: =E19+F19 -> 55.635 | H19: =D19-G19 -> 55.635 | I19: 115.57 | J19: =ROUND(D19*I19,2) -> 12859.47 | K19: =ROUND(E19*I19,2) -> 0 | L19: =ROUND(F19*I19,2) -> 6429.74 | M19: =K19+L19 -> 6429.74 | N19: =J19-M19 -> 6429.73 | O19: =IF((M19/J19)=0," ",(M19/J19)*100) -> 50.000039 | P19: =IF((N19/J19)=0," ",(N19/J19)*100) -> 49.999961
A20: 01.03 | B20: SERVIÇOS PRELIMINARES/INSTALAÇÃO CANTEIRO/MOBILIZAÇÃO | G20: =E20+F20 -> 0 | J20: =J21+J24+J26+J28 -> 574523.54 | K20: =K21+K24+K26+K28 -> 0 | L20: =L21+L24+L26+L28 -> 91805 | M20: =M21+M24+M26+M28 -> 91805 | N20: =N21+N24+N26+N28 -> 482718.54 | O20: =IF((M20/J20)=0," ",(M20/J20)*100) -> 15.979328 | P20: =IF((N20/J20)=0," ",(N20/J20)*100) -> 84.020672
A21: 01.03.001 | B21: SERVIÇOS PRELIMINARES | J21: =J22+J23 -> 6858.06 | K21: =SUM(K22:K23) -> 0 | L21: =ROUND(F21*J21,2) -> 0 | M21: =K21+L21 -> 0 | N21: =J21-M21 -> 6858.06 | O21: =IF((M21/J21)=0," ",(M21/J21)*100) | P21: =IF((N21/J21)=0," ",(N21/J21)*100) -> 100
A22: 01.03.001.001 | B22: Placa de obra em lona com impressão digital 1,50 x 2,00m, inclusive estrutura em metalon 20 x 20cm e escoramento, instalada - Rev 02 - 09/2021 | C22: un | D22: 2 | G22: =E22+F22 -> 0 | H22: =D22-G22 -> 2 | I22: 902.55 | J22: =ROUND(D22*I22,2) -> 1805.1 | K22: =ROUND(E22*I22,2) -> 0 | L22: =ROUND(F22*I22,2) -> 0 | M22: =K22+L22 -> 0 | N22: =J22-M22 -> 1805.1 | O22: =IF((M22/J22)=0," ",(M22/J22)*100) | P22: =IF((N22/J22)=0," ",(N22/J22)*100) -> 100
A23: 01.03.001.002 | B23: Fornecimento e instalação de placa de obra com chapa galvanizada e estrutura de madeira. af_03/2022_ps | C23: m2 | D23: 12 | F23: 12 | G23: =E23+F23 -> 12 | H23: =D23-G23 -> 0 | I23: 421.08 | J23: =ROUND(D23*I23,2) -> 5052.96 | K23: =ROUND(E23*I23,2) -> 0 | L23: =ROUND(F23*I23,2) -> 5052.96 | M23: =K23+L23 -> 5052.96 | N23: =J23-M23 -> 0 | O23: =IF((M23/J23)=0," ",(M23/J23)*100) -> 100 | P23: =IF((N23/J23)=0," ",(N23/J23)*100)
A24: 01.03.002 | B24: Locação de Obra - Casas Tipo 01 | G24: =E24+F24 -> 0 | H24: =D24-G24 -> 0 | J24: =J25 -> 40654.87 | K24: =K25 -> 0 | L24: =L25 -> 0 | M24: =M25 -> 0 | N24: =N25 -> 40654.87 | O24: =IF((M24/J24)=0," ",(M24/J24)*100) | P24: =IF((N24/J24)=0," ",(N24/J24)*100) -> 100
A25: 01.03.002.001 | B25: Locação de construção de edificação até 200m2, inclusive execução de gabarito de madeira | C25: m2 | D25: 3699.26 | G25: =E25+F25 -> 0 | H25: =D25-G25 -> 3699.26 | I25: 10.99 | J25: =ROUND(D25*I25,2) -> 40654.87 | K25: =ROUND(E25*I25,2) -> 0 | L25: =ROUND(F25*I25,2) -> 0 | M25: =K25+L25 -> 0 | N25: =J25-M25 -> 40654.87 | O25: =IF((M25/J25)=0," ",(M25/J25)*100) | P25: =IF((N25/J25)=0," ",(N25/J25)*100) -> 100
A26: 01.03.003 | B26: Locação de Obra - Casas Tipo 02 | G26: =E26+F26 -> 0 | H26: =D26-G26 -> 0 | J26: =J27 -> 3474.38 | K26: =K27 -> 0 | L26: =L27 -> 0 | M26: =M27 -> 0 | N26: =N27 -> 3474.38 | O26: =IF((M26/J26)=0," ",(M26/J26)*100) | P26: =IF((N26/J26)=0," ",(N26/J26)*100) -> 100
A27: 01.03.003.001 | B27: Locação de construção de edificação até 200m2, inclusive execução de gabarito de madeira | C27: m2 | D27: 316.14 | G27: =E27+F27 -> 0 | H27: =D27-G27 -> 316.14 | I27: 10.99 | J27: =ROUND(D27*I27,2) -> 3474.38 | K27: =ROUND(E27*I27,2) -> 0 | L27: =ROUND(F27*I27,2) -> 0 | M27: =K27+L27 -> 0 | N27: =J27-M27 -> 3474.38 | O27: =IF((M27/J27)=0," ",(M27/J27)*100) | P27: =IF((N27/J27)=0," ",(N27/J27)*100) -> 100
A28: 01.03.004 | B28: INSTALAÇÃO DO CANTEIRO | G28: =E28+F28 -> 0 | H28: =D28-G28 -> 0 | J28: =SUM(J29:J54) -> 523536.23 | K28: =SUM(K29:K54) -> 0 | L28: =SUM(L29:L54) -> 91805 | M28: =SUM(M29:M54) -> 91805 | N28: =SUM(N29:N54) -> 431731.23 | O28: =IF((M28/J28)=0," ",(M28/J28)*100) -> 17.535558 | P28: =IF((N28/J28)=0," ",(N28/J28)*100) -> 82.464442
A29: 01.03.004.001 | B29: Barracão para Obras de Médio Porte Reaproveitamento 2 vezes | C29: m2 | D29: 80 | G29: =E29+F29 -> 0 | H29: =D29-G29 -> 80 | I29: 289.31 | J29: =ROUND(D29*I29,2) -> 23144.8 | K29: =ROUND(E29*I29,2) -> 0 | L29: =ROUND(F29*I29,2) -> 0 | M29: =K29+L29 -> 0 | N29: =J29-M29 -> 23144.8 | O29: =IF((M29/J29)=0," ",(M29/J29)*100) | P29: =IF((N29/J29)=0," ",(N29/J29)*100) -> 100
A30: 01.03.004.002 | B30: Barracão para escritório de obra porte pequeno s=25,41m2 com materiais novos | C30: un | D30: 1 | G30: =E30+F30 -> 0 | H30: =D30-G30 -> 1 | I30: 18137.15 | J30: =ROUND(D30*I30,2) -> 18137.15 | K30: =ROUND(E30*I30,2) -> 0 | L30: =ROUND(F30*I30,2) -> 0 | M30: =K30+L30 -> 0 | N30: =J30-M30 -> 18137.15 | O30: =IF((M30/J30)=0," ",(M30/J30)*100) | P30: =IF((N30/J30)=0," ",(N30/J30)*100) -> 100
A31: 01.03.004.003 | B31: Instalação provisória de energia elétrica, aerea, trifasica, em poste galvanizado, exclusive fornecimento do medidor | C31: un | D31: 1 | G31: =E31+F31 -> 0 | H31: =D31-G31 -> 1 | I31: 1886.97 | J31: =ROUND(D31*I31,2) -> 1886.97 | K31: =ROUND(E31*I31,2) -> 0 | L31: =ROUND(F31*I31,2) -> 0 | M31: =K31+L31 -> 0 | N31: =J31-M31 -> 1886.97 | O31: =IF((M31/J31)=0," ",(M31/J31)*100) | P31: =IF((N31/J31)=0," ",(N31/J31)*100) -> 100
A32: 01.03.004.004 | B32: Ligação Predial de Água em Mureta de Concreto, Provisória ou Definitiva, com Fornecimento de Material, inclusive Mureta e Hidrômetro, Rede DN 50mm - Rev 03_10/2022 | C32: UN | D32: 1 | G32: =E32+F32 -> 0 | H32: =D32-G32 -> 1 | I32: 652.4 | J32: =ROUND(D32*I32,2) -> 652.4 | K32: =ROUND(E32*I32,2) -> 0 | L32: =ROUND(F32*I32,2) -> 0 | M32: =K32+L32 -> 0 | N32: =J32-M32 -> 652.4 | O32: =IF((M32/J32)=0," ",(M32/J32)*100) | P32: =IF((N32/J32)=0," ",(N32/J32)*100) -> 100
A33: 01.03.004.005 | B33: Aluguel de banheiro químico, com 03 limpezas semanais | C33: mês | D33: 44 | G33: =E33+F33 -> 0 | H33: =D33-G33 -> 44 | I33: 644.07 | J33: =ROUND(D33*I33,2) -> 28339.08 | K33: =ROUND(E33*I33,2) -> 0 | L33: =ROUND(F33*I33,2) -> 0 | M33: =K33+L33 -> 0 | N33: =J33-M33 -> 28339.08 | O33: =IF((M33/J33)=0," ",(M33/J33)*100) | P33: =IF((N33/J33)=0," ",(N33/J33)*100) -> 100
A34: 01.03.004.006 | B34: Tapume em chapa galvanizada nº30, esp=0,35mm, h=2,00m, exclusive pintura | C34: m | D34: 912.28 | F34: 430 | G34: =E34+F34 -> 430 | H34: =D34-G34 -> 482.28 | I34: 213.5 | J34: =ROUND(D34*I34,2) -> 194771.78 | K34: =ROUND(E34*I34,2) -> 0 | L34: =ROUND(F34*I34,2) -> 91805 | M34: =K34+L34 -> 91805 | N34: =J34-M34 -> 102966.78 | O34: =IF((M34/J34)=0," ",(M34/J34)*100) -> 47.134652 | P34: =IF((N34/J34)=0," ",(N34/J34)*100) -> 52.865348
A35: 01.03.004.007 | B35: Sondagem a trado para Estudo de Jazida | C35: m | D35: 100 | G35: =E35+F35 -> 0 | H35: =D35-G35 -> 100 | I35: 120.34 | J35: =ROUND(D35*I35,2) -> 12034 | K35: =ROUND(E35*I35,2) -> 0 | L35: =ROUND(F35*I35,2) -> 0 | M35: =K35+L35 -> 0 | N35: =J35-M35 -> 12034 | O35: =IF((M35/J35)=0," ",(M35/J35)*100) | P35: =IF((N35/J35)=0," ",(N35/J35)*100) -> 100
A36: 01.03.004.008 | B36: Sondagem a percussão | C36: m | D36: 124 | G36: =E36+F36 -> 0 | H36: =D36-G36 -> 124 | I36: 186.53 | J36: =ROUND(D36*I36,2) -> 23129.72 | K36: =ROUND(E36*I36,2) -> 0 | L36: =ROUND(F36*I36,2) -> 0 | M36: =K36+L36 -> 0 | N36: =J36-M36 -> 23129.72 | O36: =IF((M36/J36)=0," ",(M36/J36)*100) | P36: =IF((N36/J36)=0," ",(N36/J36)*100) -> 100
A37: 01.03.004.009 | B37: Ensaio - Granulometria combinada (peneiramento + sedimentação) | C37: un | D37: 5 | G37: =E37+F37 -> 0 | H37: =D37-G37 -> 5 | I37: 746.11 | J37: =ROUND(D37*I37,2) -> 3730.55 | K37: =ROUND(E37*I37,2) -> 0 | L37: =ROUND(F37*I37,2) -> 0 | M37: =K37+L37 -> 0 | N37: =J37-M37 -> 3730.55 | O37: =IF((M37/J37)=0," ",(M37/J37)*100) | P37: =IF((N37/J37)=0," ",(N37/J37)*100) -> 100
A38: 01.03.004.010 | B38: Ensaio - Granulometria por peneiramento | C38: un | D38: 24 | G38: =E38+F38 -> 0 | H38: =D38-G38 -> 24 | I38: 198.56 | J38: =ROUND(D38*I38,2) -> 4765.44 | K38: =ROUND(E38*I38,2) -> 0 | L38: =ROUND(F38*I38,2) -> 0 | M38: =K38+L38 -> 0 | N38: =J38-M38 -> 4765.44 | O38: =IF((M38/J38)=0," ",(M38/J38)*100) | P38: =IF((N38/J38)=0," ",(N38/J38)*100) -> 100
A39: 01.03.004.011 | B39: Ensaio - Compactação Proctor Normal com reuso de material (6 pontos) | C39: un | D39: 32 | G39: =E39+F39 -> 0 | H39: =D39-G39 -> 32 | I39: 264.75 | J39: =ROUND(D39*I39,2) -> 8472 | K39: =ROUND(E39*I39,2) -> 0 | L39: =ROUND(F39*I39,2) -> 0 | M39: =K39+L39 -> 0 | N39: =J39-M39 -> 8472 | O39: =IF((M39/J39)=0," ",(M39/J39)*100) | P39: =IF((N39/J39)=0," ",(N39/J39)*100) -> 100
A40: 01.03.004.012 | B40: Ensaio - Índice de Suporte Califórnia - CBR | C40: un | D40: 19 | G40: =E40+F40 -> 0 | H40: =D40-G40 -> 19 | I40: 342.97 | J40: =ROUND(D40*I40,2) -> 6516.43 | K40: =ROUND(E40*I40,2) -> 0 | L40: =ROUND(F40*I40,2) -> 0 | M40: =K40+L40 -> 0 | N40: =J40-M40 -> 6516.43 | O40: =IF((M40/J40)=0," ",(M40/J40)*100) | P40: =IF((N40/J40)=0," ",(N40/J40)*100) -> 100
A41: 01.03.004.013 | B41: Ensaio - Limite de liquidez | C41: un | D41: 29 | G41: =E41+F41 -> 0 | H41: =D41-G41 -> 29 | I41: 198.56 | J41: =ROUND(D41*I41,2) -> 5758.24 | K41: =ROUND(E41*I41,2) -> 0 | L41: =ROUND(F41*I41,2) -> 0 | M41: =K41+L41 -> 0 | N41: =J41-M41 -> 5758.24 | O41: =IF((M41/J41)=0," ",(M41/J41)*100) | P41: =IF((N41/J41)=0," ",(N41/J41)*100) -> 100
A42: 01.03.004.014 | B42: Ensaio - Limite de plasticidade | C42: un | D42: 29 | G42: =E42+F42 -> 0 | H42: =D42-G42 -> 29 | I42: 198.56 | J42: =ROUND(D42*I42,2) -> 5758.24 | K42: =ROUND(E42*I42,2) -> 0 | L42: =ROUND(F42*I42,2) -> 0 | M42: =K42+L42 -> 0 | N42: =J42-M42 -> 5758.24 | O42: =IF((M42/J42)=0," ",(M42/J42)*100) | P42: =IF((N42/J42)=0," ",(N42/J42)*100) -> 100
A43: 01.03.004.015 | B43: Ensaio - Equivalente de Areia | C43: un | D43: 6 | G43: =E43+F43 -> 0 | H43: =D43-G43 -> 6 | I43: 210.59 | J43: =ROUND(D43*I43,2) -> 1263.54 | K43: =ROUND(E43*I43,2) -> 0 | L43: =ROUND(F43*I43,2) -> 0 | M43: =K43+L43 -> 0 | N43: =J43-M43 -> 1263.54 | O43: =IF((M43/J43)=0," ",(M43/J43)*100) | P43: =IF((N43/J43)=0," ",(N43/J43)*100) -> 100
A44: 01.03.004.016 | B44: Ensaio - Determinação da massa aparente in situ do solo | C44: un | D44: 48 | G44: =E44+F44 -> 0 | H44: =D44-G44 -> 48 | I44: 172.87 | J44: =ROUND(D44*I44,2) -> 8297.76 | K44: =ROUND(E44*I44,2) -> 0 | L44: =ROUND(F44*I44,2) -> 0 | M44: =K44+L44 -> 0 | N44: =J44-M44 -> 8297.76 | O44: =IF((M44/J44)=0," ",(M44/J44)*100) | P44: =IF((N44/J44)=0," ",(N44/J44)*100) -> 100
A45: 01.03.004.017 | B45: Ensaio - Impureza orgânica | C45: un | D45: 13 | G45: =E45+F45 -> 0 | H45: =D45-G45 -> 13 | I45: 185.14 | J45: =ROUND(D45*I45,2) -> 2406.82 | K45: =ROUND(E45*I45,2) -> 0 | L45: =ROUND(F45*I45,2) -> 0 | M45: =K45+L45 -> 0 | N45: =J45-M45 -> 2406.82 | O45: =IF((M45/J45)=0," ",(M45/J45)*100) | P45: =IF((N45/J45)=0," ",(N45/J45)*100) -> 100
A46: 01.03.004.018 | B46: Ensaio - Compactação Proctor Intermediário com reuso de material (6 pontos) | C46: un | D46: 34 | G46: =E46+F46 -> 0 | H46: =D46-G46 -> 34 | I46: 264.75 | J46: =ROUND(D46*I46,2) -> 9001.5 | K46: =ROUND(E46*I46,2) -> 0 | L46: =ROUND(F46*I46,2) -> 0 | M46: =K46+L46 -> 0 | N46: =J46-M46 -> 9001.5 | O46: =IF((M46/J46)=0," ",(M46/J46)*100) | P46: =IF((N46/J46)=0," ",(N46/J46)*100) -> 100
... A54: 01.03.004.026 | B54: Serviços de Arqueologia (incluso 10% repasse) | C54: un | D54: 1 | G54: =E54+F54 -> 0 | H54: =D54-G54 -> 1 | I54: 108316.72 | J54: =ROUND(D54*I54,2) -> 108316.72 | K54: =ROUND(E54*I54,2) -> 0 | L54: =ROUND(F54*I54,2) -> 0 | M54: =K54+L54 -> 0 | N54: =J54-M54 -> 108316.72 | O54: =IF((M54/J54)=0," ",(M54/J54)*100) | P54: =IF((N54/J54)=0," ",(N54/J54)*100) -> 100
A55: 01.04 | B55: FRETE | G55: =E55+F55 -> 0 | J55: =J56+J58+J60 -> 119094.54 | K55: =K56+K58+K60 -> 0 | L55: =L56+L58+L60 -> 0 | M55: =M56+M58+M60 -> 0 | N55: =N56+N58+N60 -> 119094.54 | O55: =IF((M55/J55)=0," ",(M55/J55)*100) | P55: =IF((N55/J55)=0," ",(N55/J55)*100) -> 100
A56: 01.04.001 | B56: AGREGADOS | J56: =J57 -> 8474.97 | K56: =K57 -> 0 | L56: =L57 -> 0 | M56: =M57 -> 0 | N56: =N57 -> 8474.97 | O56: =IF((M56/J56)=0," ",(M56/J56)*100) | P56: =IF((N56/J56)=0," ",(N56/J56)*100) -> 100
A57: 01.04.001.001 | B57: Transporte comercial com caminhão basculante de 10m³, em rodovia pavimentada (densidade=1,5t/m³)( SICRO 5914389) | C57: tkm | D57: 11936.58 | G57: =E57+F57 -> 0 | H57: =D57-G57 -> 11936.58 | I57: 0.71 | J57: =ROUND(D57*I57,2) -> 8474.97 | K57: =ROUND(E57*I57,2) -> 0 | L57: =ROUND(F57*I57,2) -> 0 | M57: =K57+L57 -> 0 | N57: =J57-M57 -> 8474.97 | O57: =IF((M57/J57)=0," ",(M57/J57)*100) | P57: =IF((N57/J57)=0," ",(N57/J57)*100) -> 100
A58: 01.04.002 | B58: BRITA | G58: =E58+F58 -> 0 | J58: =J59 -> 110593.85 | K58: =K59 -> 0 | L58: =L59 -> 0 | M58: =M59 -> 0 | N58: =N59 -> 110593.85 | O58: =IF((M58/J58)=0," ",(M58/J58)*100) | P58: =IF((N58/J58)=0," ",(N58/J58)*100) -> 100
A59: 01.04.002.001 | B59: Transporte comercial com caminhão basculante de 10m³, em rodovia pavimentada (densidade=1,5t/m³)( SICRO 5914389) | C59: tkm | D59: 155765.99 | G59: =E59+F59 -> 0 | H59: =D59-G59 -> 155765.99 | I59: 0.71 | J59: =ROUND(D59*I59,2) -> 110593.85 | K59: =ROUND(E59*I59,2) -> 0 | L59: =ROUND(F59*I59,2) -> 0 | M59: =K59+L59 -> 0 | N59: =J59-M59 -> 110593.85 | O59: =IF((M59/J59)=0," ",(M59/J59)*100) | P59: =IF((N59/J59)=0," ",(N59/J59)*100) -> 100
A60: 01.04.003 | B60: PEDRA CALCARIA | G60: =E60+F60 -> 0 | J60: =J61 -> 25.72 | K60: =K61 -> 0 | L60: =L61 -> 0 | M60: =M61 -> 0 | N60: =N61 -> 25.72 | O60: =IF((M60/J60)=0," ",(M60/J60)*100) | P60: =IF((N60/J60)=0," ",(N60/J60)*100) -> 100
A61: 01.04.003.001 | B61: Transporte comercial com caminhão basculante de 10m³, em rodovia pavimentada (densidade=1,5t/m³)( SICRO 5914389) | C61: tkm | D61: 36.22 | G61: =E61+F61 -> 0 | H61: =D61-G61 -> 36.22 | I61: 0.71 | J61: =ROUND(D61*I61,2) -> 25.72 | K61: =ROUND(E61*I61,2) -> 0 | L61: =ROUND(F61*I61,2) -> 0 | M61: =K61+L61 -> 0 | N61: =J61-M61 -> 25.72 | O61: =IF((M61/J61)=0," ",(M61/J61)*100) | P61: =IF((N61/J61)=0," ",(N61/J61)*100) -> 100
A62: 2 | B62: Infraestrutura do Conjunto Habitacional | J62: =J63+J68+J77+J96+J106+J142 -> 4260719.8 | K62: =K63+K68+K77+K96+K106+K142 -> 0 | L62: =L63+L68+L77+L96+L106+L142 -> 0 | M62: =M63+M68+M77+M96+M106+M142 -> 0 | N62: =N63+N68+N77+N96+N106+N142 -> 4250860.8 | O62: =IF((M62/J62)=0," ",(M62/J62)*100) | P62: =IF((N62/J62)=0," ",(N62/J62)*100) -> 99.768606
A63: 02.01 | B63: SERVIÇOS PRELIMINARES | J63: =SUM(J64:J67) -> 197379.9 | K63: =SUM(K64:K67) -> 0 | L63: =SUM(L64:L67) -> 0 | M63: =SUM(M64:M67) -> 0 | N63: =SUM(N64:N67) -> 197379.9 | O63: =IF((M63/J63)=0," ",(M63/J63)*100) | P63: =IF((N63/J63)=0," ",(N63/J63)*100) -> 100
A64: 02.01.001 | B64: Limpeza mecanizada do terreno c/ trator esteira (vegetação rasteira) sem carga e transporte | C64: m2 | D64: 19838.68 | G64: =E64+F64 -> 0 | H64: =D64-G64 -> 19838.68 | I64: 0.69 | J64: =ROUND(D64*I64,2) -> 13688.69 | K64: =ROUND(E64*I64,2) -> 0 | L64: =ROUND(F64*I64,2) -> 0 | M64: =K64+L64 -> 0 | N64: =J64-M64 -> 13688.69 | O64: =IF((M64/J64)=0," ",(M64/J64)*100) | P64: =IF((N64/J64)=0," ",(N64/J64)*100) -> 100
A65: 02.01.002 | B65: Carga mecânica de material de 1ª categoria | C65: m3 | D65: 2479.84 | G65: =E65+F65 -> 0 | H65: =D65-G65 -> 2479.84 | I65: 1.18 | J65: =ROUND(D65*I65,2) -> 2926.21 | K65: =ROUND(E65*I65,2) -> 0 | L65: =ROUND(F65*I65,2) -> 0 | M65: =K65+L65 -> 0 | N65: =J65-M65 -> 2926.21 | O65: =IF((M65/J65)=0," ",(M65/J65)*100) | P65: =IF((N65/J65)=0," ",(N65/J65)*100) -> 100
A66: 02.01.003 | B66: Descarte de resíduos da construção civil em área licenciada | C66: t | D66: 3719.75 | G66: =E66+F66 -> 0 | H66: =D66-G66 -> 3719.75 | I66: 36.1 | J66: =ROUND(D66*I66,2) -> 134282.98 | K66: =ROUND(E66*I66,2) -> 0 | L66: =ROUND(F66*I66,2) -> 0 | M66: =K66+L66 -> 0 | N66: =J66-M66 -> 134282.98 | O66: =IF((M66/J66)=0," ",(M66/J66)*100) | P66: =IF((N66/J66)=0," ",(N66/J66)*100) -> 100
A67: 02.01.004 | B67: Transporte comercial com caminhão basculante de 10m³, em rodovia pavimentada (densidade=1,5t/m³)( SICRO 5914389) | C67: tkm | D67: 65467.64 | G67: =E67+F67 -> 0 | H67: =D67-G67 -> 65467.64 | I67: 0.71 | J67: =ROUND(D67*I67,2) -> 46482.02 | K67: =ROUND(E67*I67,2) -> 0 | L67: =ROUND(F67*I67,2) -> 0 | M67: =K67+L67 -> 0 | N67: =J67-M67 -> 46482.02 | O67: =IF((M67/J67)=0," ",(M67/J67)*100) | P67: =IF((N67/J67)=0," ",(N67/J67)*100) -> 100
A68: 02.02 | B68: MOVIMENTAÇÃO DE TERRA | G68: =E68+F68 -> 0 | J68: =SUM(J69:J76) -> 1454279.9 | K68: =SUM(K69:K76) -> 0 | L68: =SUM(L69:L76) -> 0 | M68: =SUM(M69:M76) -> 0 | N68: =SUM(N69:N76) -> 1454279.9 | O68: =IF((M68/J68)=0," ",(M68/J68)*100) | P68: =IF((N68/J68)=0," ",(N68/J68)*100) -> 100
A69: 02.02.001 | B69: Locação de serviços de terraplenagem de obras civis | C69: m2 | D69: 19838.68 | G69: =E69+F69 -> 0 | H69: =D69-G69 -> 19838.68 | I69: 1.62 | J69: =ROUND(D69*I69,2) -> 32138.66 | K69: =ROUND(E69*I69,2) -> 0 | L69: =ROUND(F69*I69,2) -> 0 | M69: =K69+L69 -> 0 | N69: =J69-M69 -> 32138.66 | O69: =IF((M69/J69)=0," ",(M69/J69)*100) | P69: =IF((N69/J69)=0," ",(N69/J69)*100) -> 100
A70: 02.02.002 | B70: Escavação, carga e transporte de material de 1ª categoria, dmt 51 a 200m (SICRO 5501875) | C70: m3 | D70: 3446.53 | G70: =E70+F70 -> 0 | H70: =D70-G70 -> 3446.53 | I70: 10.16 | J70: =ROUND(D70*I70,2) -> 35016.74 | K70: =ROUND(E70*I70,2) -> 0 | L70: =ROUND(F70*I70,2) -> 0 | M70: =K70+L70 -> 0 | N70: =J70-M70 -> 35016.74 | O70: =IF((M70/J70)=0," ",(M70/J70)*100) | P70: =IF((N70/J70)=0," ",(N70/J70)*100) -> 100
A71: 02.02.003 | B71: Areia fina adquirida em jazida (Terra Dura - Pedro Henrrique), inclusive carga, exclusive transporte | C71: m3 | D71: 10440.58 | G71: =E71+F71 -> 0 | H71: =D71-G71 -> 10440.58 | I71: 21.66 | J71: =ROUND(D71*I71,2) -> 226142.96 | K71: =ROUND(E71*I71,2) -> 0 | L71: =ROUND(F71*I71,2) -> 0 | M71: =K71+L71 -> 0 | N71: =J71-M71 -> 226142.96 | O71: =IF((M71/J71)=0," ",(M71/J71)*100) | P71: =IF((N71/J71)=0," ",(N71/J71)*100) -> 100
A72: 02.02.004 | B72: Transporte comercial com caminhão basculante de 10m³, em rodovia pavimentada (densidade=1,5t/m³)( SICRO 5914389) | C72: tkm | D72: 239611.31 | G72: =E72+F72 -> 0 | H72: =D72-G72 -> 239611.31 | I72: 0.71 | J72: =ROUND(D72*I72,2) -> 170124.03 | K72: =ROUND(E72*I72,2) -> 0 | L72: =ROUND(F72*I72,2) -> 0 | M72: =K72+L72 -> 0 | N72: =J72-M72 -> 170124.03 | O72: =IF((M72/J72)=0," ",(M72/J72)*100) | P72: =IF((N72/J72)=0," ",(N72/J72)*100) -> 100
A73: 02.02.005 | B73: Argila, argila vermelha ou argila arenosa (retirada na jazida, sem transporte) | C73: m3 | D73: 15660.87 | G73: =E73+F73 -> 0 | H73: =D73-G73 -> 15660.87 | I73: 34.9 | J73: =ROUND(D73*I73,2) -> 546564.36 | K73: =ROUND(E73*I73,2) -> 0 | L73: =ROUND(F73*I73,2) -> 0 | M73: =K73+L73 -> 0 | N73: =J73-M73 -> 546564.36 | O73: =IF((M73/J73)=0," ",(M73/J73)*100) | P73: =IF((N73/J73)=0," ",(N73/J73)*100) -> 100
A74: 02.02.006 | B74: Transporte comercial com caminhão basculante de 10m³, em rodovia pavimentada (densidade=1,5t/m³)( SICRO 5914389) | C74: tkm | D74: 359416.97 | G74: =E74+F74 -> 0 | H74: =D74-G74 -> 359416.97 | I74: 0.71 | J74: =ROUND(D74*I74,2) -> 255186.05 | K74: =ROUND(E74*I74,2) -> 0 | L74: =ROUND(F74*I74,2) -> 0 | M74: =K74+L74 -> 0 | N74: =J74-M74 -> 255186.05 | O74: =IF((M74/J74)=0," ",(M74/J74)*100) | P74: =IF((N74/J74)=0," ",(N74/J74)*100) -> 100
A75: 02.02.007 | B75: Espalhamento de material de 1ª categoria c/ trator esteira Cat - D-6 ou similar | C75: m3 | D75: 29547.99 | G75: =E75+F75 -> 0 | H75: =D75-G75 -> 29547.99 | I75: 0.55 | J75: =ROUND(D75*I75,2) -> 16251.39 | K75: =ROUND(E75*I75,2) -> 0 | L75: =ROUND(F75*I75,2) -> 0 | M75: =K75+L75 -> 0 | N75: =J75-M75 -> 16251.39 | O75: =IF((M75/J75)=0," ",(M75/J75)*100) | P75: =IF((N75/J75)=0," ",(N75/J75)*100) -> 100
A76: 02.02.008 | B76: Compactação de aterros, com rolo vibratório pé de carneiro, a 100% do proctor normal( SICRO 5502978) | C76: m3 | D76: 29547.99 | G76: =E76+F76 -> 0 | H76: =D76-G76 -> 29547.99 | I76: 5.85 | J76: =ROUND(D76*I76,2) -> 172855.74 | K76: =ROUND(E76*I76,2) -> 0 | L76: =ROUND(F76*I76,2) -> 0 | M76: =K76+L76 -> 0 | N76: =J76-M76 -> 172855.74 | O76: =IF((M76/J76)=0," ",(M76/J76)*100) | P76: =IF((N76/J76)=0," ",(N76/J76)*100) -> 100
A77: 02.03 | B77: DRENAGEM | G77: =E77+F77 -> 0 | J77: =SUM(J78:J95) -> 741043.26 | K77: =SUM(K78:K95) -> 0 | L77: =SUM(L78:L95) -> 0 | M77: =SUM(M78:M95) -> 0 | N77: =SUM(N78:N95) -> 741043.26 | O77: =IF((M77/J77)=0," ",(M77/J77)*100) | P77: =IF((N77/J77)=0," ",(N77/J77)*100) -> 100
A78: 02.03.001 | B78: Locação de rede de drenagem | C78: m | D78: 1383.56 | G78: =E78+F78 -> 0 | H78: =D78-G78 -> 1383.56 | I78: 1.99 | J78: =ROUND(D78*I78,2) -> 2753.28 | K78: =ROUND(E78*I78,2) -> 0 | L78: =ROUND(F78*I78,2) -> 0 | M78: =K78+L78 -> 0 | N78: =J78-M78 -> 2753.28 | O78: =IF((M78/J78)=0," ",(M78/J78)*100) | P78: =IF((N78/J78)=0," ",(N78/J78)*100) -> 100
A79: 02.03.002 | B79: Sinalização Diurna com Tela tapume em pvc - 10 usos | C79: m | D79: 1383.56 | G79: =E79+F79 -> 0 | H79: =D79-G79 -> 1383.56 | I79: 5.73 | J79: =ROUND(D79*I79,2) -> 7927.8 | K79: =ROUND(E79*I79,2) -> 0 | L79: =ROUND(F79*I79,2) -> 0 | M79: =K79+L79 -> 0 | N79: =J79-M79 -> 7927.8 | O79: =IF((M79/J79)=0," ",(M79/J79)*100) | P79: =IF((N79/J79)=0," ",(N79/J79)*100) -> 100
A80: 02.03.003 | B80: Caixa de passagem em alvenaria de tijolos maciços esp. = 0,12m, dim. int. = 0.60 x 0.60 x 0.80m | C80: un | D80: 59 | G80: =E80+F80 -> 0 | H80: =D80-G80 -> 59 | I80: 634.02 | J80: =ROUND(D80*I80,2) -> 37407.18 | K80: =ROUND(E80*I80,2) -> 0 | L80: =ROUND(F80*I80,2) -> 0 | M80: =K80+L80 -> 0 | N80: =J80-M80 -> 37407.18 | O80: =IF((M80/J80)=0," ",(M80/J80)*100) | P80: =IF((N80/J80)=0," ",(N80/J80)*100) -> 100
A81: 02.03.004 | B81: Caixa de passagem em alvenaria de tijolos maciços esp. = 0,12m, dim. int. = 0.60 x 0.60 x 1,00m | C81: un | D81: 21 | G81: =E81+F81 -> 0 | H81: =D81-G81 -> 21 | I81: 738.14 | J81: =ROUND(D81*I81,2) -> 15500.94 | K81: =ROUND(E81*I81,2) -> 0 | L81: =ROUND(F81*I81,2) -> 0 | M81: =K81+L81 -> 0 | N81: =J81-M81 -> 15500.94 | O81: =IF((M81/J81)=0," ",(M81/J81)*100) | P81: =IF((N81/J81)=0," ",(N81/J81)*100) -> 100
A82: 02.03.005 | B82: Boca de lobo simples, em alvenaria de tijolos maciços esp . = 0,18m, altura entre 1,01 e 1,50m - R1 | C82: un | D82: 24 | G82: =E82+F82 -> 0 | H82: =D82-G82 -> 24 | I82: 2510.1 | J82: =ROUND(D82*I82,2) -> 60242.4 | K82: =ROUND(E82*I82,2) -> 0 | L82: =ROUND(F82*I82,2) -> 0 | M82: =K82+L82 -> 0 | N82: =J82-M82 -> 60242.4 | O82: =IF((M82/J82)=0," ",(M82/J82)*100) | P82: =IF((N82/J82)=0," ",(N82/J82)*100) -> 100
A83: 02.03.006 | B83: Escavação com retro-escavadeira de pneus, de valas, em material de 1ª categoria até 1,50m de profundidade | C83: m3 | D83: 1426.79 | G83: =E83+F83 -> 0 | H83: =D83-G83 -> 1426.79 | I83: 12.15 | J83: =ROUND(D83*I83,2) -> 17335.5 | K83: =ROUND(E83*I83,2) -> 0 | L83: =ROUND(F83*I83,2) -> 0 | M83: =K83+L83 -> 0 | N83: =J83-M83 -> 17335.5 | O83: =IF((M83/J83)=0," ",(M83/J83)*100) | P83: =IF((N83/J83)=0," ",(N83/J83)*100) -> 100
A84: 02.03.007 | B84: Compactação manual com placa vibratória sem controle do grau de compactação | C84: m3 | D84: 1161.32 | G84: =E84+F84 -> 0 | H84: =D84-G84 -> 1161.32 | I84: 12.19 | J84: =ROUND(D84*I84,2) -> 14156.49 | K84: =ROUND(E84*I84,2) -> 0 | L84: =ROUND(F84*I84,2) -> 0 | M84: =K84+L84 -> 0 | N84: =J84-M84 -> 14156.49 | O84: =IF((M84/J84)=0," ",(M84/J84)*100) | P84: =IF((N84/J84)=0," ",(N84/J84)*100) -> 100
A85: 02.03.008 | B85: Reaterro mecanizado de vala com retroescavadeira (capacidade da caçamba da retro: 0,26 m³/potência: 88 hp), largura até 0,8 m, profundidade de 1,5 a 3,0 m, com solo (sem substituição) de 1ª categoria, com placa vibratória. af_08/2023 | C85: m3 | D85: 1156.02 | G85: =E85+F85 -> 0 | H85: =D85-G85 -> 1156.02 | I85: 12.83 | J85: =ROUND(D85*I85,2) -> 14831.74 | K85: =ROUND(E85*I85,2) -> 0 | L85: =ROUND(F85*I85,2) -> 0 | M85: =K85+L85 -> 0 | N85: =J85-M85 -> 14831.74 | O85: =IF((M85/J85)=0," ",(M85/J85)*100) | P85: =IF((N85/J85)=0," ",(N85/J85)*100) -> 100
A86: 02.03.009 | B86: Concreto magro para lastro, traço 1:4,5:4,5 (em massa seca de cimento/ areia média/ brita 1) - preparo mecânico com betoneira 400 l. af_05/2021 | C86: m3 | D86: 34.84 | G86: =E86+F86 -> 0 | H86: =D86-G86 -> 34.84 | I86: 503.5 | J86: =ROUND(D86*I86,2) -> 17541.94 | K86: =ROUND(E86*I86,2) -> 0 | L86: =ROUND(F86*I86,2) -> 0 | M86: =K86+L86 -> 0 | N86: =J86-M86 -> 17541.94 | O86: =IF((M86/J86)=0," ",(M86/J86)*100) | P86: =IF((N86/J86)=0," ",(N86/J86)*100) -> 100
A87: 02.03.010 | B87: Carga mecânica de material de 1ª categoria | C87: m3 | D87: 352 | G87: =E87+F87 -> 0 | H87: =D87-G87 -> 352 | I87: 1.18 | J87: =ROUND(D87*I87,2) -> 415.36 | K87: =ROUND(E87*I87,2) -> 0 | L87: =ROUND(F87*I87,2) -> 0 | M87: =K87+L87 -> 0 | N87: =J87-M87 -> 415.36 | O87: =IF((M87/J87)=0," ",(M87/J87)*100) | P87: =IF((N87/J87)=0," ",(N87/J87)*100) -> 100
A88: 02.03.011 | B88: Descarte de resíduos da construção civil em área licenciada | C88: t | D88: 528 | G88: =E88+F88 -> 0 | H88: =D88-G88 -> 528 | I88: 36.1 | J88: =ROUND(D88*I88,2) -> 19060.8 | K88: =ROUND(E88*I88,2) -> 0 | L88: =ROUND(F88*I88,2) -> 0 | M88: =K88+L88 -> 0 | N88: =J88-M88 -> 19060.8 | O88: =IF((M88/J88)=0," ",(M88/J88)*100) | P88: =IF((N88/J88)=0," ",(N88/J88)*100) -> 100
A89: 02.03.012 | B89: Transporte comercial com caminhão basculante de 10m³, em rodovia pavimentada (densidade=1,5t/m³)( SICRO 5914389) | C89: tkm | D89: 9292.78 | G89: =E89+F89 -> 0 | H89: =D89-G89 -> 9292.78 | I89: 0.71 | J89: =ROUND(D89*I89,2) -> 6597.87 | K89: =ROUND(E89*I89,2) -> 0 | L89: =ROUND(F89*I89,2) -> 0 | M89: =K89+L89 -> 0 | N89: =J89-M89 -> 6597.87 | O89: =IF((M89/J89)=0," ",(M89/J89)*100) | P89: =IF((N89/J89)=0," ",(N89/J89)*100) -> 100
... A95: 02.03.018 | B95: Poço de visita em alvenaria tij. maciços esp. = 0,20m, dim. int. = 1.50 x 1.50 x 2.40m, laje sup.c.a. esp. = 0,15m, inclusive tampão td-600 - R1 | C95: un | D95: 17 | G95: =E95+F95 -> 0 | H95: =D95-G95 -> 17 | I95: 7201.46 | J95: =ROUND(D95*I95,2) -> 122424.82 | K95: =ROUND(E95*I95,2) -> 0 | L95: =ROUND(F95*I95,2) -> 0 | M95: =K95+L95 -> 0 | N95: =J95-M95 -> 122424.82 | O95: =IF((M95/J95)=0," ",(M95/J95)*100) | P95: =IF((N95/J95)=0," ",(N95/J95)*100) -> 100
A96: 02.04 | B96: REDE DE ABASTECIMENTO DE ÁGUA | G96: =E96+F96 -> 0 | J96: =SUM(J97:J105) -> 96595.1 | K96: =SUM(K97:K105) -> 0 | L96: =SUM(L97:L105) -> 0 | M96: =SUM(M97:M105) -> 0 | N96: =SUM(N97:N105) -> 96595.1 | O96: =IF((M96/J96)=0," ",(M96/J96)*100) | P96: =IF((N96/J96)=0," ",(N96/J96)*100) -> 100
A97: 02.04.001 | B97: Locação de rede de água ou esgoto. af_03/2024 | C97: m | D97: 765.3 | G97: =E97+F97 -> 0 | H97: =D97-G97 -> 765.3 | I97: 9.1 | J97: =ROUND(D97*I97,2) -> 6964.23 | K97: =ROUND(E97*I97,2) -> 0 | L97: =ROUND(F97*I97,2) -> 0 | M97: =K97+L97 -> 0 | N97: =J97-M97 -> 6964.23 | O97: =IF((M97/J97)=0," ",(M97/J97)*100) | P97: =IF((N97/J97)=0," ",(N97/J97)*100) -> 100
A98: 02.04.002 | B98: Fornecimento de tubo de polietileno de alta densidade (pead), PE80, pn12,5 , sdr-11, d= 75mm x 6,9mm - Rev 01_11/2021 | C98: m | D98: 765.3 | G98: =E98+F98 -> 0 | H98: =D98-G98 -> 765.3 | I98: 70.56 | J98: =ROUND(D98*I98,2) -> 53999.57 | K98: =ROUND(E98*I98,2) -> 0 | L98: =ROUND(F98*I98,2) -> 0 | M98: =K98+L98 -> 0 | N98: =J98-M98 -> 53999.57 | O98: =IF((M98/J98)=0," ",(M98/J98)*100) | P98: =IF((N98/J98)=0," ",(N98/J98)*100) -> 100
A99: 02.04.003 | B99: Tubo pvc rígido soldável marrom p/ água, d = 20 mm (1/2") | C99: m | D99: 765.3 | G99: =E99+F99 -> 0 | H99: =D99-G99 -> 765.3 | I99: 14.19 | J99: =ROUND(D99*I99,2) -> 10859.61 | K99: =ROUND(E99*I99,2) -> 0 | L99: =ROUND(F99*I99,2) -> 0 | M99: =K99+L99 -> 0 | N99: =J99-M99 -> 10859.61 | O99: =IF((M99/J99)=0," ",(M99/J99)*100) | P99: =IF((N99/J99)=0," ",(N99/J99)*100) -> 100
A100: 02.04.004 | B100: Colar de tomada, pvc, com travas, de 75 mm x 1/2" ou 75 mm x 3/4", para ligação predial de água. af_06/2022 | C100: un | D100: 80 | G100: =E100+F100 -> 0 | H100: =D100-G100 -> 80 | I100: 22.9 | J100: =ROUND(D100*I100,2) -> 1832 | K100: =ROUND(E100*I100,2) -> 0 | L100: =ROUND(F100*I100,2) -> 0 | M100: =K100+L100 -> 0 | N100: =J100-M100 -> 1832 | O100: =IF((M100/J100)=0," ",(M100/J100)*100) | P100: =IF((N100/J100)=0," ",(N100/J100)*100) -> 100
A101: 02.04.005 | B101: Cap de pvc rígido soldável, marrom, diâm = 75mm | C101: un | D101: 6 | G101: =E101+F101 -> 0 | H101: =D101-G101 -> 6 | I101: 28.47 | J101: =ROUND(D101*I101,2) -> 170.82 | K101: =ROUND(E101*I101,2) -> 0 | L101: =ROUND(F101*I101,2) -> 0 | M101: =K101+L101 -> 0 | N101: =J101-M101 -> 170.82 | O101: =IF((M101/J101)=0," ",(M101/J101)*100) | P101: =IF((N101/J101)=0," ",(N101/J101)*100) -> 100
A102: 02.04.006 | B102: Fornecimento de curva 22º 30` de pvc junta elástica, ponta / bolsa, diam. = 75mm | C102: un | D102: 5 | G102: =E102+F102 -> 0 | H102: =D102-G102 -> 5 | I102: 218.25 | J102: =ROUND(D102*I102,2) -> 1091.25 | K102: =ROUND(E102*I102,2) -> 0 | L102: =ROUND(F102*I102,2) -> 0 | M102: =K102+L102 -> 0 | N102: =J102-M102 -> 1091.25 | O102: =IF((M102/J102)=0," ",(M102/J102)*100) | P102: =IF((N102/J102)=0," ",(N102/J102)*100) -> 100
A103: 02.04.007 | B103: Tê 90º de pvc rígido soldável, marrom diâm = 75mm | C103: un | D103: 2 | G103: =E103+F103 -> 0 | H103: =D103-G103 -> 2 | I103: 82.93 | J103: =ROUND(D103*I103,2) -> 165.86 | K103: =ROUND(E103*I103,2) -> 0 | L103: =ROUND(F103*I103,2) -> 0 | M103: =K103+L103 -> 0 | N103: =J103-M103 -> 165.86 | O103: =IF((M103/J103)=0," ",(M103/J103)*100) | P103: =IF((N103/J103)=0," ",(N103/J103)*100) -> 100
A104: 02.04.008 | B104: Cruzeta PVC PBA JE BBBB, para rede de água, DN 75 / DE 85mm - Rev 02 | C104: un | D104: 1 | G104: =E104+F104 -> 0 | H104: =D104-G104 -> 1 | I104: 280.56 | J104: =ROUND(D104*I104,2) -> 280.56 | K104: =ROUND(E104*I104,2) -> 0 | L104: =ROUND(F104*I104,2) -> 0 | M104: =K104+L104 -> 0 | N104: =J104-M104 -> 280.56 | O104: =IF((M104/J104)=0," ",(M104/J104)*100) | P104: =IF((N104/J104)=0," ",(N104/J104)*100) -> 100
A105: 02.04.009 | B105: Mureta Pré-Moldada para Ligações Domiciliares de Água | C105: un | D105: 80 | G105: =E105+F105 -> 0 | H105: =D105-G105 -> 80 | I105: 265.39 | J105: =ROUND(D105*I105,2) -> 21231.2 | K105: =ROUND(E105*I105,2) -> 0 | L105: =ROUND(F105*I105,2) -> 0 | M105: =K105+L105 -> 0 | N105: =J105-M105 -> 21231.2 | O105: =IF((M105/J105)=0," ",(M105/J105)*100) | P105: =IF((N105/J105)=0," ",(N105/J105)*100) -> 100
A106: 02.05 | B106: PAVIMENTAÇÃO | J106: =J107+J109+J114+J119+J128+J134 -> 763285.03 | K106: =K107+K109+K114+K119+K129+K134 -> 0 | L106: =L107+L109+L114+L119+L129+L134 -> 0 | M106: =M107+M109+M114+M119+M129+M134 -> 0 | N106: =N107+N109+N114+N119+N129+N134 -> 753425.97 | O106: =IF((M106/J106)=0," ",(M106/J106)*100) | P106: =IF((N106/J106)=0," ",(N106/J106)*100) -> 98.708338
A107: 02.05.001 | B107: REGULARIZAÇÃO | J107: =J108 -> 6352.51 | K107: =K108 -> 0 | L107: =L108 -> 0 | M107: =M108 -> 0 | N107: =N108 -> 6352.51 | O107: =IF((M107/J107)=0," ",(M107/J107)*100) | P107: =IF((N107/J107)=0," ",(N107/J107)*100) -> 100
A108: 02.05.001.001 | B108: Regularização do subleito (SICRO 4011209) | C108: m2 | D108: 4537.51 | H108: =D108-G108 -> 4537.51 | I108: 1.4 | J108: =ROUND(D108*I108,2) -> 6352.51 | K108: =ROUND(E108*J108,2) -> 0 | L108: =ROUND(F108*K108,2) -> 0 | M108: =ROUND(G108*L108,2) -> 0 | N108: =J108-M108 -> 6352.51 | O108: =IF((M108/J108)=0," ",(M108/J108)*100) | P108: =IF((N108/J108)=0," ",(N108/J108)*100) -> 100
A109: 02.05.002 | B109: SUB-BASE | J109: =J111+J113+J112 -> 27684.84 | K109: =K111+K113+K112 -> 0 | L109: =L111+L113+L112 -> 0 | M109: =M111+M113+M112 -> 0 | N109: =N111+N113+N112 -> 27684.84 | O109: =IF((M109/J109)=0," ",(M109/J109)*100) | P109: =IF((N109/J109)=0," ",(N109/J109)*100) -> 100
A110: 02.05.002.001 | B110: AQUISIÇÃO DE MATERIAL | O110: =IF((M110/J110)=0," ",(M110/J110)*100) -> #DIV/0! | P110: =IF((N110/J110)=0," ",(N110/J110)*100) -> #DIV/0!
A111: 02.05.002.002 | B111: Material para sub-base (adquirido solto na jazida) inclusive limpeza da área, corte e carga (posto na caçamba), exclusive transporte (Ruy - Rita Cacete / São Cristóvão) | C111: m3 | D111: 680.59 | G111: =E111+F111 -> 0 | H111: =D111-G111 -> 680.59 | I111: 18.93 | J111: =ROUND(D111*I111,2) -> 12883.57 | K111: =ROUND(E111*I111,2) -> 0 | L111: =ROUND(F111*I111,2) -> 0 | M111: =K111+L111 -> 0 | N111: =J111-M111 -> 12883.57 | O111: =IF((M111/J111)=0," ",(M111/J111)*100) | P111: =IF((N111/J111)=0," ",(N111/J111)*100) -> 100
A112: 02.05.002.003 | B112: Carga mecânica de material de 1ª categoria | C112: m3 | D112: 884.77 | G112: =E112+F112 -> 0 | H112: =D112-G112 -> 884.77 | I112: 1.18 | J112: =ROUND(D112*I112,2) -> 1044.03 | K112: =ROUND(E112*I112,2) -> 0 | L112: =ROUND(F112*I112,2) -> 0 | M112: =K112+L112 -> 0 | N112: =J112-M112 -> 1044.03 | O112: =IF((M112/J112)=0," ",(M112/J112)*100) | P112: =IF((N112/J112)=0," ",(N112/J112)*100) -> 100
A113: 02.05.002.004 | B113: Transporte comercial com caminhão basculante de 10m³, em rodovia pavimentada (densidade=1,5t/m³) | C113: tkm | D113: 19376.4 | G113: =E113+F113 -> 0 | H113: =D113-G113 -> 19376.4 | I113: 0.71 | J113: =ROUND(D113*I113,2) -> 13757.24 | K113: =ROUND(E113*I113,2) -> 0 | L113: =ROUND(F113*I113,2) -> 0 | M113: =K113+L113 -> 0 | N113: =J113-M113 -> 13757.24 | O113: =IF((M113/J113)=0," ",(M113/J113)*100) | P113: =IF((N113/J113)=0," ",(N113/J113)*100) -> 100
A114: 02.05.003 | B114: BASE | J114: =J116+J117+J118 -> 172188.28 | K114: =K116+K117+K118 -> 0 | L114: =L116+L117+L118 -> 0 | M114: =M116+M117+M118 -> 0 | N114: =N116+N117+N118 -> 172188.28 | O114: =IF((M114/J114)=0," ",(M114/J114)*100) | P114: =IF((N114/J114)=0," ",(N114/J114)*100) -> 100
...

Sheet MEMORIAL DE CÁLCULO 01
A1: MEMÓRIA DE CALCULO - 1° MEDIÇÃO CONJUNTO LOURDES AZEVEDO
A2: ITEM | B2: DESCRIÇÃO DO SERVIÇO | C2: Largura | D2: Comprimento | E2: Altura | F2: Quantidade | G2: Total | I2: Unidade | J2: Observação/Justificativa
A3: 01.01 | B3: ADMINISTRAÇÃO DA OBRA
A4: 01.01.001 | B4: Equipe Dirigente | H4: ='BM 01 '!F15 -> 0.0095 | I4: un | J4: medido proporcionalmente
A5: 01.01.002 | B5: Equipamentos de Apoio à Produção | H5: ='BM 01 '!F16 -> 0.0095 | I5: un | J5: medido proporcionalmente
A6: 01.01.003 | B6: Manutenção do Canteiro | H6: ='BM 01 '!F17 -> 0.0095 | I6: un | J6: medido proporcionalmente
A7: 01.02 | B7: MOBILIZAÇÃO E DESMOBILIZAÇÃO
A8: 04.005 | B8: Caminhão Carroceria de madeira 9 t - fonte:DNIT | H8: ='BM 01 '!F19 -> 55.635 | I8: h | J8: medido 50%
A9: 01.03 | B9: SERVIÇOS PRELIMINARES/INSTALAÇÃO CANTEIRO/MOBILIZAÇÃO
A10: 01.03.001.002 | B10: Fornecimento e instalação de placa de obra com chapa galvanizada e estrutura de madeira. af_03/2022_ps | C10: 3 | E10: 2 | F10: 2 | H10: ='BM 01 '!F23 -> 12 | I10: m2 | J10: Instalação da Placa da Obra do Governo e do Municipio
A11: 01.03.004.006 | B11: Tapume em chapa galvanizada nº30, esp=0,35mm, h=2,00m, exclusive pintura | D11: 430 | H11: ='BM 01 '!F34 -> 430 | I11: m | J11: Fechamento Parcial do empreendimento com telha tapume.

Sheet BM 02 
A1: PREFEITURA MUNICIPAL DE SÃO CRISTÓVÃO | D1: BOLETIM DE MEDIÇÃO | F1: N° 02 | G1: Data da Medição: | I1: VALOR CONTRATADO
G2: 45945 | I2: =J437 -> 12360218
A4: SECRETARIA MUNICIPAL DA INFRAESTRUTURA E URBANISMO | D4: Período da Medição: | I4: Contrato n.º | K4: 004/2025
D5: 45901 | E5: a | F5: 45930 | G5: =(F5-D5)+1 -> 30
A6: OBJETO DO CONTRATO: | I6: Data da Assinatura: | K6: 45694 | N6: VISTO:
A7: CONSTRUÇÃO DA 1° ETAPA DO CONJUNTO HABITACIONAL LOURDES AZEVEDO, LOCALIZADO NO BAIRRO EDUARDO GOMES - SÃO CRISTÓVÃO | I7: Ordem de Serviço: | K7: 45833
A9: CONTRATADA: | F9: CNPJ; | I9: Prazo da Execução: | K9: =K7 -> 45833 | L9: 46198 | M9: =((L9-K9)+1)/30 -> 12.2
A10: CONSTRUTORA MVA LTDA | F10: 07.169.379/0001-07 | I10: Prazo da Vigênca: | K10: =K9 -> 45833 | L10: 46198 | M10: =((L10-K10)+1)/30 -> 12.2
A11: Item | B11: Descrição dos Serviços | C11: Unidades | D11: Quantidades | I11: Valores (R$) | O11: Percentuais (%)
D12: Contratada | E12: Acumulado Anterior | F12: Do Período | G12: Acumulado até o Período | H12: Saldo a Medir | I12: Preço Unitário | J12: Valor Contratado | K12: Acumulado Anterior | L12: Do Período | M12: Acumulado até o Período | N12: Saldo a Medir | O12: Até o Período | P12: A Executar
A13: 1 | B13: Administração Local | J13: =J14+J18+J20+J55 -> 1438019 | K13: =K14+K18+K20+K55 -> 105184.38 | L13: =L14+L18+L20+L55 -> 26543.94 | M13: =M14+M18+M20+M55 -> 131728.32 | N13: =N14+N18+N20+N55 -> 1306290.6 | O13: =IF((M13/J13)=0," ",(M13/J13)*100) -> 9.1604022 | P13: =IF((N13/J13)=0," ",(N13/J13)*100) -> 90.839598
A14: 01.01 | B14: ADMINISTRAÇÃO DA OBRA | J14: =J15+J16+J17 -> 731541.41 | K14: =K15+K16+K17 -> 6949.64 | L14: =L15+L16+L17 -> 5193.94 | M14: =M15+M16+M17 -> 12143.58 | N14: =N15+N16+N17 -> 719397.83
A15: 01.01.001 | B15: Equipe Dirigente | C15: un | D15: 1 | E15: ='BM 01 '!G15 -> 0.0095 | F15: 0.0071 | G15: =E15+F15 -> 0.0166 | H15: =D15-G15 -> 0.9834 | I15: 707205.69 | J15: =ROUND(D15*I15,2) -> 707205.69 | K15: =ROUND(E15*I15,2) -> 6718.45 | L15: =ROUND(F15*I15,2) -> 5021.16 | M15: =K15+L15 -> 11739.61 | N15: =J15-M15 -> 695466.08 | O15: =IF((M15/J15)=0," ",(M15/J15)*100) -> 1.6599994 | P15: =IF((N15/J15)=0," ",(N15/J15)*100) -> 98.340001
A16: 01.01.002 | B16: Equipamentos de Apoio à Produção | C16: un | D16: 1 | E16: ='BM 01 '!G16 -> 0.0095 | F16: 0.0071 | G16: =E16+F16 -> 0.0166 | H16: =D16-G16 -> 0.9834 | I16: 13478.08 | J16: =ROUND(D16*I16,2) -> 13478.08 | K16: =ROUND(E16*I16,2) -> 128.04 | L16: =ROUND(F16*I16,2) -> 95.69 | M16: =K16+L16 -> 223.73 | N16: =J16-M16 -> 13254.35 | O16: =IF((M16/J16)=0," ",(M16/J16)*100) -> 1.6599545 | P16: =IF((N16/J16)=0," ",(N16/J16)*100) -> 98.340045
A17: 01.01.003 | B17: Manutenção do Canteiro | C17: un | D17: 1 | E17: ='BM 01 '!G17 -> 0.0095 | F17: 0.0071 | G17: =E17+F17 -> 0.0166 | H17: =D17-G17 -> 0.9834 | I17: 10857.64 | J17: =ROUND(D17*I17,2) -> 10857.64 | K17: =ROUND(E17*I17,2) -> 103.15 | L17: =ROUND(F17*I17,2) -> 77.09 | M17: =K17+L17 -> 180.24 | N17: =J17-M17 -> 10677.4 | O17: =IF((M17/J17)=0," ",(M17/J17)*100) -> 1.6600293 | P17: =IF((N17/J17)=0," ",(N17/J17)*100) -> 98.339971
A18: 01.02 | B18: MOBILIZAÇÃO E DESMOBILIZAÇÃO | J18: =J19 -> 12859.47 | K18: =K19 -> 6429.74 | L18: =L19 -> 0 | M18: =M19 -> 6429.74 | N18: =N19 -> 6429.73 | O18: =IF((M18/J18)=0," ",(M18/J18)*100) -> 50.000039 | P18: =IF((N18/J18)=0," ",(N18/J18)*100) -> 49.999961
A19: 01.02.001 | B19: Caminhão Carroceria de madeira 9 t - fonte:DNIT | C19: h | D19: 111.27 | E19: ='BM 01 '!G19 -> 55.635 | G19: =E19+F19 -> 55.635 | H19: =D19-G19 -> 55.635 | I19: 115.57 | J19: =ROUND(D19*I19,2) -> 12859.47 | K19: =ROUND(E19*I19,2) -> 6429.74 | L19: =ROUND(F19*I19,2) -> 0 | M19: =K19+L19 -> 6429.74 | N19: =J19-M19 -> 6429.73 | O19: =IF((M19/J19)=0," ",(M19/J19)*100) -> 50.000039 | P19: =IF((N19/J19)=0," ",(N19/J19)*100) -> 49.999961
A20: 01.03 | B20: SERVIÇOS PRELIMINARES/INSTALAÇÃO CANTEIRO/MOBILIZAÇÃO | G20: =E20+F20 -> 0 | J20: =J21+J24+J26+J28 -> 574523.54 | K20: =K21+K24+K26+K28 -> 91805 | L20: =L21+L24+L26+L28 -> 21350 | M20: =M21+M24+M26+M28 -> 113155 | N20: =N21+N24+N26+N28 -> 461368.54 | O20: =IF((M20/J20)=0," ",(M20/J20)*100) -> 19.695451 | P20: =IF((N20/J20)=0," ",(N20/J20)*100) -> 80.304549
A21: 01.03.001 | B21: SERVIÇOS PRELIMINARES | J21: =J22+J23 -> 6858.06 | K21: =K22+K23 -> 0 | L21: =SUM(L22:L23) -> 0 | M21: =K21+L21 -> 0 | N21: =J21-M21 -> 6858.06 | O21: =IF((M21/J21)=0," ",(M21/J21)*100) | P21: =IF((N21/J21)=0," ",(N21/J21)*100) -> 100
A22: 01.03.001.001 | B22: Placa de obra em lona com impressão digital 1,50 x 2,00m, inclusive estrutura em metalon 20 x 20cm e escoramento, instalada - Rev 02 - 09/2021 | C22: un | D22: 2 | E22: ='BM 01 '!G22 -> 0 | G22: =E22+F22 -> 0 | H22: =D22-G22 -> 2 | I22: 902.55 | J22: =ROUND(D22*I22,2) -> 1805.1 | K22: =ROUND(E22*I22,2) -> 0 | L22: =ROUND(F22*I22,2) -> 0 | M22: =K22+L22 -> 0 | N22: =J22-M22 -> 1805.1 | O22: =IF((M22/J22)=0," ",(M22/J22)*100) | P22: =IF((N22/J22)=0," ",(N22/J22)*100) -> 100
A23: 01.03.001.002 | B23: Fornecimento e instalação de placa de obra com chapa galvanizada e estrutura de madeira. af_03/2022_ps | C23: m2 | D23: 12 | G23: =E23+F23 -> 0 | H23: =D23-G23 -> 12 | I23: 421.08 | J23: =ROUND(D23*I23,2) -> 5052.96 | K23: =ROUND(E23*I23,2) -> 0 | L23: =ROUND(F23*I23,2) -> 0 | M23: =K23+L23 -> 0 | N23: =J23-M23 -> 5052.96 | O23: =IF((M23/J23)=0," ",(M23/J23)*100) | P23: =IF((N23/J23)=0," ",(N23/J23)*100) -> 100
A24: 01.03.002 | B24: Locação de Obra - Casas Tipo 01 | E24: ='BM 01 '!G24 -> 0 | G24: =E24+F24 -> 0 | H24: =D24-G24 -> 0 | J24: =J25 -> 40654.87 | K24: =K25 -> 0 | L24: =L25 -> 0 | M24: =M25 -> 0 | N24: =N25 -> 40654.87 | O24: =IF((M24/J24)=0," ",(M24/J24)*100) | P24: =IF((N24/J24)=0," ",(N24/J24)*100) -> 100
A25: 01.03.002.001 | B25: Locação de construção de edificação até 200m2, inclusive execução de gabarito de madeira | C25: m2 | D25: 3699.26 | E25: ='BM 01 '!G25 -> 0 | G25: =E25+F25 -> 0 | H25: =D25-G25 -> 3699.26 | I25: 10.99 | J25: =ROUND(D25*I25,2) -> 40654.87 | K25: =ROUND(E25*I25,2) -> 0 | L25: =ROUND(F25*I25,2) -> 0 | M25: =K25+L25 -> 0 | N25: =J25-M25 -> 40654.87 | O25: =IF((M25/J25)=0," ",(M25/J25)*100) | P25: =IF((N25/J25)=0," ",(N25/J25)*100) -> 100
A26: 01.03.003 | B26: Locação de Obra - Casas Tipo 02 | E26: ='BM 01 '!G26 -> 0 | G26: =E26+F26 -> 0 | H26: =D26-G26 -> 0 | J26: =J27 -> 3474.38 | K26: =K27 -> 0 | L26: =L27 -> 0 | M26: =M27 -> 0 | N26: =N27 -> 3474.38 | O26: =IF((M26/J26)=0," ",(M26/J26)*100) | P26: =IF((N26/J26)=0," ",(N26/J26)*100) -> 100
A27: 01.03.003.001 | B27: Locação de construção de edificação até 200m2, inclusive execução de gabarito de madeira | C27: m2 | D27: 316.14 | E27: ='BM 01 '!G27 -> 0 | G27: =E27+F27 -> 0 | H27: =D27-G27 -> 316.14 | I27: 10.99 | J27: =ROUND(D27*I27,2) -> 3474.38 | K27: =ROUND(E27*I27,2) -> 0 | L27: =ROUND(F27*I27,2) -> 0 | M27: =K27+L27 -> 0 | N27: =J27-M27 -> 3474.38 | O27: =IF((M27/J27)=0," ",(M27/J27)*100) | P27: =IF((N27/J27)=0," ",(N27/J27)*100) -> 100
A28: 01.03.004 | B28: INSTALAÇÃO DO CANTEIRO | E28: ='BM 01 '!G28 -> 0 | G28: =E28+F28 -> 0 | H28: =D28-G28 -> 0 | J28: =SUM(J29:J54) -> 523536.23 | K28: =SUM(K29:K54) -> 91805 | L28: =SUM(L29:L54) -> 21350 | M28: =SUM(M29:M54) -> 113155 | N28: =SUM(N29:N54) -> 410381.23 | O28: =IF((M28/J28)=0," ",(M28/J28)*100) -> 21.613595 | P28: =IF((N28/J28)=0," ",(N28/J28)*100) -> 78.386405
A29: 01.03.004.001 | B29: Barracão para Obras de Médio Porte Reaproveitamento 2 vezes | C29: m2 | D29: 80 | E29: ='BM 01 '!G29 -> 0 | G29: =E29+F29 -> 0 | H29: =D29-G29 -> 80 | I29: 289.31 | J29: =ROUND(D29*I29,2) -> 23144.8 | K29: =ROUND(E29*I29,2) -> 0 | L29: =ROUND(F29*I29,2) -> 0 | M29: =K29+L29 -> 0 | N29: =J29-M29 -> 23144.8 | O29: =IF((M29/J29)=0," ",(M29/J29)*100) | P29: =IF((N29/J29)=0," ",(N29/J29)*100) -> 100
A30: 01.03.004.002 | B30: Barracão para escritório de obra porte pequeno s=25,41m2 com materiais novos | C30: un | D30: 1 | E30: ='BM 01 '!G30 -> 0 | G30: =E30+F30 -> 0 | H30: =D30-G30 -> 1 | I30: 18137.15 | J30: =ROUND(D30*I30,2) -> 18137.15 | K30: =ROUND(E30*I30,2) -> 0 | L30: =ROUND(F30*I30,2) -> 0 | M30: =K30+L30 -> 0 | N30: =J30-M30 -> 18137.15 | O30: =IF((M30/J30)=0," ",(M30/J30)*100) | P30: =IF((N30/J30)=0," ",(N30/J30)*100) -> 100
A31: 01.03.004.003 | B31: Instalação provisória de energia elétrica, aerea, trifasica, em poste galvanizado, exclusive fornecimento do medidor | C31: un | D31: 1 | E31: ='BM 01 '!G31 -> 0 | G31: =E31+F31 -> 0 | H31: =D31-G31 -> 1 | I31: 1886.97 | J31: =ROUND(D31*I31,2) -> 1886.97 | K31: =ROUND(E31*I31,2) -> 0 | L31: =ROUND(F31*I31,2) -> 0 | M31: =K31+L31 -> 0 | N31: =J31-M31 -> 1886.97 | O31: =IF((M31/J31)=0," ",(M31/J31)*100) | P31: =IF((N31/J31)=0," ",(N31/J31)*100) -> 100
A32: 01.03.004.004 | B32: Ligação Predial de Água em Mureta de Concreto, Provisória ou Definitiva, com Fornecimento de Material, inclusive Mureta e Hidrômetro, Rede DN 50mm - Rev 03_10/2022 | C32: UN | D32: 1 | E32: ='BM 01 '!G32 -> 0 | G32: =E32+F32 -> 0 | H32: =D32-G32 -> 1 | I32: 652.4 | J32: =ROUND(D32*I32,2) -> 652.4 | K32: =ROUND(E32*I32,2) -> 0 | L32: =ROUND(F32*I32,2) -> 0 | M32: =K32+L32 -> 0 | N32: =J32-M32 -> 652.4 | O32: =IF((M32/J32)=0," ",(M32/J32)*100) | P32: =IF((N32/J32)=0," ",(N32/J32)*100) -> 100
A33: 01.03.004.005 | B33: Aluguel de banheiro químico, com 03 limpezas semanais | C33: mês | D33: 44 | E33: ='BM 01 '!G33 -> 0 | G33: =E33+F33 -> 0 | H33: =D33-G33 -> 44 | I33: 644.07 | J33: =ROUND(D33*I33,2) -> 28339.08 | K33: =ROUND(E33*I33,2) -> 0 | L33: =ROUND(F33*I33,2) -> 0 | M33: =K33+L33 -> 0 | N33: =J33-M33 -> 28339.08 | O33: =IF((M33/J33)=0," ",(M33/J33)*100) | P33: =IF((N33/J33)=0," ",(N33/J33)*100) -> 100
A34: 01.03.004.006 | B34: Tapume em chapa galvanizada nº30, esp=0,35mm, h=2,00m, exclusive pintura | C34: m | D34: 912.28 | E34: ='BM 01 '!G34 -> 430 | F34: 100 | G34: =E34+F34 -> 530 | H34: =D34-G34 -> 382.28 | I34: 213.5 | J34: =ROUND(D34*I34,2) -> 194771.78 | K34: =ROUND(E34*I34,2) -> 91805 | L34: =ROUND(F34*I34,2) -> 21350 | M34: =K34+L34 -> 113155 | N34: =J34-M34 -> 81616.78 | O34: =IF((M34/J34)=0," ",(M34/J34)*100) -> 58.096199 | P34: =IF((N34/J34)=0," ",(N34/J34)*100) -> 41.903801
A35: 01.03.004.007 | B35: Sondagem a trado para Estudo de Jazida | C35: m | D35: 100 | E35: ='BM 01 '!G35 -> 0 | G35: =E35+F35 -> 0 | H35: =D35-G35 -> 100 | I35: 120.34 | J35: =ROUND(D35*I35,2) -> 12034 | K35: =ROUND(E35*I35,2) -> 0 | L35: =ROUND(F35*I35,2) -> 0 | M35: =K35+L35 -> 0 | N35: =J35-M35 -> 12034 | O35: =IF((M35/J35)=0," ",(M35/J35)*100) | P35: =IF((N35/J35)=0," ",(N35/J35)*100) -> 100
A36: 01.03.004.008 | B36: Sondagem a percussão | C36: m | D36: 124 | E36: ='BM 01 '!G36 -> 0 | G36: =E36+F36 -> 0 | H36: =D36-G36 -> 124 | I36: 186.53 | J36: =ROUND(D36*I36,2) -> 23129.72 | K36: =ROUND(E36*I36,2) -> 0 | L36: =ROUND(F36*I36,2) -> 0 | M36: =K36+L36 -> 0 | N36: =J36-M36 -> 23129.72 | O36: =IF((M36/J36)=0," ",(M36/J36)*100) | P36: =IF((N36/J36)=0," ",(N36/J36)*100) -> 100
A37: 01.03.004.009 | B37: Ensaio - Granulometria combinada (peneiramento + sedimentação) | C37: un | D37: 5 | E37: ='BM 01 '!G37 -> 0 | G37: =E37+F37 -> 0 | H37: =D37-G37 -> 5 | I37: 746.11 | J37: =ROUND(D37*I37,2) -> 3730.55 | K37: =ROUND(E37*I37,2) -> 0 | L37: =ROUND(F37*I37,2) -> 0 | M37: =K37+L37 -> 0 | N37: =J37-M37 -> 3730.55 | O37: =IF((M37/J37)=0," ",(M37/J37)*100) | P37: =IF((N37/J37)=0," ",(N37/J37)*100) -> 100
A38: 01.03.004.010 | B38: Ensaio - Granulometria por peneiramento | C38: un | D38: 24 | E38: ='BM 01 '!G38 -> 0 | G38: =E38+F38 -> 0 | H38: =D38-G38 -> 24 | I38: 198.56 | J38: =ROUND(D38*I38,2) -> 4765.44 | K38: =ROUND(E38*I38,2) -> 0 | L38: =ROUND(F38*I38,2) -> 0 | M38: =K38+L38 -> 0 | N38: =J38-M38 -> 4765.44 | O38: =IF((M38/J38)=0," ",(M38/J38)*100) | P38: =IF((N38/J38)=0," ",(N38/J38)*100) -> 100
A39: 01.03.004.011 | B39: Ensaio - Compactação Proctor Normal com reuso de material (6 pontos) | C39: un | D39: 32 | E39: ='BM 01 '!G39 -> 0 | G39: =E39+F39 -> 0 | H39: =D39-G39 -> 32 | I39: 264.75 | J39: =ROUND(D39*I39,2) -> 8472 | K39: =ROUND(E39*I39,2) -> 0 | L39: =ROUND(F39*I39,2) -> 0 | M39: =K39+L39 -> 0 | N39: =J39-M39 -> 8472 | O39: =IF((M39/J39)=0," ",(M39/J39)*100) | P39: =IF((N39/J39)=0," ",(N39/J39)*100) -> 100
A40: 01.03.004.012 | B40: Ensaio - Índice de Suporte Califórnia - CBR | C40: un | D40: 19 | E40: ='BM 01 '!G40 -> 0 | G40: =E40+F40 -> 0 | H40: =D40-G40 -> 19 | I40: 342.97 | J40: =ROUND(D40*I40,2) -> 6516.43 | K40: =ROUND(E40*I40,2) -> 0 | L40: =ROUND(F40*I40,2) -> 0 | M40: =K40+L40 -> 0 | N40: =J40-M40 -> 6516.43 | O40: =IF((M40/J40)=0," ",(M40/J40)*100) | P40: =IF((N40/J40)=0," ",(N40/J40)*100) -> 100
A41: 01.03.004.013 | B41: Ensaio - Limite de liquidez | C41: un | D41: 29 | E41: ='BM 01 '!G41 -> 0 | G41: =E41+F41 -> 0 | H41: =D41-G41 -> 29 | I41: 198.56 | J41: =ROUND(D41*I41,2) -> 5758.24 | K41: =ROUND(E41*I41,2) -> 0 | L41: =ROUND(F41*I41,2) -> 0 | M41: =K41+L41 -> 0 | N41: =J41-M41 -> 5758.24 | O41: =IF((M41/J41)=0," ",(M41/J41)*100) | P41: =IF((N41/J41)=0," ",(N41/J41)*100) -> 100
A42: 01.03.004.014 | B42: Ensaio - Limite de plasticidade | C42: un | D42: 29 | E42: ='BM 01 '!G42 -> 0 | G42: =E42+F42 -> 0 | H42: =D42-G42 -> 29 | I42: 198.56 | J42: =ROUND(D42*I42,2) -> 5758.24 | K42: =ROUND(E42*I42,2) -> 0 | L42: =ROUND(F42*I42,2) -> 0 | M42: =K42+L42 -> 0 | N42: =J42-M42 -> 5758.24 | O42: =IF((M42/J42)=0," ",(M42/J42)*100) | P42: =IF((N42/J42)=0," ",(N42/J42)*100) -> 100
A43: 01.03.004.015 | B43: Ensaio - Equivalente de Areia | C43: un | D43: 6 | E43: ='BM 01 '!G43 -> 0 | G43: =E43+F43 -> 0 | H43: =D43-G43 -> 6 | I43: 210.59 | J43: =ROUND(D43*I43,2) -> 1263.54 | K43: =ROUND(E43*I43,2) -> 0 | L43: =ROUND(F43*I43,2) -> 0 | M43: =K43+L43 -> 0 | N43: =J43-M43 -> 1263.54 | O43: =IF((M43/J43)=0," ",(M43/J43)*100) | P43: =IF((N43/J43)=0," ",(N43/J43)*100) -> 100
A44: 01.03.004.016 | B44: Ensaio - Determinação da massa aparente in situ do solo | C44: un | D44: 48 | E44: ='BM 01 '!G44 -> 0 | G44: =E44+F44 -> 0 | H44: =D44-G44 -> 48 | I44: 172.87 | J44: =ROUND(D44*I44,2) -> 8297.76 | K44: =ROUND(E44*I44,2) -> 0 | L44: =ROUND(F44*I44,2) -> 0 | M44: =K44+L44 -> 0 | N44: =J44-M44 -> 8297.76 | O44: =IF((M44/J44)=0," ",(M44/J44)*100) | P44: =IF((N44/J44)=0," ",(N44/J44)*100) -> 100
A45: 01.03.004.017 | B45: Ensaio - Impureza orgânica | C45: un | D45: 13 | E45: ='BM 01 '!G45 -> 0 | G45: =E45+F45 -> 0 | H45: =D45-G45 -> 13 | I45: 185.14 | J45: =ROUND(D45*I45,2) -> 2406.82 | K45: =ROUND(E45*I45,2) -> 0 | L45: =ROUND(F45*I45,2) -> 0 | M45: =K45+L45 -> 0 | N45: =J45-M45 -> 2406.82 | O45: =IF((M45/J45)=0," ",(M45/J45)*100) | P45: =IF((N45/J45)=0," ",(N45/J45)*100) -> 100
A46: 01.03.004.018 | B46: Ensaio - Compactação Proctor Intermediário com reuso de material (6 pontos) | C46: un | D46: 34 | E46: ='BM 01 '!G46 -> 0 | G46: =E46+F46 -> 0 | H46: =D46-G46 -> 34 | I46: 264.75 | J46: =ROUND(D46*I46,2) -> 9001.5 | K46: =ROUND(E46*I46,2) -> 0 | L46: =ROUND(F46*I46,2) -> 0 | M46: =K46+L46 -> 0 | N46: =J46-M46 -> 9001.5 | O46: =IF((M46/J46)=0," ",(M46/J46)*100) | P46: =IF((N46/J46)=0," ",(N46/J46)*100) -> 100
... A54: 01.03.004.026 | B54: Serviços de Arqueologia (incluso 10% repasse) | C54: un | D54: 1 | E54: ='BM 01 '!G54 -> 0 | G54: =E54+F54 -> 0 | H54: =D54-G54 -> 1 | I54: 108316.72 | J54: =ROUND(D54*I54,2) -> 108316.72 | K54: =ROUND(E54*I54,2) -> 0 | L54: =ROUND(F54*I54,2) -> 0 | M54: =K54+L54 -> 0 | N54: =J54-M54 -> 108316.72 | O54: =IF((M54/J54)=0," ",(M54/J54)*100) | P54: =IF((N54/J54)=0," ",(N54/J54)*100) -> 100
A55: 01.04 | B55: FRETE | G55: =E55+F55 -> 0 | J55: =J56+J58+J60 -> 119094.54 | K55: =K56+K58+K60 -> 0 | L55: =L56+L58+L60 -> 0 | M55: =M56+M58+M60 -> 0 | N55: =N56+N58+N60 -> 119094.54 | O55: =IF((M55/J55)=0," ",(M55/J55)*100) | P55: =IF((N55/J55)=0," ",(N55/J55)*100) -> 100
A56: 01.04.001 | B56: AGREGADOS | J56: =J57 -> 8474.97 | K56: =K57 -> 0 | L56: =L57 -> 0 | M56: =M57 -> 0 | N56: =N57 -> 8474.97 | O56: =IF((M56/J56)=0," ",(M56/J56)*100) | P56: =IF((N56/J56)=0," ",(N56/J56)*100) -> 100
A57: 01.04.001.001 | B57: Transporte comercial com caminhão basculante de 10m³, em rodovia pavimentada (densidade=1,5t/m³)( SICRO 5914389) | C57: tkm | D57: 11936.58 | G57: =E57+F57 -> 0 | H57: =D57-G57 -> 11936.58 | I57: 0.71 | J57: =ROUND(D57*I57,2) -> 8474.97 | K57: =ROUND(E57*I57,2) -> 0 | L57: =ROUND(F57*I57,2) -> 0 | M57: =K57+L57 -> 0 | N57: =J57-M57 -> 8474.97 | O57: =IF((M57/J57)=0," ",(M57/J57)*100) | P57: =IF((N57/J57)=0," ",(N57/J57)*100) -> 100
A58: 01.04.002 | B58: BRITA | G58: =E58+F58 -> 0 | J58: =J59 -> 110593.85 | K58: =K59 -> 0 | L58: =L59 -> 0 | M58: =M59 -> 0 | N58: =N59 -> 110593.85 | O58: =IF((M58/J58)=0," ",(M58/J58)*100) | P58: =IF((N58/J58)=0," ",(N58/J58)*100) -> 100
A59: 01.04.002.001 | B59: Transporte comercial com caminhão basculante de 10m³, em rodovia pavimentada (densidade=1,5t/m³)( SICRO 5914389) | C59: tkm | D59: 155765.99 | G59: =E59+F59 -> 0 | H59: =D59-G59 -> 155765.99 | I59: 0.71 | J59: =ROUND(D59*I59,2) -> 110593.85 | K59: =ROUND(E59*I59,2) -> 0 | L59: =ROUND(F59*I59,2) -> 0 | M59: =K59+L59 -> 0 | N59: =J59-M59 -> 110593.85 | O59: =IF((M59/J59)=0," ",(M59/J59)*100) | P59: =IF((N59/J59)=0," ",(N59/J59)*100) -> 100
A60: 01.04.003 | B60: PEDRA CALCARIA | G60: =E60+F60 -> 0 | J60: =J61 -> 25.72 | K60: =K61 -> 0 | L60: =L61 -> 0 | M60: =M61 -> 0 | N60: =N61 -> 25.72 | O60: =IF((M60/J60)=0," ",(M60/J60)*100) | P60: =IF((N60/J60)=0," ",(N60/J60)*100) -> 100
A61: 01.04.003.001 | B61: Transporte comercial com caminhão basculante de 10m³, em rodovia pavimentada (densidade=1,5t/m³)( SICRO 5914389) | C61: tkm | D61: 36.22 | G61: =E61+F61 -> 0 | H61: =D61-G61 -> 36.22 | I61: 0.71 | J61: =ROUND(D61*I61,2) -> 25.72 | K61: =ROUND(E61*I61,2) -> 0 | L61: =ROUND(F61*I61,2) -> 0 | M61: =K61+L61 -> 0 | N61: =J61-M61 -> 25.72 | O61: =IF((M61/J61)=0," ",(M61/J61)*100) | P61: =IF((N61/J61)=0," ",(N61/J61)*100) -> 100
A62: 2 | B62: Infraestrutura do Conjunto Habitacional | J62: =J63+J68+J77+J96+J106+J142 -> 4260719.8 | K62: =K63+K68+K77+K96+K106+K142 -> 0 | L62: =L63+L68+L77+L96+L106+L142 -> 74919.09 | M62: =M63+M68+M77+M96+M106+M142 -> 74919.09 | N62: =N63+N68+N77+N96+N106+N142 -> 4175941.7 | O62: =IF((M62/J62)=0," ",(M62/J62)*100) -> 1.758367 | P62: =IF((N62/J62)=0," ",(N62/J62)*100) -> 98.010239
A63: 02.01 | B63: SERVIÇOS PRELIMINARES | J63: =SUM(J64:J67) -> 197379.9 | K63: =SUM(K64:K67) -> 0 | L63: =SUM(L64:L67) -> 74919.09 | M63: =SUM(M64:M67) -> 74919.09 | N63: =SUM(N64:N67) -> 122460.81 | O63: =IF((M63/J63)=0," ",(M63/J63)*100) -> 37.956798 | P63: =IF((N63/J63)=0," ",(N63/J63)*100) -> 62.043202
A64: 02.01.001 | B64: Limpeza mecanizada do terreno c/ trator esteira (vegetação rasteira) sem carga e transporte | C64: m2 | D64: 19838.68 | F64: 19838.68 | G64: =E64+F64 -> 19838.68 | H64: =D64-G64 -> 0 | I64: 0.69 | J64: =ROUND(D64*I64,2) -> 13688.69 | K64: =ROUND(E64*I64,2) -> 0 | L64: =ROUND(F64*I64,2) -> 13688.69 | M64: =K64+L64 -> 13688.69 | N64: =J64-M64 -> 0 | O64: =IF((M64/J64)=0," ",(M64/J64)*100) -> 100 | P64: =IF((N64/J64)=0," ",(N64/J64)*100)
A65: 02.01.002 | B65: Carga mecânica de material de 1ª categoria | C65: m3 | D65: 2479.84 | F65: =D65/3 -> 826.61333 | G65: =E65+F65 -> 826.61333 | H65: =D65-G65 -> 1653.2267 | I65: 1.18 | J65: =ROUND(D65*I65,2) -> 2926.21 | K65: =ROUND(E65*I65,2) -> 0 | L65: =ROUND(F65*I65,2) -> 975.4 | M65: =K65+L65 -> 975.4 | N65: =J65-M65 -> 1950.81 | O65: =IF((M65/J65)=0," ",(M65/J65)*100) -> 33.333219 | P65: =IF((N65/J65)=0," ",(N65/J65)*100) -> 66.666781
A66: 02.01.003 | B66: Descarte de resíduos da construção civil em área licenciada | C66: t | D66: 3719.75 | F66: =D66/3 -> 1239.9167 | G66: =E66+F66 -> 1239.9167 | H66: =D66-G66 -> 2479.8333 | I66: 36.1 | J66: =ROUND(D66*I66,2) -> 134282.98 | K66: =ROUND(E66*I66,2) -> 0 | L66: =ROUND(F66*I66,2) -> 44760.99 | M66: =K66+L66 -> 44760.99 | N66: =J66-M66 -> 89521.99 | O66: =IF((M66/J66)=0," ",(M66/J66)*100) -> 33.333331 | P66: =IF((N66/J66)=0," ",(N66/J66)*100) -> 66.666669
A67: 02.01.004 | B67: Transporte comercial com caminhão basculante de 10m³, em rodovia pavimentada (densidade=1,5t/m³)( SICRO 5914389) | C67: tkm | D67: 65467.64 | F67: =D67/3 -> 21822.547 | G67: =E67+F67 -> 21822.547 | H67: =D67-G67 -> 43645.093 | I67: 0.71 | J67: =ROUND(D67*I67,2) -> 46482.02 | K67: =ROUND(E67*I67,2) -> 0 | L67: =ROUND(F67*I67,2) -> 15494.01 | M67: =K67+L67 -> 15494.01 | N67: =J67-M67 -> 30988.01 | O67: =IF((M67/J67)=0," ",(M67/J67)*100) -> 33.333341 | P67: =IF((N67/J67)=0," ",(N67/J67)*100) -> 66.666659
A68: 02.02 | B68: MOVIMENTAÇÃO DE TERRA | G68: =E68+F68 -> 0 | J68: =SUM(J69:J76) -> 1454279.9 | K68: =SUM(K69:K76) -> 0 | L68: =SUM(L69:L76) -> 0 | M68: =SUM(M69:M76) -> 0 | N68: =SUM(N69:N76) -> 1454279.9 | O68: =IF((M68/J68)=0," ",(M68/J68)*100) | P68: =IF((N68/J68)=0," ",(N68/J68)*100) -> 100
A69: 02.02.001 | B69: Locação de serviços de terraplenagem de obras civis | C69: m2 | D69: 19838.68 | G69: =E69+F69 -> 0 | H69: =D69-G69 -> 19838.68 | I69: 1.62 | J69: =ROUND(D69*I69,2) -> 32138.66 | K69: =ROUND(E69*I69,2) -> 0 | L69: =ROUND(F69*I69,2) -> 0 | M69: =K69+L69 -> 0 | N69: =J69-M69 -> 32138.66 | O69: =IF((M69/J69)=0," ",(M69/J69)*100) | P69: =IF((N69/J69)=0," ",(N69/J69)*100) -> 100
A70: 02.02.002 | B70: Escavação, carga e transporte de material de 1ª categoria, dmt 51 a 200m (SICRO 5501875) | C70: m3 | D70: 3446.53 | G70: =E70+F70 -> 0 | H70: =D70-G70 -> 3446.53 | I70: 10.16 | J70: =ROUND(D70*I70,2) -> 35016.74 | K70: =ROUND(E70*I70,2) -> 0 | L70: =ROUND(F70*I70,2) -> 0 | M70: =K70+L70 -> 0 | N70: =J70-M70 -> 35016.74 | O70: =IF((M70/J70)=0," ",(M70/J70)*100) | P70: =IF((N70/J70)=0," ",(N70/J70)*100) -> 100
A71: 02.02.003 | B71: Areia fina adquirida em jazida (Terra Dura - Pedro Henrrique), inclusive carga, exclusive transporte | C71: m3 | D71: 10440.58 | G71: =E71+F71 -> 0 | H71: =D71-G71 -> 10440.58 | I71: 21.66 | J71: =ROUND(D71*I71,2) -> 226142.96 | K71: =ROUND(E71*I71,2) -> 0 | L71: =ROUND(F71*I71,2) -> 0 | M71: =K71+L71 -> 0 | N71: =J71-M71 -> 226142.96 | O71: =IF((M71/J71)=0," ",(M71/J71)*100) | P71: =IF((N71/J71)=0," ",(N71/J71)*100) -> 100
A72: 02.02.004 | B72: Transporte comercial com caminhão basculante de 10m³, em rodovia pavimentada (densidade=1,5t/m³)( SICRO 5914389) | C72: tkm | D72: 239611.31 | G72: =E72+F72 -> 0 | H72: =D72-G72 -> 239611.31 | I72: 0.71 | J72: =ROUND(D72*I72,2) -> 170124.03 | K72: =ROUND(E72*I72,2) -> 0 | L72: =ROUND(F72*I72,2) -> 0 | M72: =K72+L72 -> 0 | N72: =J72-M72 -> 170124.03 | O72: =IF((M72/J72)=0," ",(M72/J72)*100) | P72: =IF((N72/J72)=0," ",(N72/J72)*100) -> 100
A73: 02.02.005 | B73: Argila, argila vermelha ou argila arenosa (retirada na jazida, sem transporte) | C73: m3 | D73: 15660.87 | G73: =E73+F73 -> 0 | H73: =D73-G73 -> 15660.87 | I73: 34.9 | J73: =ROUND(D73*I73,2) -> 546564.36 | K73: =ROUND(E73*I73,2) -> 0 | L73: =ROUND(F73*I73,2) -> 0 | M73: =K73+L73 -> 0 | N73: =J73-M73 -> 546564.36 | O73: =IF((M73/J73)=0," ",(M73/J73)*100) | P73: =IF((N73/J73)=0," ",(N73/J73)*100) -> 100
A74: 02.02.006 | B74: Transporte comercial com caminhão basculante de 10m³, em rodovia pavimentada (densidade=1,5t/m³)( SICRO 5914389) | C74: tkm | D74: 359416.97 | G74: =E74+F74 -> 0 | H74: =D74-G74 -> 359416.97 | I74: 0.71 | J74: =ROUND(D74*I74,2) -> 255186.05 | K74: =ROUND(E74*I74,2) -> 0 | L74: =ROUND(F74*I74,2) -> 0 | M74: =K74+L74 -> 0 | N74: =J74-M74 -> 255186.05 | O74: =IF((M74/J74)=0," ",(M74/J74)*100) | P74: =IF((N74/J74)=0," ",(N74/J74)*100) -> 100
A75: 02.02.007 | B75: Espalhamento de material de 1ª categoria c/ trator esteira Cat - D-6 ou similar | C75: m3 | D75: 29547.99 | G75: =E75+F75 -> 0 | H75: =D75-G75 -> 29547.99 | I75: 0.55 | J75: =ROUND(D75*I75,2) -> 16251.39 | K75: =ROUND(E75*I75,2) -> 0 | L75: =ROUND(F75*I75,2) -> 0 | M75: =K75+L75 -> 0 | N75: =J75-M75 -> 16251.39 | O75: =IF((M75/J75)=0," ",(M75/J75)*100) | P75: =IF((N75/J75)=0," ",(N75/J75)*100) -> 100
A76: 02.02.008 | B76: Compactação de aterros, com rolo vibratório pé de carneiro, a 100% do proctor normal( SICRO 5502978) | C76: m3 | D76: 29547.99 | G76: =E76+F76 -> 0 | H76: =D76-G76 -> 29547.99 | I76: 5.85 | J76: =ROUND(D76*I76,2) -> 172855.74 | K76: =ROUND(E76*I76,2) -> 0 | L76: =ROUND(F76*I76,2) -> 0 | M76: =K76+L76 -> 0 | N76: =J76-M76 -> 172855.74 | O76: =IF((M76/J76)=0," ",(M76/J76)*100) | P76: =IF((N76/J76)=0," ",(N76/J76)*100) -> 100
A77: 02.03 | B77: DRENAGEM | G77: =E77+F77 -> 0 | J77: =SUM(J78:J95) -> 741043.26 | K77: =SUM(K78:K95) -> 0 | L77: =SUM(L78:L95) -> 0 | M77: =SUM(M78:M95) -> 0 | N77: =SUM(N78:N95) -> 741043.26 | O77: =IF((M77/J77)=0," ",(M77/J77)*100) | P77: =IF((N77/J77)=0," ",(N77/J77)*100) -> 100
A78: 02.03.001 | B78: Locação de rede de drenagem | C78: m | D78: 1383.56 | G78: =E78+F78 -> 0 | H78: =D78-G78 -> 1383.56 | I78: 1.99 | J78: =ROUND(D78*I78,2) -> 2753.28 | K78: =ROUND(E78*I78,2) -> 0 | L78: =ROUND(F78*I78,2) -> 0 | M78: =K78+L78 -> 0 | N78: =J78-M78 -> 2753.28 | O78: =IF((M78/J78)=0," ",(M78/J78)*100) | P78: =IF((N78/J78)=0," ",(N78/J78)*100) -> 100
A79: 02.03.002 | B79: Sinalização Diurna com Tela tapume em pvc - 10 usos | C79: m | D79: 1383.56 | G79: =E79+F79 -> 0 | H79: =D79-G79 -> 1383.56 | I79: 5.73 | J79: =ROUND(D79*I79,2) -> 7927.8 | K79: =ROUND(E79*I79,2) -> 0 | L79: =ROUND(F79*I79,2) -> 0 | M79: =K79+L79 -> 0 | N79: =J79-M79 -> 7927.8 | O79: =IF((M79/J79)=0," ",(M79/J79)*100) | P79: =IF((N79/J79)=0," ",(N79/J79)*100) -> 100
A80: 02.03.003 | B80: Caixa de passagem em alvenaria de tijolos maciços esp. = 0,12m, dim. int. = 0.60 x 0.60 x 0.80m | C80: un | D80: 59 | G80: =E80+F80 -> 0 | H80: =D80-G80 -> 59 | I80: 634.02 | J80: =ROUND(D80*I80,2) -> 37407.18 | K80: =ROUND(E80*I80,2) -> 0 | L80: =ROUND(F80*I80,2) -> 0 | M80: =K80+L80 -> 0 | N80: =J80-M80 -> 37407.18 | O80: =IF((M80/J80)=0," ",(M80/J80)*100) | P80: =IF((N80/J80)=0," ",(N80/J80)*100) -> 100
A81: 02.03.004 | B81: Caixa de passagem em alvenaria de tijolos maciços esp. = 0,12m, dim. int. = 0.60 x 0.60 x 1,00m | C81: un | D81: 21 | G81: =E81+F81 -> 0 | H81: =D81-G81 -> 21 | I81: 738.14 | J81: =ROUND(D81*I81,2) -> 15500.94 | K81: =ROUND(E81*I81,2) -> 0 | L81: =ROUND(F81*I81,2) -> 0 | M81: =K81+L81 -> 0 | N81: =J81-M81 -> 15500.94 | O81: =IF((M81/J81)=0," ",(M81/J81)*100) | P81: =IF((N81/J81)=0," ",(N81/J81)*100) -> 100
A82: 02.03.005 | B82: Boca de lobo simples, em alvenaria de tijolos maciços esp . = 0,18m, altura entre 1,01 e 1,50m - R1 | C82: un | D82: 24 | G82: =E82+F82 -> 0 | H82: =D82-G82 -> 24 | I82: 2510.1 | J82: =ROUND(D82*I82,2) -> 60242.4 | K82: =ROUND(E82*I82,2) -> 0 | L82: =ROUND(F82*I82,2) -> 0 | M82: =K82+L82 -> 0 | N82: =J82-M82 -> 60242.4 | O82: =IF((M82/J82)=0," ",(M82/J82)*100) | P82: =IF((N82/J82)=0," ",(N82/J82)*100) -> 100
A83: 02.03.006 | B83: Escavação com retro-escavadeira de pneus, de valas, em material de 1ª categoria até 1,50m de profundidade | C83: m3 | D83: 1426.79 | G83: =E83+F83 -> 0 | H83: =D83-G83 -> 1426.79 | I83: 12.15 | J83: =ROUND(D83*I83,2) -> 17335.5 | K83: =ROUND(E83*I83,2) -> 0 | L83: =ROUND(F83*I83,2) -> 0 | M83: =K83+L83 -> 0 | N83: =J83-M83 -> 17335.5 | O83: =IF((M83/J83)=0," ",(M83/J83)*100) | P83: =IF((N83/J83)=0," ",(N83/J83)*100) -> 100
A84: 02.03.007 | B84: Compactação manual com placa vibratória sem controle do grau de compactação | C84: m3 | D84: 1161.32 | G84: =E84+F84 -> 0 | H84: =D84-G84 -> 1161.32 | I84: 12.19 | J84: =ROUND(D84*I84,2) -> 14156.49 | K84: =ROUND(E84*I84,2) -> 0 | L84: =ROUND(F84*I84,2) -> 0 | M84: =K84+L84 -> 0 | N84: =J84-M84 -> 14156.49 | O84: =IF((M84/J84)=0," ",(M84/J84)*100) | P84: =IF((N84/J84)=0," ",(N84/J84)*100) -> 100
A85: 02.03.008 | B85: Reaterro mecanizado de vala com retroescavadeira (capacidade da caçamba da retro: 0,26 m³/potência: 88 hp), largura até 0,8 m, profundidade de 1,5 a 3,0 m, com solo (sem substituição) de 1ª categoria, com placa vibratória. af_08/2023 | C85: m3 | D85: 1156.02 | G85: =E85+F85 -> 0 | H85: =D85-G85 -> 1156.02 | I85: 12.83 | J85: =ROUND(D85*I85,2) -> 14831.74 | K85: =ROUND(E85*I85,2) -> 0 | L85: =ROUND(F85*I85,2) -> 0 | M85: =K85+L85 -> 0 | N85: =J85-M85 -> 14831.74 | O85: =IF((M85/J85)=0," ",(M85/J85)*100) | P85: =IF((N85/J85)=0," ",(N85/J85)*100) -> 100
A86: 02.03.009 | B86: Concreto magro para lastro, traço 1:4,5:4,5 (em massa seca de cimento/ areia média/ brita 1) - preparo mecânico com betoneira 400 l. af_05/2021 | C86: m3 | D86: 34.84 | G86: =E86+F86 -> 0 | H86: =D86-G86 -> 34.84 | I86: 503.5 | J86: =ROUND(D86*I86,2) -> 17541.94 | K86: =ROUND(E86*I86,2) -> 0 | L86: =ROUND(F86*I86,2) -> 0 | M86: =K86+L86 -> 0 | N86: =J86-M86 -> 17541.94 | O86: =IF((M86/J86)=0," ",(M86/J86)*100) | P86: =IF((N86/J86)=0," ",(N86/J86)*100) -> 100
A87: 02.03.010 | B87: Carga mecânica de material de 1ª categoria | C87: m3 | D87: 352 | G87: =E87+F87 -> 0 | H87: =D87-G87 -> 352 | I87: 1.18 | J87: =ROUND(D87*I87,2) -> 415.36 | K87: =ROUND(E87*I87,2) -> 0 | L87: =ROUND(F87*I87,2) -> 0 | M87: =K87+L87 -> 0 | N87: =J87-M87 -> 415.36 | O87: =IF((M87/J87)=0," ",(M87/J87)*100) | P87: =IF((N87/J87)=0," ",(N87/J87)*100) -> 100
A88: 02.03.011 | B88: Descarte de resíduos da construção civil em área licenciada | C88: t | D88: 528 | G88: =E88+F88 -> 0 | H88: =D88-G88 -> 528 | I88: 36.1 | J88: =ROUND(D88*I88,2) -> 19060.8 | K88: =ROUND(E88*I88,2) -> 0 | L88: =ROUND(F88*I88,2) -> 0 | M88: =K88+L88 -> 0 | N88: =J88-M88 -> 19060.8 | O88: =IF((M88/J88)=0," ",(M88/J88)*100) | P88: =IF((N88/J88)=0," ",(N88/J88)*100) -> 100
A89: 02.03.012 | B89: Transporte comercial com caminhão basculante de 10m³, em rodovia pavimentada (densidade=1,5t/m³)( SICRO 5914389) | C89: tkm | D89: 9292.78 | G89: =E89+F89 -> 0 | H89: =D89-G89 -> 9292.78 | I89: 0.71 | J89: =ROUND(D89*I89,2) -> 6597.87 | K89: =ROUND(E89*I89,2) -> 0 | L89: =ROUND(F89*I89,2) -> 0 | M89: =K89+L89 -> 0 | N89: =J89-M89 -> 6597.87 | O89: =IF((M89/J89)=0," ",(M89/J89)*100) | P89: =IF((N89/J89)=0," ",(N89/J89)*100) -> 100
... A95: 02.03.018 | B95: Poço de visita em alvenaria tij. maciços esp. = 0,20m, dim. int. = 1.50 x 1.50 x 2.40m, laje sup.c.a. esp. = 0,15m, inclusive tampão td-600 - R1 | C95: un | D95: 17 | G95: =E95+F95 -> 0 | H95: =D95-G95 -> 17 | I95: 7201.46 | J95: =ROUND(D95*I95,2) -> 122424.82 | K95: =ROUND(E95*I95,2) -> 0 | L95: =ROUND(F95*I95,2) -> 0 | M95: =K95+L95 -> 0 | N95: =J95-M95 -> 122424.82 | O95: =IF((M95/J95)=0," ",(M95/J95)*100) | P95: =IF((N95/J95)=0," ",(N95/J95)*100) -> 100
A96: 02.04 | B96: REDE DE ABASTECIMENTO DE ÁGUA | G96: =E96+F96 -> 0 | J96: =SUM(J97:J105) -> 96595.1 | K96: =SUM(K97:K105) -> 0 | L96: =SUM(L97:L105) -> 0 | M96: =SUM(M97:M105) -> 0 | N96: =SUM(N97:N105) -> 96595.1 | O96: =IF((M96/J96)=0," ",(M96/J96)*100) | P96: =IF((N96/J96)=0," ",(N96/J96)*100) -> 100
A97: 02.04.001 | B97: Locação de rede de água ou esgoto. af_03/2024 | C97: m | D97: 765.3 | G97: =E97+F97 -> 0 | H97: =D97-G97 -> 765.3 | I97: 9.1 | J97: =ROUND(D97*I97,2) -> 6964.23 | K97: =ROUND(E97*I97,2) -> 0 | L97: =ROUND(F97*I97,2) -> 0 | M97: =K97+L97 -> 0 | N97: =J97-M97 -> 6964.23 | O97: =IF((M97/J97)=0," ",(M97/J97)*100) | P97: =IF((N97/J97)=0," ",(N97/J97)*100) -> 100
A98: 02.04.002 | B98: Fornecimento de tubo de polietileno de alta densidade (pead), PE80, pn12,5 , sdr-11, d= 75mm x 6,9mm - Rev 01_11/2021 | C98: m | D98: 765.3 | G98: =E98+F98 -> 0 | H98: =D98-G98 -> 765.3 | I98: 70.56 | J98: =ROUND(D98*I98,2) -> 53999.57 | K98: =ROUND(E98*I98,2) -> 0 | L98: =ROUND(F98*I98,2) -> 0 | M98: =K98+L98 -> 0 | N98: =J98-M98 -> 53999.57 | O98: =IF((M98/J98)=0," ",(M98/J98)*100) | P98: =IF((N98/J98)=0," ",(N98/J98)*100) -> 100
A99: 02.04.003 | B99: Tubo pvc rígido soldável marrom p/ água, d = 20 mm (1/2") | C99: m | D99: 765.3 | G99: =E99+F99 -> 0 | H99: =D99-G99 -> 765.3 | I99: 14.19 | J99: =ROUND(D99*I99,2) -> 10859.61 | K99: =ROUND(E99*I99,2) -> 0 | L99: =ROUND(F99*I99,2) -> 0 | M99: =K99+L99 -> 0 | N99: =J99-M99 -> 10859.61 | O99: =IF((M99/J99)=0," ",(M99/J99)*100) | P99: =IF((N99/J99)=0," ",(N99/J99)*100) -> 100
A100: 02.04.004 | B100: Colar de tomada, pvc, com travas, de 75 mm x 1/2" ou 75 mm x 3/4", para ligação predial de água. af_06/2022 | C100: un | D100: 80 | G100: =E100+F100 -> 0 | H100: =D100-G100 -> 80 | I100: 22.9 | J100: =ROUND(D100*I100,2) -> 1832 | K100: =ROUND(E100*I100,2) -> 0 | L100: =ROUND(F100*I100,2) -> 0 | M100: =K100+L100 -> 0 | N100: =J100-M100 -> 1832 | O100: =IF((M100/J100)=0," ",(M100/J100)*100) | P100: =IF((N100/J100)=0," ",(N100/J100)*100) -> 100
A101: 02.04.005 | B101: Cap de pvc rígido soldável, marrom, diâm = 75mm | C101: un | D101: 6 | G101: =E101+F101 -> 0 | H101: =D101-G101 -> 6 | I101: 28.47 | J101: =ROUND(D101*I101,2) -> 170.82 | K101: =ROUND(E101*I101,2) -> 0 | L101: =ROUND(F101*I101,2) -> 0 | M101: =K101+L101 -> 0 | N101: =J101-M101 -> 170.82 | O101: =IF((M101/J101)=0," ",(M101/J101)*100) | P101: =IF((N101/J101)=0," ",(N101/J101)*100) -> 100
A102: 02.04.006 | B102: Fornecimento de curva 22º 30` de pvc junta elástica, ponta / bolsa, diam. = 75mm | C102: un | D102: 5 | G102: =E102+F102 -> 0 | H102: =D102-G102 -> 5 | I102: 218.25 | J102: =ROUND(D102*I102,2) -> 1091.25 | K102: =ROUND(E102*I102,2) -> 0 | L102: =ROUND(F102*I102,2) -> 0 | M102: =K102+L102 -> 0 | N102: =J102-M102 -> 1091.25 | O102: =IF((M102/J102)=0," ",(M102/J102)*100) | P102: =IF((N102/J102)=0," ",(N102/J102)*100) -> 100
A103: 02.04.007 | B103: Tê 90º de pvc rígido soldável, marrom diâm = 75mm | C103: un | D103: 2 | G103: =E103+F103 -> 0 | H103: =D103-G103 -> 2 | I103: 82.93 | J103: =ROUND(D103*I103,2) -> 165.86 | K103: =ROUND(E103*I103,2) -> 0 | L103: =ROUND(F103*I103,2) -> 0 | M103: =K103+L103 -> 0 | N103: =J103-M103 -> 165.86 | O103: =IF((M103/J103)=0," ",(M103/J103)*100) | P103: =IF((N103/J103)=0," ",(N103/J103)*100) -> 100
A104: 02.04.008 | B104: Cruzeta PVC PBA JE BBBB, para rede de água, DN 75 / DE 85mm - Rev 02 | C104: un | D104: 1 | G104: =E104+F104 -> 0 | H104: =D104-G104 -> 1 | I104: 280.56 | J104: =ROUND(D104*I104,2) -> 280.56 | K104: =ROUND(E104*I104,2) -> 0 | L104: =ROUND(F104*I104,2) -> 0 | M104: =K104+L104 -> 0 | N104: =J104-M104 -> 280.56 | O104: =IF((M104/J104)=0," ",(M104/J104)*100) | P104: =IF((N104/J104)=0," ",(N104/J104)*100) -> 100
A105: 02.04.009 | B105: Mureta Pré-Moldada para Ligações Domiciliares de Água | C105: un | D105: 80 | G105: =E105+F105 -> 0 | H105: =D105-G105 -> 80 | I105: 265.39 | J105: =ROUND(D105*I105,2) -> 21231.2 | K105: =ROUND(E105*I105,2) -> 0 | L105: =ROUND(F105*I105,2) -> 0 | M105: =K105+L105 -> 0 | N105: =J105-M105 -> 21231.2 | O105: =IF((M105/J105)=0," ",(M105/J105)*100) | P105: =IF((N105/J105)=0," ",(N105/J105)*100) -> 100
A106: 02.05 | B106: PAVIMENTAÇÃO | J106: =J107+J109+J114+J119+J128+J134 -> 763285.03 | K106: =K107+K109+K114+K119+K129+K134 -> 0 | L106: =L107+L109+L114+L119+L129+L134 -> 0 | M106: =M107+M109+M114+M119+M129+M134 -> 0 | N106: =N107+N109+N114+N119+N129+N134 -> 753425.97 | O106: =IF((M106/J106)=0," ",(M106/J106)*100) | P106: =IF((N106/J106)=0," ",(N106/J106)*100) -> 98.708338
A107: 02.05.001 | B107: REGULARIZAÇÃO | J107: =J108 -> 6352.51 | K107: =K108 -> 0 | L107: =L108 -> 0 | M107: =M108 -> 0 | N107: =N108 -> 6352.51 | O107: =IF((M107/J107)=0," ",(M107/J107)*100) | P107: =IF((N107/J107)=0," ",(N107/J107)*100) -> 100
A108: 02.05.001.001 | B108: Regularização do subleito (SICRO 4011209) | C108: m2 | D108: 4537.51 | H108: =D108-G108 -> 4537.51 | I108: 1.4 | J108: =ROUND(D108*I108,2) -> 6352.51 | K108: =ROUND(E108*J108,2) -> 0 | L108: =ROUND(F108*K108,2) -> 0 | M108: =ROUND(G108*L108,2) -> 0 | N108: =J108-M108 -> 6352.51 | O108: =IF((M108/J108)=0," ",(M108/J108)*100) | P108: =IF((N108/J108)=0," ",(N108/J108)*100) -> 100
A109: 02.05.002 | B109: SUB-BASE | J109: =J111+J113+J112 -> 27684.84 | K109: =K111+K113+K112 -> 0 | L109: =L111+L113+L112 -> 0 | M109: =M111+M113+M112 -> 0 | N109: =N111+N113+N112 -> 27684.84 | O109: =IF((M109/J109)=0," ",(M109/J109)*100) | P109: =IF((N109/J109)=0," ",(N109/J109)*100) -> 100
A110: 02.05.002.001 | B110: AQUISIÇÃO DE MATERIAL | O110: =IF((M110/J110)=0," ",(M110/J110)*100) -> #DIV/0! | P110: =IF((N110/J110)=0," ",(N110/J110)*100) -> #DIV/0!
A111: 02.05.002.002 | B111: Material para sub-base (adquirido solto na jazida) inclusive limpeza da área, corte e carga (posto na caçamba), exclusive transporte (Ruy - Rita Cacete / São Cristóvão) | C111: m3 | D111: 680.59 | G111: =E111+F111 -> 0 | H111: =D111-G111 -> 680.59 | I111: 18.93 | J111: =ROUND(D111*I111,2) -> 12883.57 | K111: =ROUND(E111*I111,2) -> 0 | L111: =ROUND(F111*I111,2) -> 0 | M111: =K111+L111 -> 0 | N111: =J111-M111 -> 12883.57 | O111: =IF((M111/J111)=0," ",(M111/J111)*100) | P111: =IF((N111/J111)=0," ",(N111/J111)*100) -> 100
A112: 02.05.002.003 | B112: Carga mecânica de material de 1ª categoria | C112: m3 | D112: 884.77 | G112: =E112+F112 -> 0 | H112: =D112-G112 -> 884.77 | I112: 1.18 | J112: =ROUND(D112*I112,2) -> 1044.03 | K112: =ROUND(E112*I112,2) -> 0 | L112: =ROUND(F112*I112,2) -> 0 | M112: =K112+L112 -> 0 | N112: =J112-M112 -> 1044.03 | O112: =IF((M112/J112)=0," ",(M112/J112)*100) | P112: =IF((N112/J112)=0," ",(N112/J112)*100) -> 100
A113: 02.05.002.004 | B113: Transporte comercial com caminhão basculante de 10m³, em rodovia pavimentada (densidade=1,5t/m³) | C113: tkm | D113: 19376.4 | G113: =E113+F113 -> 0 | H113: =D113-G113 -> 19376.4 | I113: 0.71 | J113: =ROUND(D113*I113,2) -> 13757.24 | K113: =ROUND(E113*I113,2) -> 0 | L113: =ROUND(F113*I113,2) -> 0 | M113: =K113+L113 -> 0 | N113: =J113-M113 -> 13757.24 | O113: =IF((M113/J113)=0," ",(M113/J113)*100) | P113: =IF((N113/J113)=0," ",(N113/J113)*100) -> 100
A114: 02.05.003 | B114: BASE | J114: =J116+J117+J118 -> 172188.28 | K114: =K116+K117+K118 -> 0 | L114: =L116+L117+L118 -> 0 | M114: =M116+M117+M118 -> 0 | N114: =N116+N117+N118 -> 172188.28 | O114: =IF((M114/J114)=0," ",(M114/J114)*100) | P114: =IF((N114/J114)=0," ",(N114/J114)*100) -> 100
...

Sheet MEMORIAL DE CÁLCULO 02
A1: MEMÓRIA DE CALCULO - 2° MEDIÇÃO CONJUNTO LOURDES AZEVEDO
A2: ITEM | B2: DESCRIÇÃO DO SERVIÇO | C2: Largura | D2: Comprimento | E2: Altura | F2: Quantidade | G2: Total | I2: Unidade | J2: Observação/Justificativa
A3: 01.01 | B3: ADMINISTRAÇÃO DA OBRA
A4: 01.01.001 | B4: Equipe Dirigente | H4: ='BM 02 '!F15 -> 0.0071 | I4: un | J4: medido proporcionalmente
A5: 01.01.002 | B5: Equipamentos de Apoio à Produção | H5: ='BM 02 '!F16 -> 0.0071 | I5: un | J5: medido proporcionalmente
A6: 01.01.003 | B6: Manutenção do Canteiro | H6: ='BM 02 '!F17 -> 0.0071 | I6: un | J6: medido proporcionalmente
A7: 01.03.004 | B7: INSTALAÇÃO DO CANTEIRO
A8: 04.005 | B8: Tapume em chapa galvanizada nº30, esp=0,35mm, h=2,00m, exclusive pinturaNIT | D8: 100 | H8: ='BM 02 '!F34 -> 100 | I8: m | J8: Fechamento Parcial do empreendimento com telha tapume.
A9: 2 | B9: Infraestrutura do Conjunto Habitacional
A10: 02.01 | B10: SERVIÇOS PRELIMINARES
A11: 02.01.001 | B11: Limpeza mecanizada do terreno c/ trator esteira (vegetação rasteira) sem carga e transporte | C11: 52 | D11: 335 | G11: =C11*D11 -> 17420 | H11: ='BM 02 '!F64 -> 19838.68 | I11: m2 | J11: Limpeza do Terreno Mecanizada da area do empreendimento
C12: 30 | D12: 80.62 | G12: =C12*D12 -> 2418.6
A13: 02.01.002 | B13: Carga mecânica de material de 1ª categoria | H13: ='BM 02 '!F65 -> 826.61333 | I13: m3 | J13: Carga Mecanizada de Material oriunda da Limpeza do Terreno (30 % do material)
A14: 02.01.003 | B14: Descarte de resíduos da construção civil em área licenciada | D14: Fator de Empolamento | F14: 1.5 | G14: =F14*H13 -> 1239.92 | H14: ='BM 02 '!F66 -> 1239.9167 | I14: t | J14: Descarte de Material oriunda da Limpeza do Terreno atráves de caçambas
A15: 02.01.004 | B15: Transporte comercial com caminhão basculante de 10m³, em rodovia pavimentada (densidade=1,5t/m³)( SICRO 5914389) | D15: DMT | F15: 17.6 | G15: =F15*H14 -> 21822.533 | H15: ='BM 02 '!F67 -> 21822.547 | I15: tkm | J15: Descarte de Material oriunda da Limpeza do Terreno atráves de caçambas

Sheet BM 03 
A1: PREFEITURA MUNICIPAL DE SÃO CRISTÓVÃO | D1: BOLETIM DE MEDIÇÃO | F1: N° 03 | G1: Data da Medição: | I1: VALOR CONTRATADO
G2: 46136 | I2: =J437 -> 12360218
A4: SECRETARIA MUNICIPAL DA INFRAESTRUTURA E URBANISMO | D4: Período da Medição: | I4: Contrato n.º | K4: 004/2025
D5: 45931 | E5: a | F5: 46136 | G5: =(F5-D5)+1 -> 206
A6: OBJETO DO CONTRATO: | I6: Data da Assinatura: | K6: 45694 | N6: VISTO:
A7: CONSTRUÇÃO DA 1° ETAPA DO CONJUNTO HABITACIONAL LOURDES AZEVEDO, LOCALIZADO NO BAIRRO EDUARDO GOMES - SÃO CRISTÓVÃO | I7: Ordem de Serviço: | K7: 45833
A9: CONTRATADA: | F9: CNPJ; | I9: Prazo da Execução: | K9: =K7 -> 45833 | L9: 46198 | M9: =((L9-K9)+1)/30 -> 12.2
A10: CONSTRUTORA MVA LTDA | F10: 07.169.379/0001-07 | I10: Prazo da Vigênca: | K10: =K9 -> 45833 | L10: 46198 | M10: =((L10-K10)+1)/30 -> 12.2
A11: Item | B11: Descrição dos Serviços | C11: Unidades | D11: Quantidades | I11: Valores (R$) | O11: Percentuais (%)
D12: Contratada | E12: Acumulado Anterior | F12: Do Período | G12: Acumulado até o Período | H12: Saldo a Medir | I12: Preço Unitário | J12: Valor Contratado | K12: Acumulado Anterior | L12: Do Período | M12: Acumulado até o Período | N12: Saldo a Medir | O12: Até o Período | P12: A Executar
A13: 1 | B13: Administração Local | J13: =J14+J18+J20+J55 -> 1438019 | K13: =K14+K18+K20+K55 -> 131728.33 | L13: =L14+L18+L20+L55 -> 129536.45 | M13: =M14+M18+M20+M55 -> 261264.78 | N13: =N14+N18+N20+N55 -> 1176754.2 | O13: =IF((M13/J13)=0," ",(M13/J13)*100) -> 18.168382 | P13: =IF((N13/J13)=0," ",(N13/J13)*100) -> 81.831618
A14: 01.01 | B14: ADMINISTRAÇÃO DA OBRA | J14: =J15+J16+J17 -> 731541.41 | K14: =K15+K16+K17 -> 12143.59 | L14: =L15+L16+L17 -> 20281.46 | M14: =M15+M16+M17 -> 32425.05 | N14: =N15+N16+N17 -> 699116.36
A15: 01.01.001 | B15: Equipe Dirigente | C15: un | D15: 1 | E15: ='BM 02 '!G15 -> 0.0166 | F15: =0.044324279*D15-E15 -> 0.027724279 | G15: =E15+F15 -> 0.044324279 | H15: =D15-G15 -> 0.95567572 | I15: 707205.69 | J15: =ROUND(D15*I15,2) -> 707205.69 | K15: =ROUND(E15*I15,2) -> 11739.61 | L15: =ROUND(F15*I15,2) -> 19606.77 | M15: =K15+L15 -> 31346.38 | N15: =J15-M15 -> 675859.31 | O15: =IF((M15/J15)=0," ",(M15/J15)*100) -> 4.4324276 | P15: =IF((N15/J15)=0," ",(N15/J15)*100) -> 95.567572
A16: 01.01.002 | B16: Equipamentos de Apoio à Produção | C16: un | D16: 1 | E16: ='BM 02 '!G16 -> 0.0166 | F16: =0.044324279*D16-E16 -> 0.027724279 | G16: =E16+F16 -> 0.044324279 | H16: =D16-G16 -> 0.95567572 | I16: 13478.08 | J16: =ROUND(D16*I16,2) -> 13478.08 | K16: =ROUND(E16*I16,2) -> 223.74 | L16: =ROUND(F16*I16,2) -> 373.67 | M16: =K16+L16 -> 597.41 | N16: =J16-M16 -> 12880.67 | O16: =IF((M16/J16)=0," ",(M16/J16)*100) -> 4.4324563 | P16: =IF((N16/J16)=0," ",(N16/J16)*100) -> 95.567544
A17: 01.01.003 | B17: Manutenção do Canteiro | C17: un | D17: 1 | E17: ='BM 02 '!G17 -> 0.0166 | F17: =0.044324279*D17-E17 -> 0.027724279 | G17: =E17+F17 -> 0.044324279 | H17: =D17-G17 -> 0.95567572 | I17: 10857.64 | J17: =ROUND(D17*I17,2) -> 10857.64 | K17: =ROUND(E17*I17,2) -> 180.24 | L17: =ROUND(F17*I17,2) -> 301.02 | M17: =K17+L17 -> 481.26 | N17: =J17-M17 -> 10376.38 | O17: =IF((M17/J17)=0," ",(M17/J17)*100) -> 4.4324549 | P17: =IF((N17/J17)=0," ",(N17/J17)*100) -> 95.567545
A18: 01.02 | B18: MOBILIZAÇÃO E DESMOBILIZAÇÃO | J18: =J19 -> 12859.47 | K18: =K19 -> 6429.74 | L18: =L19 -> 0 | M18: =M19 -> 6429.74 | N18: =N19 -> 6429.73 | O18: =IF((M18/J18)=0," ",(M18/J18)*100) -> 50.000039 | P18: =IF((N18/J18)=0," ",(N18/J18)*100) -> 49.999961
A19: 01.02.001 | B19: Caminhão Carroceria de madeira 9 t - fonte:DNIT | C19: h | D19: 111.27 | E19: ='BM 02 '!G19 -> 55.635 | G19: =E19+F19 -> 55.635 | H19: =D19-G19 -> 55.635 | I19: 115.57 | J19: =ROUND(D19*I19,2) -> 12859.47 | K19: =ROUND(E19*I19,2) -> 6429.74 | L19: =ROUND(F19*I19,2) -> 0 | M19: =K19+L19 -> 6429.74 | N19: =J19-M19 -> 6429.73 | O19: =IF((M19/J19)=0," ",(M19/J19)*100) -> 50.000039 | P19: =IF((N19/J19)=0," ",(N19/J19)*100) -> 49.999961
A20: 01.03 | B20: SERVIÇOS PRELIMINARES/INSTALAÇÃO CANTEIRO/MOBILIZAÇÃO | G20: =E20+F20 -> 0 | J20: =J21+J24+J26+J28 -> 574523.54 | K20: =K21+K24+K26+K28 -> 113155 | L20: =L21+L24+L26+L28 -> 109254.99 | M20: =M21+M24+M26+M28 -> 222409.99 | N20: =N21+N24+N26+N28 -> 352113.55 | O20: =IF((M20/J20)=0," ",(M20/J20)*100) -> 38.712076 | P20: =IF((N20/J20)=0," ",(N20/J20)*100) -> 61.287924
A21: 01.03.001 | B21: SERVIÇOS PRELIMINARES | J21: =J22+J23 -> 6858.06 | K21: =SUM(K22:K23) -> 0 | L21: =SUM(L22:L23) -> 0 | M21: =K21+L21 -> 0 | N21: =J21-M21 -> 6858.06 | O21: =IF((M21/J21)=0," ",(M21/J21)*100) | P21: =IF((N21/J21)=0," ",(N21/J21)*100) -> 100
A22: 01.03.001.001 | B22: Placa de obra em lona com impressão digital 1,50 x 2,00m, inclusive estrutura em metalon 20 x 20cm e escoramento, instalada - Rev 02 - 09/2021 | C22: un | D22: 2 | E22: ='BM 02 '!G22 -> 0 | G22: =E22+F22 -> 0 | H22: =D22-G22 -> 2 | I22: 902.55 | J22: =ROUND(D22*I22,2) -> 1805.1 | K22: =ROUND(E22*I22,2) -> 0 | L22: =ROUND(F22*I22,2) -> 0 | M22: =K22+L22 -> 0 | N22: =J22-M22 -> 1805.1 | O22: =IF((M22/J22)=0," ",(M22/J22)*100) | P22: =IF((N22/J22)=0," ",(N22/J22)*100) -> 100
A23: 01.03.001.002 | B23: Fornecimento e instalação de placa de obra com chapa galvanizada e estrutura de madeira. af_03/2022_ps | C23: m2 | D23: 12 | E23: ='BM 02 '!G23 -> 0 | G23: =E23+F23 -> 0 | H23: =D23-G23 -> 12 | I23: 421.08 | J23: =ROUND(D23*I23,2) -> 5052.96 | K23: =ROUND(E23*I23,2) -> 0 | L23: =ROUND(F23*I23,2) -> 0 | M23: =K23+L23 -> 0 | N23: =J23-M23 -> 5052.96 | O23: =IF((M23/J23)=0," ",(M23/J23)*100) | P23: =IF((N23/J23)=0," ",(N23/J23)*100) -> 100
A24: 01.03.002 | B24: Locação de Obra - Casas Tipo 01 | E24: ='BM 02 '!G24 -> 0 | G24: =E24+F24 -> 0 | H24: =D24-G24 -> 0 | J24: =J25 -> 40654.87 | K24: =K25 -> 0 | L24: =L25 -> 0 | M24: =M25 -> 0 | N24: =N25 -> 40654.87 | O24: =IF((M24/J24)=0," ",(M24/J24)*100) | P24: =IF((N24/J24)=0," ",(N24/J24)*100) -> 100
A25: 01.03.002.001 | B25: Locação de construção de edificação até 200m2, inclusive execução de gabarito de madeira | C25: m2 | D25: 3699.26 | E25: ='BM 02 '!G25 -> 0 | G25: =E25+F25 -> 0 | H25: =D25-G25 -> 3699.26 | I25: 10.99 | J25: =ROUND(D25*I25,2) -> 40654.87 | K25: =ROUND(E25*I25,2) -> 0 | L25: =ROUND(F25*I25,2) -> 0 | M25: =K25+L25 -> 0 | N25: =J25-M25 -> 40654.87 | O25: =IF((M25/J25)=0," ",(M25/J25)*100) | P25: =IF((N25/J25)=0," ",(N25/J25)*100) -> 100
A26: 01.03.003 | B26: Locação de Obra - Casas Tipo 02 | E26: ='BM 02 '!G26 -> 0 | G26: =E26+F26 -> 0 | H26: =D26-G26 -> 0 | J26: =J27 -> 3474.38 | K26: =K27 -> 0 | L26: =L27 -> 0 | M26: =M27 -> 0 | N26: =N27 -> 3474.38 | O26: =IF((M26/J26)=0," ",(M26/J26)*100) | P26: =IF((N26/J26)=0," ",(N26/J26)*100) -> 100
A27: 01.03.003.001 | B27: Locação de construção de edificação até 200m2, inclusive execução de gabarito de madeira | C27: m2 | D27: 316.14 | E27: ='BM 02 '!G27 -> 0 | G27: =E27+F27 -> 0 | H27: =D27-G27 -> 316.14 | I27: 10.99 | J27: =ROUND(D27*I27,2) -> 3474.38 | K27: =ROUND(E27*I27,2) -> 0 | L27: =ROUND(F27*I27,2) -> 0 | M27: =K27+L27 -> 0 | N27: =J27-M27 -> 3474.38 | O27: =IF((M27/J27)=0," ",(M27/J27)*100) | P27: =IF((N27/J27)=0," ",(N27/J27)*100) -> 100
A28: 01.03.004 | B28: INSTALAÇÃO DO CANTEIRO | E28: ='BM 02 '!G28 -> 0 | G28: =E28+F28 -> 0 | H28: =D28-G28 -> 0 | J28: =SUM(J29:J54) -> 523536.23 | K28: =SUM(K29:K54) -> 113155 | L28: =SUM(L29:L54) -> 109254.99 | M28: =SUM(M29:M54) -> 222409.99 | N28: =SUM(N29:N54) -> 301126.24 | O28: =IF((M28/J28)=0," ",(M28/J28)*100) -> 42.482254 | P28: =IF((N28/J28)=0," ",(N28/J28)*100) -> 57.517746
A29: 01.03.004.001 | B29: Barracão para Obras de Médio Porte Reaproveitamento 2 vezes | C29: m2 | D29: 80 | E29: ='BM 02 '!G29 -> 0 | G29: =E29+F29 -> 0 | H29: =D29-G29 -> 80 | I29: 289.31 | J29: =ROUND(D29*I29,2) -> 23144.8 | K29: =ROUND(E29*I29,2) -> 0 | L29: =ROUND(F29*I29,2) -> 0 | M29: =K29+L29 -> 0 | N29: =J29-M29 -> 23144.8 | O29: =IF((M29/J29)=0," ",(M29/J29)*100) | P29: =IF((N29/J29)=0," ",(N29/J29)*100) -> 100
A30: 01.03.004.002 | B30: Barracão para escritório de obra porte pequeno s=25,41m2 com materiais novos | C30: un | D30: 1 | E30: ='BM 02 '!G30 -> 0 | G30: =E30+F30 -> 0 | H30: =D30-G30 -> 1 | I30: 18137.15 | J30: =ROUND(D30*I30,2) -> 18137.15 | K30: =ROUND(E30*I30,2) -> 0 | L30: =ROUND(F30*I30,2) -> 0 | M30: =K30+L30 -> 0 | N30: =J30-M30 -> 18137.15 | O30: =IF((M30/J30)=0," ",(M30/J30)*100) | P30: =IF((N30/J30)=0," ",(N30/J30)*100) -> 100
A31: 01.03.004.003 | B31: Instalação provisória de energia elétrica, aerea, trifasica, em poste galvanizado, exclusive fornecimento do medidor | C31: un | D31: 1 | E31: ='BM 02 '!G31 -> 0 | G31: =E31+F31 -> 0 | H31: =D31-G31 -> 1 | I31: 1886.97 | J31: =ROUND(D31*I31,2) -> 1886.97 | K31: =ROUND(E31*I31,2) -> 0 | L31: =ROUND(F31*I31,2) -> 0 | M31: =K31+L31 -> 0 | N31: =J31-M31 -> 1886.97 | O31: =IF((M31/J31)=0," ",(M31/J31)*100) | P31: =IF((N31/J31)=0," ",(N31/J31)*100) -> 100
A32: 01.03.004.004 | B32: Ligação Predial de Água em Mureta de Concreto, Provisória ou Definitiva, com Fornecimento de Material, inclusive Mureta e Hidrômetro, Rede DN 50mm - Rev 03_10/2022 | C32: UN | D32: 1 | E32: ='BM 02 '!G32 -> 0 | G32: =E32+F32 -> 0 | H32: =D32-G32 -> 1 | I32: 652.4 | J32: =ROUND(D32*I32,2) -> 652.4 | K32: =ROUND(E32*I32,2) -> 0 | L32: =ROUND(F32*I32,2) -> 0 | M32: =K32+L32 -> 0 | N32: =J32-M32 -> 652.4 | O32: =IF((M32/J32)=0," ",(M32/J32)*100) | P32: =IF((N32/J32)=0," ",(N32/J32)*100) -> 100
A33: 01.03.004.005 | B33: Aluguel de banheiro químico, com 03 limpezas semanais | C33: mês | D33: 44 | E33: ='BM 02 '!G33 -> 0 | F33: 7 | G33: =E33+F33 -> 7 | H33: =D33-G33 -> 37 | I33: 644.07 | J33: =ROUND(D33*I33,2) -> 28339.08 | K33: =ROUND(E33*I33,2) -> 0 | L33: =ROUND(F33*I33,2) -> 4508.49 | M33: =K33+L33 -> 4508.49 | N33: =J33-M33 -> 23830.59 | O33: =IF((M33/J33)=0," ",(M33/J33)*100) -> 15.909091 | P33: =IF((N33/J33)=0," ",(N33/J33)*100) -> 84.090909
A34: 01.03.004.006 | B34: Tapume em chapa galvanizada nº30, esp=0,35mm, h=2,00m, exclusive pintura | C34: m | D34: 912.28 | E34: ='BM 02 '!G34 -> 530 | F34: =D34-E34 -> 382.28 | G34: =E34+F34 -> 912.28 | H34: =D34-G34 -> 0 | I34: 213.5 | J34: =ROUND(D34*I34,2) -> 194771.78 | K34: =ROUND(E34*I34,2) -> 113155 | L34: =ROUND(F34*I34,2) -> 81616.78 | M34: =K34+L34 -> 194771.78 | N34: =J34-M34 -> 0 | O34: =IF((M34/J34)=0," ",(M34/J34)*100) -> 100 | P34: =IF((N34/J34)=0," ",(N34/J34)*100)
A35: 01.03.004.007 | B35: Sondagem a trado para Estudo de Jazida | C35: m | D35: 100 | E35: ='BM 02 '!G35 -> 0 | G35: =E35+F35 -> 0 | H35: =D35-G35 -> 100 | I35: 120.34 | J35: =ROUND(D35*I35,2) -> 12034 | K35: =ROUND(E35*I35,2) -> 0 | L35: =ROUND(F35*I35,2) -> 0 | M35: =K35+L35 -> 0 | N35: =J35-M35 -> 12034 | O35: =IF((M35/J35)=0," ",(M35/J35)*100) | P35: =IF((N35/J35)=0," ",(N35/J35)*100) -> 100
A36: 01.03.004.008 | B36: Sondagem a percussão | C36: m | D36: 124 | E36: ='BM 02 '!G36 -> 0 | F36: =D36 -> 124 | G36: =E36+F36 -> 124 | H36: =D36-G36 -> 0 | I36: 186.53 | J36: =ROUND(D36*I36,2) -> 23129.72 | K36: =ROUND(E36*I36,2) -> 0 | L36: =ROUND(F36*I36,2) -> 23129.72 | M36: =K36+L36 -> 23129.72 | N36: =J36-M36 -> 0 | O36: =IF((M36/J36)=0," ",(M36/J36)*100) -> 100 | P36: =IF((N36/J36)=0," ",(N36/J36)*100)
A37: 01.03.004.009 | B37: Ensaio - Granulometria combinada (peneiramento + sedimentação) | C37: un | D37: 5 | E37: ='BM 02 '!G37 -> 0 | G37: =E37+F37 -> 0 | H37: =D37-G37 -> 5 | I37: 746.11 | J37: =ROUND(D37*I37,2) -> 3730.55 | K37: =ROUND(E37*I37,2) -> 0 | L37: =ROUND(F37*I37,2) -> 0 | M37: =K37+L37 -> 0 | N37: =J37-M37 -> 3730.55 | O37: =IF((M37/J37)=0," ",(M37/J37)*100) | P37: =IF((N37/J37)=0," ",(N37/J37)*100) -> 100
A38: 01.03.004.010 | B38: Ensaio - Granulometria por peneiramento | C38: un | D38: 24 | E38: ='BM 02 '!G38 -> 0 | G38: =E38+F38 -> 0 | H38: =D38-G38 -> 24 | I38: 198.56 | J38: =ROUND(D38*I38,2) -> 4765.44 | K38: =ROUND(E38*I38,2) -> 0 | L38: =ROUND(F38*I38,2) -> 0 | M38: =K38+L38 -> 0 | N38: =J38-M38 -> 4765.44 | O38: =IF((M38/J38)=0," ",(M38/J38)*100) | P38: =IF((N38/J38)=0," ",(N38/J38)*100) -> 100
A39: 01.03.004.011 | B39: Ensaio - Compactação Proctor Normal com reuso de material (6 pontos) | C39: un | D39: 32 | E39: ='BM 02 '!G39 -> 0 | G39: =E39+F39 -> 0 | H39: =D39-G39 -> 32 | I39: 264.75 | J39: =ROUND(D39*I39,2) -> 8472 | K39: =ROUND(E39*I39,2) -> 0 | L39: =ROUND(F39*I39,2) -> 0 | M39: =K39+L39 -> 0 | N39: =J39-M39 -> 8472 | O39: =IF((M39/J39)=0," ",(M39/J39)*100) | P39: =IF((N39/J39)=0," ",(N39/J39)*100) -> 100
A40: 01.03.004.012 | B40: Ensaio - Índice de Suporte Califórnia - CBR | C40: un | D40: 19 | E40: ='BM 02 '!G40 -> 0 | G40: =E40+F40 -> 0 | H40: =D40-G40 -> 19 | I40: 342.97 | J40: =ROUND(D40*I40,2) -> 6516.43 | K40: =ROUND(E40*I40,2) -> 0 | L40: =ROUND(F40*I40,2) -> 0 | M40: =K40+L40 -> 0 | N40: =J40-M40 -> 6516.43 | O40: =IF((M40/J40)=0," ",(M40/J40)*100) | P40: =IF((N40/J40)=0," ",(N40/J40)*100) -> 100
A41: 01.03.004.013 | B41: Ensaio - Limite de liquidez | C41: un | D41: 29 | E41: ='BM 02 '!G41 -> 0 | G41: =E41+F41 -> 0 | H41: =D41-G41 -> 29 | I41: 198.56 | J41: =ROUND(D41*I41,2) -> 5758.24 | K41: =ROUND(E41*I41,2) -> 0 | L41: =ROUND(F41*I41,2) -> 0 | M41: =K41+L41 -> 0 | N41: =J41-M41 -> 5758.24 | O41: =IF((M41/J41)=0," ",(M41/J41)*100) | P41: =IF((N41/J41)=0," ",(N41/J41)*100) -> 100
A42: 01.03.004.014 | B42: Ensaio - Limite de plasticidade | C42: un | D42: 29 | E42: ='BM 02 '!G42 -> 0 | G42: =E42+F42 -> 0 | H42: =D42-G42 -> 29 | I42: 198.56 | J42: =ROUND(D42*I42,2) -> 5758.24 | K42: =ROUND(E42*I42,2) -> 0 | L42: =ROUND(F42*I42,2) -> 0 | M42: =K42+L42 -> 0 | N42: =J42-M42 -> 5758.24 | O42: =IF((M42/J42)=0," ",(M42/J42)*100) | P42: =IF((N42/J42)=0," ",(N42/J42)*100) -> 100
A43: 01.03.004.015 | B43: Ensaio - Equivalente de Areia | C43: un | D43: 6 | E43: ='BM 02 '!G43 -> 0 | G43: =E43+F43 -> 0 | H43: =D43-G43 -> 6 | I43: 210.59 | J43: =ROUND(D43*I43,2) -> 1263.54 | K43: =ROUND(E43*I43,2) -> 0 | L43: =ROUND(F43*I43,2) -> 0 | M43: =K43+L43 -> 0 | N43: =J43-M43 -> 1263.54 | O43: =IF((M43/J43)=0," ",(M43/J43)*100) | P43: =IF((N43/J43)=0," ",(N43/J43)*100) -> 100
A44: 01.03.004.016 | B44: Ensaio - Determinação da massa aparente in situ do solo | C44: un | D44: 48 | E44: ='BM 02 '!G44 -> 0 | G44: =E44+F44 -> 0 | H44: =D44-G44 -> 48 | I44: 172.87 | J44: =ROUND(D44*I44,2) -> 8297.76 | K44: =ROUND(E44*I44,2) -> 0 | L44: =ROUND(F44*I44,2) -> 0 | M44: =K44+L44 -> 0 | N44: =J44-M44 -> 8297.76 | O44: =IF((M44/J44)=0," ",(M44/J44)*100) | P44: =IF((N44/J44)=0," ",(N44/J44)*100) -> 100
A45: 01.03.004.017 | B45: Ensaio - Impureza orgânica | C45: un | D45: 13 | E45: ='BM 02 '!G45 -> 0 | G45: =E45+F45 -> 0 | H45: =D45-G45 -> 13 | I45: 185.14 | J45: =ROUND(D45*I45,2) -> 2406.82 | K45: =ROUND(E45*I45,2) -> 0 | L45: =ROUND(F45*I45,2) -> 0 | M45: =K45+L45 -> 0 | N45: =J45-M45 -> 2406.82 | O45: =IF((M45/J45)=0," ",(M45/J45)*100) | P45: =IF((N45/J45)=0," ",(N45/J45)*100) -> 100
A46: 01.03.004.018 | B46: Ensaio - Compactação Proctor Intermediário com reuso de material (6 pontos) | C46: un | D46: 34 | E46: ='BM 02 '!G46 -> 0 | G46: =E46+F46 -> 0 | H46: =D46-G46 -> 34 | I46: 264.75 | J46: =ROUND(D46*I46,2) -> 9001.5 | K46: =ROUND(E46*I46,2) -> 0 | L46: =ROUND(F46*I46,2) -> 0 | M46: =K46+L46 -> 0 | N46: =J46-M46 -> 9001.5 | O46: =IF((M46/J46)=0," ",(M46/J46)*100) | P46: =IF((N46/J46)=0," ",(N46/J46)*100) -> 100
A47: 01.03.004.019 | B47: Ensaio - Emissão de relatório com a determinação do fator de empolamento dos materiais no estado: natural(solto), solto/transporte(compactado) | C47: un | D47: 27 | E47: ='BM 02 '!G47 -> 0 | G47: =E47+F47 -> 0 | H47: =D47-G47 -> 27 | I47: 864.34 | J47: =ROUND(D47*I47,2) -> 23337.18 | K47: =ROUND(E47*I47,2) -> 0 | L47: =ROUND(F47*I47,2) -> 0 | M47: =K47+L47 -> 0 | N47: =J47-M47 -> 23337.18 | O47: =IF((M47/J47)=0," ",(M47/J47)*100) | P47: =IF((N47/J47)=0," ",(N47/J47)*100) -> 100
A48: 01.03.004.020 | B48: Projeto de estrutura de contenção / estabilidade de taludes, desnível até 3,00 m. Observação: A área compreende o desnível X comprimento longitudinal. | C48: m2 | D48: 1263.22 | E48: ='BM 02 '!G48 -> 0 | G48: =E48+F48 -> 0 | H48: =D48-G48 -> 1263.22 | I48: 20.46 | J48: =ROUND(D48*I48,2) -> 25845.48 | K48: =ROUND(E48*I48,2) -> 0 | L48: =ROUND(F48*I48,2) -> 0 | M48: =K48+L48 -> 0 | N48: =J48-M48 -> 25845.48 | O48: =IF((M48/J48)=0," ",(M48/J48)*100) | P48: =IF((N48/J48)=0," ",(N48/J48)*100) -> 100
... A54: 01.03.004.026 | B54: Serviços de Arqueologia (incluso 10% repasse) | C54: un | D54: 1 | E54: ='BM 02 '!G54 -> 0 | G54: =E54+F54 -> 0 | H54: =D54-G54 -> 1 | I54: 108316.72 | J54: =ROUND(D54*I54,2) -> 108316.72 | K54: =ROUND(E54*I54,2) -> 0 | L54: =ROUND(F54*I54,2) -> 0 | M54: =K54+L54 -> 0 | N54: =J54-M54 -> 108316.72 | O54: =IF((M54/J54)=0," ",(M54/J54)*100) | P54: =IF((N54/J54)=0," ",(N54/J54)*100) -> 100
A55: 01.04 | B55: FRETE | G55: =E55+F55 -> 0 | J55: =J56+J58+J60 -> 119094.54 | K55: =K56+K58+K60 -> 0 | L55: =L56+L58+L60 -> 0 | M55: =M56+M58+M60 -> 0 | N55: =N56+N58+N60 -> 119094.54 | O55: =IF((M55/J55)=0," ",(M55/J55)*100) | P55: =IF((N55/J55)=0," ",(N55/J55)*100) -> 100
A56: 01.04.001 | B56: AGREGADOS | J56: =J57 -> 8474.97 | K56: =K57 -> 0 | L56: =L57 -> 0 | M56: =M57 -> 0 | N56: =N57 -> 8474.97 | O56: =IF((M56/J56)=0," ",(M56/J56)*100) | P56: =IF((N56/J56)=0," ",(N56/J56)*100) -> 100
A57: 01.04.001.001 | B57: Transporte comercial com caminhão basculante de 10m³, em rodovia pavimentada (densidade=1,5t/m³)( SICRO 5914389) | C57: tkm | D57: 11936.58 | E57: ='BM 02 '!G57 -> 0 | G57: =E57+F57 -> 0 | H57: =D57-G57 -> 11936.58 | I57: 0.71 | J57: =ROUND(D57*I57,2) -> 8474.97 | K57: =ROUND(E57*I57,2) -> 0 | L57: =ROUND(F57*I57,2) -> 0 | M57: =K57+L57 -> 0 | N57: =J57-M57 -> 8474.97 | O57: =IF((M57/J57)=0," ",(M57/J57)*100) | P57: =IF((N57/J57)=0," ",(N57/J57)*100) -> 100
A58: 01.04.002 | B58: BRITA | E58: ='BM 02 '!G58 -> 0 | G58: =E58+F58 -> 0 | J58: =J59 -> 110593.85 | K58: =K59 -> 0 | L58: =L59 -> 0 | M58: =M59 -> 0 | N58: =N59 -> 110593.85 | O58: =IF((M58/J58)=0," ",(M58/J58)*100) | P58: =IF((N58/J58)=0," ",(N58/J58)*100) -> 100
A59: 01.04.002.001 | B59: Transporte comercial com caminhão basculante de 10m³, em rodovia pavimentada (densidade=1,5t/m³)( SICRO 5914389) | C59: tkm | D59: 155765.99 | E59: ='BM 02 '!G59 -> 0 | G59: =E59+F59 -> 0 | H59: =D59-G59 -> 155765.99 | I59: 0.71 | J59: =ROUND(D59*I59,2) -> 110593.85 | K59: =ROUND(E59*I59,2) -> 0 | L59: =ROUND(F59*I59,2) -> 0 | M59: =K59+L59 -> 0 | N59: =J59-M59 -> 110593.85 | O59: =IF((M59/J59)=0," ",(M59/J59)*100) | P59: =IF((N59/J59)=0," ",(N59/J59)*100) -> 100
A60: 01.04.003 | B60: PEDRA CALCARIA | E60: ='BM 02 '!G60 -> 0 | G60: =E60+F60 -> 0 | J60: =J61 -> 25.72 | K60: =K61 -> 0 | L60: =L61 -> 0 | M60: =M61 -> 0 | N60: =N61 -> 25.72 | O60: =IF((M60/J60)=0," ",(M60/J60)*100) | P60: =IF((N60/J60)=0," ",(N60/J60)*100) -> 100
A61: 01.04.003.001 | B61: Transporte comercial com caminhão basculante de 10m³, em rodovia pavimentada (densidade=1,5t/m³)( SICRO 5914389) | C61: tkm | D61: 36.22 | E61: ='BM 02 '!G61 -> 0 | G61: =E61+F61 -> 0 | H61: =D61-G61 -> 36.22 | I61: 0.71 | J61: =ROUND(D61*I61,2) -> 25.72 | K61: =ROUND(E61*I61,2) -> 0 | L61: =ROUND(F61*I61,2) -> 0 | M61: =K61+L61 -> 0 | N61: =J61-M61 -> 25.72 | O61: =IF((M61/J61)=0," ",(M61/J61)*100) | P61: =IF((N61/J61)=0," ",(N61/J61)*100) -> 100
A62: 2 | B62: Infraestrutura do Conjunto Habitacional | J62: =J63+J68+J77+J96+J106+J142 -> 4260719.8 | K62: =K63+K68+K77+K96+K106+K142 -> 74919.09 | L62: =L63+L68+L77+L96+L106+L142 -> 211673.87 | M62: =M63+M68+M77+M96+M106+M142 -> 286592.96 | N62: =N63+N68+N77+N96+N106+N142 -> 3974126.9 | O62: =IF((M62/J62)=0," ",(M62/J62)*100) -> 6.7263977 | P62: =IF((N62/J62)=0," ",(N62/J62)*100) -> 93.273602
A63: 02.01 | B63: SERVIÇOS PRELIMINARES | J63: =SUM(J64:J67) -> 197379.9 | K63: =SUM(K64:K67) -> 74919.09 | L63: =SUM(L64:L67) -> 122460.68 | M63: =SUM(M64:M67) -> 197379.77 | N63: =SUM(N64:N67) -> 0.13 | O63: =IF((M63/J63)=0," ",(M63/J63)*100) -> 99.999934 | P63: =IF((N63/J63)=0," ",(N63/J63)*100) -> 6.5862836e-05
A64: 02.01.001 | B64: Limpeza mecanizada do terreno c/ trator esteira (vegetação rasteira) sem carga e transporte | C64: m2 | D64: 19838.68 | E64: ='BM 02 '!G64 -> 19838.68 | G64: =E64+F64 -> 19838.68 | H64: =D64-G64 -> 0 | I64: 0.69 | J64: =ROUND(D64*I64,2) -> 13688.69 | K64: =ROUND(E64*I64,2) -> 13688.69 | L64: =ROUND(F64*I64,2) -> 0 | M64: =K64+L64 -> 13688.69 | N64: =J64-M64 -> 0 | O64: =IF((M64/J64)=0," ",(M64/J64)*100) -> 100 | P64: =IF((N64/J64)=0," ",(N64/J64)*100)
A65: 02.01.002 | B65: Carga mecânica de material de 1ª categoria | C65: m3 | D65: 2479.84 | E65: ='BM 02 '!G65 -> 826.61333 | F65: 1653.23 | G65: =E65+F65 -> 2479.8433 | H65: =D65-G65 -> -0.0033333333 | I65: 1.18 | J65: =ROUND(D65*I65,2) -> 2926.21 | K65: =ROUND(E65*I65,2) -> 975.4 | L65: =ROUND(F65*I65,2) -> 1950.81 | M65: =K65+L65 -> 2926.21 | N65: =J65-M65 -> 0 | O65: =IF((M65/J65)=0," ",(M65/J65)*100) -> 100 | P65: =IF((N65/J65)=0," ",(N65/J65)*100)
A66: 02.01.003 | B66: Descarte de resíduos da construção civil em área licenciada | C66: t | D66: 3719.75 | E66: ='BM 02 '!G66 -> 1239.9167 | F66: 2479.83 | G66: =E66+F66 -> 3719.7467 | H66: =D66-G66 -> 0.0033333333 | I66: 36.1 | J66: =ROUND(D66*I66,2) -> 134282.98 | K66: =ROUND(E66*I66,2) -> 44760.99 | L66: =ROUND(F66*I66,2) -> 89521.86 | M66: =K66+L66 -> 134282.85 | N66: =J66-M66 -> 0.13 | O66: =IF((M66/J66)=0," ",(M66/J66)*100) -> 99.999903 | P66: =IF((N66/J66)=0," ",(N66/J66)*100) -> 9.6810482e-05
A67: 02.01.004 | B67: Transporte comercial com caminhão basculante de 10m³, em rodovia pavimentada (densidade=1,5t/m³)( SICRO 5914389) | C67: tkm | D67: 65467.64 | E67: ='BM 02 '!G67 -> 21822.547 | F67: 43645.09 | G67: =E67+F67 -> 65467.637 | H67: =D67-G67 -> 0.0033333333 | I67: 0.71 | J67: =ROUND(D67*I67,2) -> 46482.02 | K67: =ROUND(E67*I67,2) -> 15494.01 | L67: =ROUND(F67*I67,2) -> 30988.01 | M67: =K67+L67 -> 46482.02 | N67: =J67-M67 -> 0 | O67: =IF((M67/J67)=0," ",(M67/J67)*100) -> 100 | P67: =IF((N67/J67)=0," ",(N67/J67)*100)
A68: 02.02 | B68: MOVIMENTAÇÃO DE TERRA | G68: =E68+F68 -> 0 | J68: =SUM(J69:J76) -> 1454279.9 | K68: =SUM(K69:K76) -> 0 | L68: =SUM(L69:L76) -> 89213.19 | M68: =SUM(M69:M76) -> 89213.19 | N68: =SUM(N69:N76) -> 1365066.7 | O68: =IF((M68/J68)=0," ",(M68/J68)*100) -> 6.1345267 | P68: =IF((N68/J68)=0," ",(N68/J68)*100) -> 93.865473
A69: 02.02.001 | B69: Locação de serviços de terraplenagem de obras civis | C69: m2 | D69: 19838.68 | E69: ='BM 02 '!G69 -> 0 | F69: =D69 -> 19838.68 | G69: =E69+F69 -> 19838.68 | H69: =D69-G69 -> 0 | I69: 1.62 | J69: =ROUND(D69*I69,2) -> 32138.66 | K69: =ROUND(E69*I69,2) -> 0 | L69: =ROUND(F69*I69,2) -> 32138.66 | M69: =K69+L69 -> 32138.66 | N69: =J69-M69 -> 0 | O69: =IF((M69/J69)=0," ",(M69/J69)*100) -> 100 | P69: =IF((N69/J69)=0," ",(N69/J69)*100)
A70: 02.02.002 | B70: Escavação, carga e transporte de material de 1ª categoria, dmt 51 a 200m (SICRO 5501875) | C70: m3 | D70: 3446.53 | E70: ='BM 02 '!G70 -> 0 | F70: =D70 -> 3446.53 | G70: =E70+F70 -> 3446.53 | H70: =D70-G70 -> 0 | I70: 10.16 | J70: =ROUND(D70*I70,2) -> 35016.74 | K70: =ROUND(E70*I70,2) -> 0 | L70: =ROUND(F70*I70,2) -> 35016.74 | M70: =K70+L70 -> 35016.74 | N70: =J70-M70 -> 0 | O70: =IF((M70/J70)=0," ",(M70/J70)*100) -> 100 | P70: =IF((N70/J70)=0," ",(N70/J70)*100)
A71: 02.02.003 | B71: Areia fina adquirida em jazida (Terra Dura - Pedro Henrrique), inclusive carga, exclusive transporte | C71: m3 | D71: 10440.58 | E71: ='BM 02 '!G71 -> 0 | G71: =E71+F71 -> 0 | H71: =D71-G71 -> 10440.58 | I71: 21.66 | J71: =ROUND(D71*I71,2) -> 226142.96 | K71: =ROUND(E71*I71,2) -> 0 | L71: =ROUND(F71*I71,2) -> 0 | M71: =K71+L71 -> 0 | N71: =J71-M71 -> 226142.96 | O71: =IF((M71/J71)=0," ",(M71/J71)*100) | P71: =IF((N71/J71)=0," ",(N71/J71)*100) -> 100
A72: 02.02.004 | B72: Transporte comercial com caminhão basculante de 10m³, em rodovia pavimentada (densidade=1,5t/m³)( SICRO 5914389) | C72: tkm | D72: 239611.31 | E72: ='BM 02 '!G72 -> 0 | G72: =E72+F72 -> 0 | H72: =D72-G72 -> 239611.31 | I72: 0.71 | J72: =ROUND(D72*I72,2) -> 170124.03 | K72: =ROUND(E72*I72,2) -> 0 | L72: =ROUND(F72*I72,2) -> 0 | M72: =K72+L72 -> 0 | N72: =J72-M72 -> 170124.03 | O72: =IF((M72/J72)=0," ",(M72/J72)*100) | P72: =IF((N72/J72)=0," ",(N72/J72)*100) -> 100
A73: 02.02.005 | B73: Argila, argila vermelha ou argila arenosa (retirada na jazida, sem transporte) | C73: m3 | D73: 15660.87 | E73: ='BM 02 '!G73 -> 0 | G73: =E73+F73 -> 0 | H73: =D73-G73 -> 15660.87 | I73: 34.9 | J73: =ROUND(D73*I73,2) -> 546564.36 | K73: =ROUND(E73*I73,2) -> 0 | L73: =ROUND(F73*I73,2) -> 0 | M73: =K73+L73 -> 0 | N73: =J73-M73 -> 546564.36 | O73: =IF((M73/J73)=0," ",(M73/J73)*100) | P73: =IF((N73/J73)=0," ",(N73/J73)*100) -> 100
A74: 02.02.006 | B74: Transporte comercial com caminhão basculante de 10m³, em rodovia pavimentada (densidade=1,5t/m³)( SICRO 5914389) | C74: tkm | D74: 359416.97 | E74: ='BM 02 '!G74 -> 0 | G74: =E74+F74 -> 0 | H74: =D74-G74 -> 359416.97 | I74: 0.71 | J74: =ROUND(D74*I74,2) -> 255186.05 | K74: =ROUND(E74*I74,2) -> 0 | L74: =ROUND(F74*I74,2) -> 0 | M74: =K74+L74 -> 0 | N74: =J74-M74 -> 255186.05 | O74: =IF((M74/J74)=0," ",(M74/J74)*100) | P74: =IF((N74/J74)=0," ",(N74/J74)*100) -> 100
A75: 02.02.007 | B75: Espalhamento de material de 1ª categoria c/ trator esteira Cat - D-6 ou similar | C75: m3 | D75: 29547.99 | E75: ='BM 02 '!G75 -> 0 | F75: 3446.53 | G75: =E75+F75 -> 3446.53 | H75: =D75-G75 -> 26101.46 | I75: 0.55 | J75: =ROUND(D75*I75,2) -> 16251.39 | K75: =ROUND(E75*I75,2) -> 0 | L75: =ROUND(F75*I75,2) -> 1895.59 | M75: =K75+L75 -> 1895.59 | N75: =J75-M75 -> 14355.8 | O75: =IF((M75/J75)=0," ",(M75/J75)*100) -> 11.664171 | P75: =IF((N75/J75)=0," ",(N75/J75)*100) -> 88.335829
A76: 02.02.008 | B76: Compactação de aterros, com rolo vibratório pé de carneiro, a 100% do proctor normal( SICRO 5502978) | C76: m3 | D76: 29547.99 | E76: ='BM 02 '!G76 -> 0 | F76: 3446.53 | G76: =E76+F76 -> 3446.53 | H76: =D76-G76 -> 26101.46 | I76: 5.85 | J76: =ROUND(D76*I76,2) -> 172855.74 | K76: =ROUND(E76*I76,2) -> 0 | L76: =ROUND(F76*I76,2) -> 20162.2 | M76: =K76+L76 -> 20162.2 | N76: =J76-M76 -> 152693.54 | O76: =IF((M76/J76)=0," ",(M76/J76)*100) -> 11.664177 | P76: =IF((N76/J76)=0," ",(N76/J76)*100) -> 88.335823
A77: 02.03 | B77: DRENAGEM | G77: =E77+F77 -> 0 | J77: =SUM(J78:J95) -> 741043.26 | K77: =SUM(K78:K95) -> 0 | L77: =SUM(L78:L95) -> 0 | M77: =SUM(M78:M95) -> 0 | N77: =SUM(N78:N95) -> 741043.26 | O77: =IF((M77/J77)=0," ",(M77/J77)*100) | P77: =IF((N77/J77)=0," ",(N77/J77)*100) -> 100
A78: 02.03.001 | B78: Locação de rede de drenagem | C78: m | D78: 1383.56 | G78: =E78+F78 -> 0 | H78: =D78-G78 -> 1383.56 | I78: 1.99 | J78: =ROUND(D78*I78,2) -> 2753.28 | K78: =ROUND(E78*I78,2) -> 0 | L78: =ROUND(F78*I78,2) -> 0 | M78: =K78+L78 -> 0 | N78: =J78-M78 -> 2753.28 | O78: =IF((M78/J78)=0," ",(M78/J78)*100) | P78: =IF((N78/J78)=0," ",(N78/J78)*100) -> 100
A79: 02.03.002 | B79: Sinalização Diurna com Tela tapume em pvc - 10 usos | C79: m | D79: 1383.56 | G79: =E79+F79 -> 0 | H79: =D79-G79 -> 1383.56 | I79: 5.73 | J79: =ROUND(D79*I79,2) -> 7927.8 | K79: =ROUND(E79*I79,2) -> 0 | L79: =ROUND(F79*I79,2) -> 0 | M79: =K79+L79 -> 0 | N79: =J79-M79 -> 7927.8 | O79: =IF((M79/J79)=0," ",(M79/J79)*100) | P79: =IF((N79/J79)=0," ",(N79/J79)*100) -> 100
A80: 02.03.003 | B80: Caixa de passagem em alvenaria de tijolos maciços esp. = 0,12m, dim. int. = 0.60 x 0.60 x 0.80m | C80: un | D80: 59 | G80: =E80+F80 -> 0 | H80: =D80-G80 -> 59 | I80: 634.02 | J80: =ROUND(D80*I80,2) -> 37407.18 | K80: =ROUND(E80*I80,2) -> 0 | L80: =ROUND(F80*I80,2) -> 0 | M80: =K80+L80 -> 0 | N80: =J80-M80 -> 37407.18 | O80: =IF((M80/J80)=0," ",(M80/J80)*100) | P80: =IF((N80/J80)=0," ",(N80/J80)*100) -> 100
A81: 02.03.004 | B81: Caixa de passagem em alvenaria de tijolos maciços esp. = 0,12m, dim. int. = 0.60 x 0.60 x 1,00m | C81: un | D81: 21 | G81: =E81+F81 -> 0 | H81: =D81-G81 -> 21 | I81: 738.14 | J81: =ROUND(D81*I81,2) -> 15500.94 | K81: =ROUND(E81*I81,2) -> 0 | L81: =ROUND(F81*I81,2) -> 0 | M81: =K81+L81 -> 0 | N81: =J81-M81 -> 15500.94 | O81: =IF((M81/J81)=0," ",(M81/J81)*100) | P81: =IF((N81/J81)=0," ",(N81/J81)*100) -> 100
A82: 02.03.005 | B82: Boca de lobo simples, em alvenaria de tijolos maciços esp . = 0,18m, altura entre 1,01 e 1,50m - R1 | C82: un | D82: 24 | G82: =E82+F82 -> 0 | H82: =D82-G82 -> 24 | I82: 2510.1 | J82: =ROUND(D82*I82,2) -> 60242.4 | K82: =ROUND(E82*I82,2) -> 0 | L82: =ROUND(F82*I82,2) -> 0 | M82: =K82+L82 -> 0 | N82: =J82-M82 -> 60242.4 | O82: =IF((M82/J82)=0," ",(M82/J82)*100) | P82: =IF((N82/J82)=0," ",(N82/J82)*100) -> 100
A83: 02.03.006 | B83: Escavação com retro-escavadeira de pneus, de valas, em material de 1ª categoria até 1,50m de profundidade | C83: m3 | D83: 1426.79 | G83: =E83+F83 -> 0 | H83: =D83-G83 -> 1426.79 | I83: 12.15 | J83: =ROUND(D83*I83,2) -> 17335.5 | K83: =ROUND(E83*I83,2) -> 0 | L83: =ROUND(F83*I83,2) -> 0 | M83: =K83+L83 -> 0 | N83: =J83-M83 -> 17335.5 | O83: =IF((M83/J83)=0," ",(M83/J83)*100) | P83: =IF((N83/J83)=0," ",(N83/J83)*100) -> 100
A84: 02.03.007 | B84: Compactação manual com placa vibratória sem controle do grau de compactação | C84: m3 | D84: 1161.32 | G84: =E84+F84 -> 0 | H84: =D84-G84 -> 1161.32 | I84: 12.19 | J84: =ROUND(D84*I84,2) -> 14156.49 | K84: =ROUND(E84*I84,2) -> 0 | L84: =ROUND(F84*I84,2) -> 0 | M84: =K84+L84 -> 0 | N84: =J84-M84 -> 14156.49 | O84: =IF((M84/J84)=0," ",(M84/J84)*100) | P84: =IF((N84/J84)=0," ",(N84/J84)*100) -> 100
A85: 02.03.008 | B85: Reaterro mecanizado de vala com retroescavadeira (capacidade da caçamba da retro: 0,26 m³/potência: 88 hp), largura até 0,8 m, profundidade de 1,5 a 3,0 m, com solo (sem substituição) de 1ª categoria, com placa vibratória. af_08/2023 | C85: m3 | D85: 1156.02 | G85: =E85+F85 -> 0 | H85: =D85-G85 -> 1156.02 | I85: 12.83 | J85: =ROUND(D85*I85,2) -> 14831.74 | K85: =ROUND(E85*I85,2) -> 0 | L85: =ROUND(F85*I85,2) -> 0 | M85: =K85+L85 -> 0 | N85: =J85-M85 -> 14831.74 | O85: =IF((M85/J85)=0," ",(M85/J85)*100) | P85: =IF((N85/J85)=0," ",(N85/J85)*100) -> 100
A86: 02.03.009 | B86: Concreto magro para lastro, traço 1:4,5:4,5 (em massa seca de cimento/ areia média/ brita 1) - preparo mecânico com betoneira 400 l. af_05/2021 | C86: m3 | D86: 34.84 | G86: =E86+F86 -> 0 | H86: =D86-G86 -> 34.84 | I86: 503.5 | J86: =ROUND(D86*I86,2) -> 17541.94 | K86: =ROUND(E86*I86,2) -> 0 | L86: =ROUND(F86*I86,2) -> 0 | M86: =K86+L86 -> 0 | N86: =J86-M86 -> 17541.94 | O86: =IF((M86/J86)=0," ",(M86/J86)*100) | P86: =IF((N86/J86)=0," ",(N86/J86)*100) -> 100
A87: 02.03.010 | B87: Carga mecânica de material de 1ª categoria | C87: m3 | D87: 352 | G87: =E87+F87 -> 0 | H87: =D87-G87 -> 352 | I87: 1.18 | J87: =ROUND(D87*I87,2) -> 415.36 | K87: =ROUND(E87*I87,2) -> 0 | L87: =ROUND(F87*I87,2) -> 0 | M87: =K87+L87 -> 0 | N87: =J87-M87 -> 415.36 | O87: =IF((M87/J87)=0," ",(M87/J87)*100) | P87: =IF((N87/J87)=0," ",(N87/J87)*100) -> 100
A88: 02.03.011 | B88: Descarte de resíduos da construção civil em área licenciada | C88: t | D88: 528 | G88: =E88+F88 -> 0 | H88: =D88-G88 -> 528 | I88: 36.1 | J88: =ROUND(D88*I88,2) -> 19060.8 | K88: =ROUND(E88*I88,2) -> 0 | L88: =ROUND(F88*I88,2) -> 0 | M88: =K88+L88 -> 0 | N88: =J88-M88 -> 19060.8 | O88: =IF((M88/J88)=0," ",(M88/J88)*100) | P88: =IF((N88/J88)=0," ",(N88/J88)*100) -> 100
A89: 02.03.012 | B89: Transporte comercial com caminhão basculante de 10m³, em rodovia pavimentada (densidade=1,5t/m³)( SICRO 5914389) | C89: tkm | D89: 9292.78 | G89: =E89+F89 -> 0 | H89: =D89-G89 -> 9292.78 | I89: 0.71 | J89: =ROUND(D89*I89,2) -> 6597.87 | K89: =ROUND(E89*I89,2) -> 0 | L89: =ROUND(F89*I89,2) -> 0 | M89: =K89+L89 -> 0 | N89: =J89-M89 -> 6597.87 | O89: =IF((M89/J89)=0," ",(M89/J89)*100) | P89: =IF((N89/J89)=0," ",(N89/J89)*100) -> 100
... A95: 02.03.018 | B95: Poço de visita em alvenaria tij. maciços esp. = 0,20m, dim. int. = 1.50 x 1.50 x 2.40m, laje sup.c.a. esp. = 0,15m, inclusive tampão td-600 - R1 | C95: un | D95: 17 | G95: =E95+F95 -> 0 | H95: =D95-G95 -> 17 | I95: 7201.46 | J95: =ROUND(D95*I95,2) -> 122424.82 | K95: =ROUND(E95*I95,2) -> 0 | L95: =ROUND(F95*I95,2) -> 0 | M95: =K95+L95 -> 0 | N95: =J95-M95 -> 122424.82 | O95: =IF((M95/J95)=0," ",(M95/J95)*100) | P95: =IF((N95/J95)=0," ",(N95/J95)*100) -> 100
A96: 02.04 | B96: REDE DE ABASTECIMENTO DE ÁGUA | G96: =E96+F96 -> 0 | J96: =SUM(J97:J105) -> 96595.1 | K96: =SUM(K97:K105) -> 0 | L96: =SUM(L97:L105) -> 0 | M96: =SUM(M97:M105) -> 0 | N96: =SUM(N97:N105) -> 96595.1 | O96: =IF((M96/J96)=0," ",(M96/J96)*100) | P96: =IF((N96/J96)=0," ",(N96/J96)*100) -> 100
A97: 02.04.001 | B97: Locação de rede de água ou esgoto. af_03/2024 | C97: m | D97: 765.3 | G97: =E97+F97 -> 0 | H97: =D97-G97 -> 765.3 | I97: 9.1 | J97: =ROUND(D97*I97,2) -> 6964.23 | K97: =ROUND(E97*I97,2) -> 0 | L97: =ROUND(F97*I97,2) -> 0 | M97: =K97+L97 -> 0 | N97: =J97-M97 -> 6964.23 | O97: =IF((M97/J97)=0," ",(M97/J97)*100) | P97: =IF((N97/J97)=0," ",(N97/J97)*100) -> 100
A98: 02.04.002 | B98: Fornecimento de tubo de polietileno de alta densidade (pead), PE80, pn12,5 , sdr-11, d= 75mm x 6,9mm - Rev 01_11/2021 | C98: m | D98: 765.3 | G98: =E98+F98 -> 0 | H98: =D98-G98 -> 765.3 | I98: 70.56 | J98: =ROUND(D98*I98,2) -> 53999.57 | K98: =ROUND(E98*I98,2) -> 0 | L98: =ROUND(F98*I98,2) -> 0 | M98: =K98+L98 -> 0 | N98: =J98-M98 -> 53999.57 | O98: =IF((M98/J98)=0," ",(M98/J98)*100) | P98: =IF((N98/J98)=0," ",(N98/J98)*100) -> 100
A99: 02.04.003 | B99: Tubo pvc rígido soldável marrom p/ água, d = 20 mm (1/2") | C99: m | D99: 765.3 | G99: =E99+F99 -> 0 | H99: =D99-G99 -> 765.3 | I99: 14.19 | J99: =ROUND(D99*I99,2) -> 10859.61 | K99: =ROUND(E99*I99,2) -> 0 | L99: =ROUND(F99*I99,2) -> 0 | M99: =K99+L99 -> 0 | N99: =J99-M99 -> 10859.61 | O99: =IF((M99/J99)=0," ",(M99/J99)*100) | P99: =IF((N99/J99)=0," ",(N99/J99)*100) -> 100
A100: 02.04.004 | B100: Colar de tomada, pvc, com travas, de 75 mm x 1/2" ou 75 mm x 3/4", para ligação predial de água. af_06/2022 | C100: un | D100: 80 | G100: =E100+F100 -> 0 | H100: =D100-G100 -> 80 | I100: 22.9 | J100: =ROUND(D100*I100,2) -> 1832 | K100: =ROUND(E100*I100,2) -> 0 | L100: =ROUND(F100*I100,2) -> 0 | M100: =K100+L100 -> 0 | N100: =J100-M100 -> 1832 | O100: =IF((M100/J100)=0," ",(M100/J100)*100) | P100: =IF((N100/J100)=0," ",(N100/J100)*100) -> 100
A101: 02.04.005 | B101: Cap de pvc rígido soldável, marrom, diâm = 75mm | C101: un | D101: 6 | G101: =E101+F101 -> 0 | H101: =D101-G101 -> 6 | I101: 28.47 | J101: =ROUND(D101*I101,2) -> 170.82 | K101: =ROUND(E101*I101,2) -> 0 | L101: =ROUND(F101*I101,2) -> 0 | M101: =K101+L101 -> 0 | N101: =J101-M101 -> 170.82 | O101: =IF((M101/J101)=0," ",(M101/J101)*100) | P101: =IF((N101/J101)=0," ",(N101/J101)*100) -> 100
A102: 02.04.006 | B102: Fornecimento de curva 22º 30` de pvc junta elástica, ponta / bolsa, diam. = 75mm | C102: un | D102: 5 | G102: =E102+F102 -> 0 | H102: =D102-G102 -> 5 | I102: 218.25 | J102: =ROUND(D102*I102,2) -> 1091.25 | K102: =ROUND(E102*I102,2) -> 0 | L102: =ROUND(F102*I102,2) -> 0 | M102: =K102+L102 -> 0 | N102: =J102-M102 -> 1091.25 | O102: =IF((M102/J102)=0," ",(M102/J102)*100) | P102: =IF((N102/J102)=0," ",(N102/J102)*100) -> 100
A103: 02.04.007 | B103: Tê 90º de pvc rígido soldável, marrom diâm = 75mm | C103: un | D103: 2 | G103: =E103+F103 -> 0 | H103: =D103-G103 -> 2 | I103: 82.93 | J103: =ROUND(D103*I103,2) -> 165.86 | K103: =ROUND(E103*I103,2) -> 0 | L103: =ROUND(F103*I103,2) -> 0 | M103: =K103+L103 -> 0 | N103: =J103-M103 -> 165.86 | O103: =IF((M103/J103)=0," ",(M103/J103)*100) | P103: =IF((N103/J103)=0," ",(N103/J103)*100) -> 100
A104: 02.04.008 | B104: Cruzeta PVC PBA JE BBBB, para rede de água, DN 75 / DE 85mm - Rev 02 | C104: un | D104: 1 | G104: =E104+F104 -> 0 | H104: =D104-G104 -> 1 | I104: 280.56 | J104: =ROUND(D104*I104,2) -> 280.56 | K104: =ROUND(E104*I104,2) -> 0 | L104: =ROUND(F104*I104,2) -> 0 | M104: =K104+L104 -> 0 | N104: =J104-M104 -> 280.56 | O104: =IF((M104/J104)=0," ",(M104/J104)*100) | P104: =IF((N104/J104)=0," ",(N104/J104)*100) -> 100
A105: 02.04.009 | B105: Mureta Pré-Moldada para Ligações Domiciliares de Água | C105: un | D105: 80 | G105: =E105+F105 -> 0 | H105: =D105-G105 -> 80 | I105: 265.39 | J105: =ROUND(D105*I105,2) -> 21231.2 | K105: =ROUND(E105*I105,2) -> 0 | L105: =ROUND(F105*I105,2) -> 0 | M105: =K105+L105 -> 0 | N105: =J105-M105 -> 21231.2 | O105: =IF((M105/J105)=0," ",(M105/J105)*100) | P105: =IF((N105/J105)=0," ",(N105/J105)*100) -> 100
A106: 02.05 | B106: PAVIMENTAÇÃO | J106: =J107+J109+J114+J119+J128+J134 -> 763285.03 | K106: =K107+K109+K114+K119+K129+K134 -> 0 | L106: =L107+L109+L114+L119+L129+L134 -> 0 | M106: =M107+M109+M114+M119+M129+M134 -> 0 | N106: =N107+N109+N114+N119+N128+N134 -> 763285.03 | O106: =IF((M106/J106)=0," ",(M106/J106)*100) | P106: =IF((N106/J106)=0," ",(N106/J106)*100) -> 100
A107: 02.05.001 | B107: REGULARIZAÇÃO | J107: =J108 -> 6352.51 | K107: =K108 -> 0 | L107: =L108 -> 0 | M107: =M108 -> 0 | N107: =N108 -> 6352.51 | O107: =IF((M107/J107)=0," ",(M107/J107)*100) | P107: =IF((N107/J107)=0," ",(N107/J107)*100) -> 100
A108: 02.05.001.001 | B108: Regularização do subleito (SICRO 4011209) | C108: m2 | D108: 4537.51 | H108: =D108-G108 -> 4537.51 | I108: 1.4 | J108: =ROUND(D108*I108,2) -> 6352.51 | K108: =ROUND(E108*J108,2) -> 0 | L108: =ROUND(F108*K108,2) -> 0 | M108: =ROUND(G108*L108,2) -> 0 | N108: =J108-M108 -> 6352.51 | O108: =IF((M108/J108)=0," ",(M108/J108)*100) | P108: =IF((N108/J108)=0," ",(N108/J108)*100) -> 100
A109: 02.05.002 | B109: SUB-BASE | J109: =J111+J113+J112 -> 27684.84 | K109: =K111+K113+K112 -> 0 | L109: =L111+L113+L112 -> 0 | M109: =M111+M113+M112 -> 0 | N109: =N111+N113+N112 -> 27684.84 | O109: =IF((M109/J109)=0," ",(M109/J109)*100) | P109: =IF((N109/J109)=0," ",(N109/J109)*100) -> 100
A110: 02.05.002.001 | B110: AQUISIÇÃO DE MATERIAL | O110: =IF((M110/J110)=0," ",(M110/J110)*100) -> #DIV/0! | P110: =IF((N110/J110)=0," ",(N110/J110)*100) -> #DIV/0!
A111: 02.05.002.002 | B111: Material para sub-base (adquirido solto na jazida) inclusive limpeza da área, corte e carga (posto na caçamba), exclusive transporte (Ruy - Rita Cacete / São Cristóvão) | C111: m3 | D111: 680.59 | G111: =E111+F111 -> 0 | H111: =D111-G111 -> 680.59 | I111: 18.93 | J111: =ROUND(D111*I111,2) -> 12883.57 | K111: =ROUND(E111*I111,2) -> 0 | L111: =ROUND(F111*I111,2) -> 0 | M111: =K111+L111 -> 0 | N111: =J111-M111 -> 12883.57 | O111: =IF((M111/J111)=0," ",(M111/J111)*100) | P111: =IF((N111/J111)=0," ",(N111/J111)*100) -> 100
A112: 02.05.002.003 | B112: Carga mecânica de material de 1ª categoria | C112: m3 | D112: 884.77 | G112: =E112+F112 -> 0 | H112: =D112-G112 -> 884.77 | I112: 1.18 | J112: =ROUND(D112*I112,2) -> 1044.03 | K112: =ROUND(E112*I112,2) -> 0 | L112: =ROUND(F112*I112,2) -> 0 | M112: =K112+L112 -> 0 | N112: =J112-M112 -> 1044.03 | O112: =IF((M112/J112)=0," ",(M112/J112)*100) | P112: =IF((N112/J112)=0," ",(N112/J112)*100) -> 100
...

Sheet MEMORIAL DE CÁLCULO 03
A1: MEMÓRIA DE CÁLCULO - 3ª MEDIÇÃO - CONJUNTO LOURDES AZEVEDO
A2: ITEM | B2: DESCRIÇÃO DO SERVIÇO | C2: Largura | D2: Comprimento | E2: Altura | F2: Quantidade | G2: Total | I2: Unidade | J2: Observação/Justificativa
A3: 01.01 | B3: ADMINISTRAÇÃO DA OBRA
A4: 01.01.001 | B4: Equipe Dirigente | H4: ='BM 03 '!F15 -> 0.027724279 | I4: un | J4: medido proporcionalmente
A5: 01.01.002 | B5: Equipamentos de Apoio à Produção | H5: ='BM 03 '!F16 -> 0.027724279 | I5: un | J5: medido proporcionalmente
A6: 01.01.003 | B6: Manutenção do Canteiro | H6: ='BM 03 '!F17 -> 0.027724279 | I6: un | J6: medido proporcionalmente
A7: 01.03 | B7: SERVIÇOS PRELIMINARES/INSTALAÇÃO CANTEIRO/MOBILIZAÇÃO
A8: 01.03.004 | B8: INSTALAÇÃO DO CANTEIRO
A9: 01.03.004.005 | B9: Aluguel de banheiro químico, com 03 limpezas semanais | H9: ='BM 03 '!F33 -> 7 | I9: mês | J9: Referente ao consumo de uma unidade mensal.
A10: 01.03.004.006 | B10: Tapume em chapa galvanizada nº30, esp=0,35mm, h=2,00m, exclusive pinturaNIT | D10: 382.28 | H10: ='BM 03 '!F34 -> 382.28 | I10: m | J10: Fechamento total do empreendimento com telha para tapume.
A11: 01.03.004.008 | B11: Sondagem a percussão | D11: 124 | H11: ='BM 03 '!F36 -> 124 | I11: m | J11: Ensaio já realizado.
A12: 2 | B12: Infraestrutura do Conjunto Habitacional
A13: 02.01 | B13: SERVIÇOS PRELIMINARES
A14: 02.01.002 | B14: Carga mecânica de material de 1ª categoria | H14: ='BM 03 '!F65 -> 1653.23 | I14: m3 | J14: Carga Mecanizada de Material oriunda da Limpeza do Terreno (2/3 do material)
A15: 02.01.003 | B15: Descarte de resíduos da construção civil em área licenciada | D15: Fator de Empolamento | F15: 1.5 | G15: =F15*H14 -> 2479.845 | H15: ='BM 03 '!F66 -> 2479.83 | I15: t | J15: Descarte de Material oriunda da Limpeza do Terreno atráves de caçambas (2/3)
A16: 02.01.004 | B16: Transporte comercial com caminhão basculante de 10m³, em rodovia pavimentada (densidade=1,5t/m³)( SICRO 5914389) | D16: DMT | F16: 17.6 | G16: =F16*H15 -> 43645.008 | H16: ='BM 03 '!F67 -> 43645.09 | I16: tkm | J16: Descarte de Material oriunda da Limpeza do Terreno atráves de caçambas (2/3)
A17: 02.02 | B17: MOVIMENTAÇÃO DE TERRA
A18: 02.02.001 | B18: Locação de serviços de terraplenagem de obras civis | H18: ='BM 03 '!F69 -> 19838.68 | I18: m2 | J18: Toda a locação para a terraplanagem foi realizada.
A19: 02.02.002 | B19: Escavação, carga e transporte de material de 1ª categoria, dmt 51 a 200m (SICRO 5501875) | H19: ='BM 03 '!F70 -> 3446.53 | I19: m3 | J19: Referente ao Volume de Corte.
A20: 02.02.007 | B20: Espalhamento de material de 1ª categoria c/ trator esteira Cat - D-6 ou similar | H20: ='BM 03 '!F75 -> 3446.53 | I20: m3 | J20: Referente ao Volume de Corte, que representa cerca de 11,66% do material.
A21: 02.02.008 | B21: Compactação de aterros, com rolo vibratório pé de carneiro, a 100% do proctor normal( SICRO 5502978) | H21: ='BM 03 '!F76 -> 3446.53 | I21: m3 | J21: Referente ao Volume de Corte, que representa cerca de 11,66% do material.

Sheet BM 04 
A1: PREFEITURA MUNICIPAL DE SÃO CRISTÓVÃO | D1: BOLETIM DE MEDIÇÃO | F1: N° 04 | G1: Data da Medição: | I1: VALOR CONTRATADO
G2: 46218 | I2: =J437 -> 12360218
A4: SECRETARIA MUNICIPAL DA INFRAESTRUTURA E URBANISMO | D4: Período da Medição: | I4: Contrato n.º | K4: 004/2025
D5: 46137 | E5: a | F5: 46218 | G5: =(F5-D5)+1 -> 82
A6: OBJETO DO CONTRATO: | I6: Data da Assinatura: | K6: 45694 | N6: VISTO:
A7: CONSTRUÇÃO DA 1° ETAPA DO CONJUNTO HABITACIONAL LOURDES AZEVEDO, LOCALIZADO NO BAIRRO EDUARDO GOMES - SÃO CRISTÓVÃO | I7: Ordem de Serviço: | K7: 45833
I8: Prazo da Execução: | K8: 45833 | L8: 46198 | M8: =((L8-K8)+1)/30 -> 12.2
A9: CONTRATADA: | F9: CNPJ; | I9: Prazo da Vigênca: | K9: =K8 -> 45833 | L9: 46198 | M9: =((L9-K9)+1)/30 -> 12.2
A10: CONSTRUTORA MVA LTDA | F10: 07.169.379/0001-07 | I10: Prazo Aditivado: | K10: 46199 | L10: 46503 | M10: =((L10-K10)+1)/30 -> 10.166667
A11: Item | B11: Descrição dos Serviços | C11: Unidades | D11: Quantidades | I11: Valores (R$) | O11: Percentuais (%)
D12: Contratada | E12: Acumulado Anterior | F12: Do Período | G12: Acumulado até o Período | H12: Saldo a Medir | I12: Preço Unitário | J12: Valor Contratado | K12: Acumulado Anterior | L12: Do Período | M12: Acumulado até o Período | N12: Saldo a Medir | O12: Até o Período | P12: A Executar
A13: 1 | B13: Administração Local | J13: =J14+J18+J20+J55 -> 1438019 | K13: =K14+K18+K20+K55 -> 261264.78 | L13: =L14+L18+L20+L55 -> 24162.24 | M13: =M14+M18+M20+M55 -> 285427.02 | N13: =N14+N18+N20+N55 -> 1152591.9 | O13: =IF((M13/J13)=0," ",(M13/J13)*100) -> 19.848627 | P13: =IF((N13/J13)=0," ",(N13/J13)*100) -> 80.151373
A14: 01.01 | B14: ADMINISTRAÇÃO DA OBRA | J14: =J15+J16+J17 -> 731541.41 | K14: =K15+K16+K17 -> 32425.05 | L14: =L15+L16+L17 -> 16016.04 | M14: =M15+M16+M17 -> 48441.09 | N14: =N15+N16+N17 -> 683100.32
A15: 01.01.001 | B15: Equipe Dirigente | C15: un | D15: 1 | E15: ='BM 03 '!G15 -> 0.044324279 | F15: =0.06621783597*D15-E15 -> 0.021893557 | G15: =E15+F15 -> 0.066217836 | H15: =D15-G15 -> 0.93378216 | I15: 707205.69 | J15: =ROUND(D15*I15,2) -> 707205.69 | K15: =ROUND(E15*I15,2) -> 31346.38 | L15: =ROUND(F15*I15,2) -> 15483.25 | M15: =K15+L15 -> 46829.63 | N15: =J15-M15 -> 660376.06 | O15: =IF((M15/J15)=0," ",(M15/J15)*100) -> 6.6217835 | P15: =IF((N15/J15)=0," ",(N15/J15)*100) -> 93.378216
A16: 01.01.002 | B16: Equipamentos de Apoio à Produção | C16: un | D16: 1 | E16: ='BM 03 '!G16 -> 0.044324279 | F16: =0.06621783597*D16-E16 -> 0.021893557 | G16: =E16+F16 -> 0.066217836 | H16: =D16-G16 -> 0.93378216 | I16: 13478.08 | J16: =ROUND(D16*I16,2) -> 13478.08 | K16: =ROUND(E16*I16,2) -> 597.41 | L16: =ROUND(F16*I16,2) -> 295.08 | M16: =K16+L16 -> 892.49 | N16: =J16-M16 -> 12585.59 | O16: =IF((M16/J16)=0," ",(M16/J16)*100) -> 6.6217889 | P16: =IF((N16/J16)=0," ",(N16/J16)*100) -> 93.378211
A17: 01.01.003 | B17: Manutenção do Canteiro | C17: un | D17: 1 | E17: ='BM 03 '!G17 -> 0.044324279 | F17: =0.06621783597*D17-E17 -> 0.021893557 | G17: =E17+F17 -> 0.066217836 | H17: =D17-G17 -> 0.93378216 | I17: 10857.64 | J17: =ROUND(D17*I17,2) -> 10857.64 | K17: =ROUND(E17*I17,2) -> 481.26 | L17: =ROUND(F17*I17,2) -> 237.71 | M17: =K17+L17 -> 718.97 | N17: =J17-M17 -> 10138.67 | O17: =IF((M17/J17)=0," ",(M17/J17)*100) -> 6.6217889 | P17: =IF((N17/J17)=0," ",(N17/J17)*100) -> 93.378211
A18: 01.02 | B18: MOBILIZAÇÃO E DESMOBILIZAÇÃO | J18: =J19 -> 12859.47 | K18: =K19 -> 6429.74 | L18: =L19 -> 0 | M18: =M19 -> 6429.74 | N18: =N19 -> 6429.73 | O18: =IF((M18/J18)=0," ",(M18/J18)*100) -> 50.000039 | P18: =IF((N18/J18)=0," ",(N18/J18)*100) -> 49.999961
A19: 01.02.001 | B19: Caminhão Carroceria de madeira 9 t - fonte:DNIT | C19: h | D19: 111.27 | E19: ='BM 03 '!G19 -> 55.635 | G19: =E19+F19 -> 55.635 | H19: =D19-G19 -> 55.635 | I19: 115.57 | J19: =ROUND(D19*I19,2) -> 12859.47 | K19: =ROUND(E19*I19,2) -> 6429.74 | L19: =ROUND(F19*I19,2) -> 0 | M19: =K19+L19 -> 6429.74 | N19: =J19-M19 -> 6429.73 | O19: =IF((M19/J19)=0," ",(M19/J19)*100) -> 50.000039 | P19: =IF((N19/J19)=0," ",(N19/J19)*100) -> 49.999961
A20: 01.03 | B20: SERVIÇOS PRELIMINARES/INSTALAÇÃO CANTEIRO/MOBILIZAÇÃO | G20: =E20+F20 -> 0 | J20: =J21+J24+J26+J28 -> 574523.54 | K20: =K21+K24+K26+K28 -> 222409.99 | L20: =L21+L24+L26+L28 -> 8146.2 | M20: =M21+M24+M26+M28 -> 230556.19 | N20: =N21+N24+N26+N28 -> 343967.35 | O20: =IF((M20/J20)=0," ",(M20/J20)*100) -> 40.129981 | P20: =IF((N20/J20)=0," ",(N20/J20)*100) -> 59.870019
A21: 01.03.001 | B21: SERVIÇOS PRELIMINARES | J21: =J22+J23 -> 6858.06 | K21: =SUM(K22:K23) -> 0 | L21: =SUM(L22:L23) -> 6858.06 | M21: =K21+L21 -> 6858.06 | N21: =J21-M21 -> 0 | O21: =IF((M21/J21)=0," ",(M21/J21)*100) -> 100 | P21: =IF((N21/J21)=0," ",(N21/J21)*100)
A22: 01.03.001.001 | B22: Placa de obra em lona com impressão digital 1,50 x 2,00m, inclusive estrutura em metalon 20 x 20cm e escoramento, instalada - Rev 02 - 09/2021 | C22: un | D22: 2 | E22: ='BM 03 '!G22 -> 0 | F22: 2 | G22: =E22+F22 -> 2 | H22: =D22-G22 -> 0 | I22: 902.55 | J22: =ROUND(D22*I22,2) -> 1805.1 | K22: =ROUND(E22*I22,2) -> 0 | L22: =ROUND(F22*I22,2) -> 1805.1 | M22: =K22+L22 -> 1805.1 | N22: =J22-M22 -> 0 | O22: =IF((M22/J22)=0," ",(M22/J22)*100) -> 100 | P22: =IF((N22/J22)=0," ",(N22/J22)*100)
A23: 01.03.001.002 | B23: Fornecimento e instalação de placa de obra com chapa galvanizada e estrutura de madeira. af_03/2022_ps | C23: m2 | D23: 12 | E23: ='BM 03 '!G23 -> 0 | F23: 12 | G23: =E23+F23 -> 12 | H23: =D23-G23 -> 0 | I23: 421.08 | J23: =ROUND(D23*I23,2) -> 5052.96 | K23: =ROUND(E23*I23,2) -> 0 | L23: =ROUND(F23*I23,2) -> 5052.96 | M23: =K23+L23 -> 5052.96 | N23: =J23-M23 -> 0 | O23: =IF((M23/J23)=0," ",(M23/J23)*100) -> 100 | P23: =IF((N23/J23)=0," ",(N23/J23)*100)
A24: 01.03.002 | B24: Locação de Obra - Casas Tipo 01 | E24: ='BM 03 '!G24 -> 0 | G24: =E24+F24 -> 0 | H24: =D24-G24 -> 0 | J24: =J25 -> 40654.87 | K24: =K25 -> 0 | L24: =L25 -> 0 | M24: =M25 -> 0 | N24: =N25 -> 40654.87 | O24: =IF((M24/J24)=0," ",(M24/J24)*100) | P24: =IF((N24/J24)=0," ",(N24/J24)*100) -> 100
A25: 01.03.002.001 | B25: Locação de construção de edificação até 200m2, inclusive execução de gabarito de madeira | C25: m2 | D25: 3699.26 | E25: ='BM 03 '!G25 -> 0 | G25: =E25+F25 -> 0 | H25: =D25-G25 -> 3699.26 | I25: 10.99 | J25: =ROUND(D25*I25,2) -> 40654.87 | K25: =ROUND(E25*I25,2) -> 0 | L25: =ROUND(F25*I25,2) -> 0 | M25: =K25+L25 -> 0 | N25: =J25-M25 -> 40654.87 | O25: =IF((M25/J25)=0," ",(M25/J25)*100) | P25: =IF((N25/J25)=0," ",(N25/J25)*100) -> 100
A26: 01.03.003 | B26: Locação de Obra - Casas Tipo 02 | E26: ='BM 03 '!G26 -> 0 | G26: =E26+F26 -> 0 | H26: =D26-G26 -> 0 | J26: =J27 -> 3474.38 | K26: =K27 -> 0 | L26: =L27 -> 0 | M26: =M27 -> 0 | N26: =N27 -> 3474.38 | O26: =IF((M26/J26)=0," ",(M26/J26)*100) | P26: =IF((N26/J26)=0," ",(N26/J26)*100) -> 100
A27: 01.03.003.001 | B27: Locação de construção de edificação até 200m2, inclusive execução de gabarito de madeira | C27: m2 | D27: 316.14 | E27: ='BM 03 '!G27 -> 0 | G27: =E27+F27 -> 0 | H27: =D27-G27 -> 316.14 | I27: 10.99 | J27: =ROUND(D27*I27,2) -> 3474.38 | K27: =ROUND(E27*I27,2) -> 0 | L27: =ROUND(F27*I27,2) -> 0 | M27: =K27+L27 -> 0 | N27: =J27-M27 -> 3474.38 | O27: =IF((M27/J27)=0," ",(M27/J27)*100) | P27: =IF((N27/J27)=0," ",(N27/J27)*100) -> 100
A28: 01.03.004 | B28: INSTALAÇÃO DO CANTEIRO | E28: ='BM 03 '!G28 -> 0 | G28: =E28+F28 -> 0 | H28: =D28-G28 -> 0 | J28: =SUM(J29:J54) -> 523536.23 | K28: =SUM(K29:K54) -> 222409.99 | L28: =SUM(L29:L54) -> 1288.14 | M28: =SUM(M29:M54) -> 223698.13 | N28: =SUM(N29:N54) -> 299838.1 | O28: =IF((M28/J28)=0," ",(M28/J28)*100) -> 42.7283 | P28: =IF((N28/J28)=0," ",(N28/J28)*100) -> 57.2717
A29: 01.03.004.001 | B29: Barracão para Obras de Médio Porte Reaproveitamento 2 vezes | C29: m2 | D29: 80 | E29: ='BM 03 '!G29 -> 0 | G29: =E29+F29 -> 0 | H29: =D29-G29 -> 80 | I29: 289.31 | J29: =ROUND(D29*I29,2) -> 23144.8 | K29: =ROUND(E29*I29,2) -> 0 | L29: =ROUND(F29*I29,2) -> 0 | M29: =K29+L29 -> 0 | N29: =J29-M29 -> 23144.8 | O29: =IF((M29/J29)=0," ",(M29/J29)*100) | P29: =IF((N29/J29)=0," ",(N29/J29)*100) -> 100
A30: 01.03.004.002 | B30: Barracão para escritório de obra porte pequeno s=25,41m2 com materiais novos | C30: un | D30: 1 | E30: ='BM 03 '!G30 -> 0 | G30: =E30+F30 -> 0 | H30: =D30-G30 -> 1 | I30: 18137.15 | J30: =ROUND(D30*I30,2) -> 18137.15 | K30: =ROUND(E30*I30,2) -> 0 | L30: =ROUND(F30*I30,2) -> 0 | M30: =K30+L30 -> 0 | N30: =J30-M30 -> 18137.15 | O30: =IF((M30/J30)=0," ",(M30/J30)*100) | P30: =IF((N30/J30)=0," ",(N30/J30)*100) -> 100
A31: 01.03.004.003 | B31: Instalação provisória de energia elétrica, aerea, trifasica, em poste galvanizado, exclusive fornecimento do medidor | C31: un | D31: 1 | E31: ='BM 03 '!G31 -> 0 | G31: =E31+F31 -> 0 | H31: =D31-G31 -> 1 | I31: 1886.97 | J31: =ROUND(D31*I31,2) -> 1886.97 | K31: =ROUND(E31*I31,2) -> 0 | L31: =ROUND(F31*I31,2) -> 0 | M31: =K31+L31 -> 0 | N31: =J31-M31 -> 1886.97 | O31: =IF((M31/J31)=0," ",(M31/J31)*100) | P31: =IF((N31/J31)=0," ",(N31/J31)*100) -> 100
A32: 01.03.004.004 | B32: Ligação Predial de Água em Mureta de Concreto, Provisória ou Definitiva, com Fornecimento de Material, inclusive Mureta e Hidrômetro, Rede DN 50mm - Rev 03_10/2022 | C32: UN | D32: 1 | E32: ='BM 03 '!G32 -> 0 | G32: =E32+F32 -> 0 | H32: =D32-G32 -> 1 | I32: 652.4 | J32: =ROUND(D32*I32,2) -> 652.4 | K32: =ROUND(E32*I32,2) -> 0 | L32: =ROUND(F32*I32,2) -> 0 | M32: =K32+L32 -> 0 | N32: =J32-M32 -> 652.4 | O32: =IF((M32/J32)=0," ",(M32/J32)*100) | P32: =IF((N32/J32)=0," ",(N32/J32)*100) -> 100
A33: 01.03.004.005 | B33: Aluguel de banheiro químico, com 03 limpezas semanais | C33: mês | D33: 44 | E33: ='BM 03 '!G33 -> 7 | F33: 2 | G33: =E33+F33 -> 9 | H33: =D33-G33 -> 35 | I33: 644.07 | J33: =ROUND(D33*I33,2) -> 28339.08 | K33: =ROUND(E33*I33,2) -> 4508.49 | L33: =ROUND(F33*I33,2) -> 1288.14 | M33: =K33+L33 -> 5796.63 | N33: =J33-M33 -> 22542.45 | O33: =IF((M33/J33)=0," ",(M33/J33)*100) -> 20.454545 | P33: =IF((N33/J33)=0," ",(N33/J33)*100) -> 79.545455
A34: 01.03.004.006 | B34: Tapume em chapa galvanizada nº30, esp=0,35mm, h=2,00m, exclusive pintura | C34: m | D34: 912.28 | E34: ='BM 03 '!G34 -> 912.28 | G34: =E34+F34 -> 912.28 | H34: =D34-G34 -> 0 | I34: 213.5 | J34: =ROUND(D34*I34,2) -> 194771.78 | K34: =ROUND(E34*I34,2) -> 194771.78 | L34: =ROUND(F34*I34,2) -> 0 | M34: =K34+L34 -> 194771.78 | N34: =J34-M34 -> 0 | O34: =IF((M34/J34)=0," ",(M34/J34)*100) -> 100 | P34: =IF((N34/J34)=0," ",(N34/J34)*100)
A35: 01.03.004.007 | B35: Sondagem a trado para Estudo de Jazida | C35: m | D35: 100 | E35: ='BM 03 '!G35 -> 0 | G35: =E35+F35 -> 0 | H35: =D35-G35 -> 100 | I35: 120.34 | J35: =ROUND(D35*I35,2) -> 12034 | K35: =ROUND(E35*I35,2) -> 0 | L35: =ROUND(F35*I35,2) -> 0 | M35: =K35+L35 -> 0 | N35: =J35-M35 -> 12034 | O35: =IF((M35/J35)=0," ",(M35/J35)*100) | P35: =IF((N35/J35)=0," ",(N35/J35)*100) -> 100
A36: 01.03.004.008 | B36: Sondagem a percussão | C36: m | D36: 124 | E36: ='BM 03 '!G36 -> 124 | G36: =E36+F36 -> 124 | H36: =D36-G36 -> 0 | I36: 186.53 | J36: =ROUND(D36*I36,2) -> 23129.72 | K36: =ROUND(E36*I36,2) -> 23129.72 | L36: =ROUND(F36*I36,2) -> 0 | M36: =K36+L36 -> 23129.72 | N36: =J36-M36 -> 0 | O36: =IF((M36/J36)=0," ",(M36/J36)*100) -> 100 | P36: =IF((N36/J36)=0," ",(N36/J36)*100)
A37: 01.03.004.009 | B37: Ensaio - Granulometria combinada (peneiramento + sedimentação) | C37: un | D37: 5 | E37: ='BM 03 '!G37 -> 0 | G37: =E37+F37 -> 0 | H37: =D37-G37 -> 5 | I37: 746.11 | J37: =ROUND(D37*I37,2) -> 3730.55 | K37: =ROUND(E37*I37,2) -> 0 | L37: =ROUND(F37*I37,2) -> 0 | M37: =K37+L37 -> 0 | N37: =J37-M37 -> 3730.55 | O37: =IF((M37/J37)=0," ",(M37/J37)*100) | P37: =IF((N37/J37)=0," ",(N37/J37)*100) -> 100
A38: 01.03.004.010 | B38: Ensaio - Granulometria por peneiramento | C38: un | D38: 24 | E38: ='BM 03 '!G38 -> 0 | G38: =E38+F38 -> 0 | H38: =D38-G38 -> 24 | I38: 198.56 | J38: =ROUND(D38*I38,2) -> 4765.44 | K38: =ROUND(E38*I38,2) -> 0 | L38: =ROUND(F38*I38,2) -> 0 | M38: =K38+L38 -> 0 | N38: =J38-M38 -> 4765.44 | O38: =IF((M38/J38)=0," ",(M38/J38)*100) | P38: =IF((N38/J38)=0," ",(N38/J38)*100) -> 100
A39: 01.03.004.011 | B39: Ensaio - Compactação Proctor Normal com reuso de material (6 pontos) | C39: un | D39: 32 | E39: ='BM 03 '!G39 -> 0 | G39: =E39+F39 -> 0 | H39: =D39-G39 -> 32 | I39: 264.75 | J39: =ROUND(D39*I39,2) -> 8472 | K39: =ROUND(E39*I39,2) -> 0 | L39: =ROUND(F39*I39,2) -> 0 | M39: =K39+L39 -> 0 | N39: =J39-M39 -> 8472 | O39: =IF((M39/J39)=0," ",(M39/J39)*100) | P39: =IF((N39/J39)=0," ",(N39/J39)*100) -> 100
A40: 01.03.004.012 | B40: Ensaio - Índice de Suporte Califórnia - CBR | C40: un | D40: 19 | E40: ='BM 03 '!G40 -> 0 | G40: =E40+F40 -> 0 | H40: =D40-G40 -> 19 | I40: 342.97 | J40: =ROUND(D40*I40,2) -> 6516.43 | K40: =ROUND(E40*I40,2) -> 0 | L40: =ROUND(F40*I40,2) -> 0 | M40: =K40+L40 -> 0 | N40: =J40-M40 -> 6516.43 | O40: =IF((M40/J40)=0," ",(M40/J40)*100) | P40: =IF((N40/J40)=0," ",(N40/J40)*100) -> 100
A41: 01.03.004.013 | B41: Ensaio - Limite de liquidez | C41: un | D41: 29 | E41: ='BM 03 '!G41 -> 0 | G41: =E41+F41 -> 0 | H41: =D41-G41 -> 29 | I41: 198.56 | J41: =ROUND(D41*I41,2) -> 5758.24 | K41: =ROUND(E41*I41,2) -> 0 | L41: =ROUND(F41*I41,2) -> 0 | M41: =K41+L41 -> 0 | N41: =J41-M41 -> 5758.24 | O41: =IF((M41/J41)=0," ",(M41/J41)*100) | P41: =IF((N41/J41)=0," ",(N41/J41)*100) -> 100
A42: 01.03.004.014 | B42: Ensaio - Limite de plasticidade | C42: un | D42: 29 | E42: ='BM 03 '!G42 -> 0 | G42: =E42+F42 -> 0 | H42: =D42-G42 -> 29 | I42: 198.56 | J42: =ROUND(D42*I42,2) -> 5758.24 | K42: =ROUND(E42*I42,2) -> 0 | L42: =ROUND(F42*I42,2) -> 0 | M42: =K42+L42 -> 0 | N42: =J42-M42 -> 5758.24 | O42: =IF((M42/J42)=0," ",(M42/J42)*100) | P42: =IF((N42/J42)=0," ",(N42/J42)*100) -> 100
A43: 01.03.004.015 | B43: Ensaio - Equivalente de Areia | C43: un | D43: 6 | E43: ='BM 03 '!G43 -> 0 | G43: =E43+F43 -> 0 | H43: =D43-G43 -> 6 | I43: 210.59 | J43: =ROUND(D43*I43,2) -> 1263.54 | K43: =ROUND(E43*I43,2) -> 0 | L43: =ROUND(F43*I43,2) -> 0 | M43: =K43+L43 -> 0 | N43: =J43-M43 -> 1263.54 | O43: =IF((M43/J43)=0," ",(M43/J43)*100) | P43: =IF((N43/J43)=0," ",(N43/J43)*100) -> 100
A44: 01.03.004.016 | B44: Ensaio - Determinação da massa aparente in situ do solo | C44: un | D44: 48 | E44: ='BM 03 '!G44 -> 0 | G44: =E44+F44 -> 0 | H44: =D44-G44 -> 48 | I44: 172.87 | J44: =ROUND(D44*I44,2) -> 8297.76 | K44: =ROUND(E44*I44,2) -> 0 | L44: =ROUND(F44*I44,2) -> 0 | M44: =K44+L44 -> 0 | N44: =J44-M44 -> 8297.76 | O44: =IF((M44/J44)=0," ",(M44/J44)*100) | P44: =IF((N44/J44)=0," ",(N44/J44)*100) -> 100
A45: 01.03.004.017 | B45: Ensaio - Impureza orgânica | C45: un | D45: 13 | E45: ='BM 03 '!G45 -> 0 | G45: =E45+F45 -> 0 | H45: =D45-G45 -> 13 | I45: 185.14 | J45: =ROUND(D45*I45,2) -> 2406.82 | K45: =ROUND(E45*I45,2) -> 0 | L45: =ROUND(F45*I45,2) -> 0 | M45: =K45+L45 -> 0 | N45: =J45-M45 -> 2406.82 | O45: =IF((M45/J45)=0," ",(M45/J45)*100) | P45: =IF((N45/J45)=0," ",(N45/J45)*100) -> 100
... A54: 01.03.004.026 | B54: Serviços de Arqueologia (incluso 10% repasse) | C54: un | D54: 1 | E54: ='BM 03 '!G54 -> 0 | G54: =E54+F54 -> 0 | H54: =D54-G54 -> 1 | I54: 108316.72 | J54: =ROUND(D54*I54,2) -> 108316.72 | K54: =ROUND(E54*I54,2) -> 0 | L54: =ROUND(F54*I54,2) -> 0 | M54: =K54+L54 -> 0 | N54: =J54-M54 -> 108316.72 | O54: =IF((M54/J54)=0," ",(M54/J54)*100) | P54: =IF((N54/J54)=0," ",(N54/J54)*100) -> 100
A55: 01.04 | B55: FRETE | G55: =E55+F55 -> 0 | J55: =J56+J58+J60 -> 119094.54 | K55: =K56+K58+K60 -> 0 | L55: =L56+L58+L60 -> 0 | M55: =M56+M58+M60 -> 0 | N55: =N56+N58+N60 -> 119094.54 | O55: =IF((M55/J55)=0," ",(M55/J55)*100) | P55: =IF((N55/J55)=0," ",(N55/J55)*100) -> 100
A56: 01.04.001 | B56: AGREGADOS | E56: ='BM 03 '!G56 -> 0 | J56: =J57 -> 8474.97 | K56: =K57 -> 0 | L56: =L57 -> 0 | M56: =M57 -> 0 | N56: =N57 -> 8474.97 | O56: =IF((M56/J56)=0," ",(M56/J56)*100) | P56: =IF((N56/J56)=0," ",(N56/J56)*100) -> 100
A57: 01.04.001.001 | B57: Transporte comercial com caminhão basculante de 10m³, em rodovia pavimentada (densidade=1,5t/m³)( SICRO 5914389) | C57: tkm | D57: 11936.58 | E57: ='BM 03 '!G57 -> 0 | G57: =E57+F57 -> 0 | H57: =D57-G57 -> 11936.58 | I57: 0.71 | J57: =ROUND(D57*I57,2) -> 8474.97 | K57: =ROUND(E57*I57,2) -> 0 | L57: =ROUND(F57*I57,2) -> 0 | M57: =K57+L57 -> 0 | N57: =J57-M57 -> 8474.97 | O57: =IF((M57/J57)=0," ",(M57/J57)*100) | P57: =IF((N57/J57)=0," ",(N57/J57)*100) -> 100
A58: 01.04.002 | B58: BRITA | E58: ='BM 03 '!G58 -> 0 | G58: =E58+F58 -> 0 | J58: =J59 -> 110593.85 | K58: =K59 -> 0 | L58: =L59 -> 0 | M58: =M59 -> 0 | N58: =N59 -> 110593.85 | O58: =IF((M58/J58)=0," ",(M58/J58)*100) | P58: =IF((N58/J58)=0," ",(N58/J58)*100) -> 100
A59: 01.04.002.001 | B59: Transporte comercial com caminhão basculante de 10m³, em rodovia pavimentada (densidade=1,5t/m³)( SICRO 5914389) | C59: tkm | D59: 155765.99 | E59: ='BM 03 '!G59 -> 0 | G59: =E59+F59 -> 0 | H59: =D59-G59 -> 155765.99 | I59: 0.71 | J59: =ROUND(D59*I59,2) -> 110593.85 | K59: =ROUND(E59*I59,2) -> 0 | L59: =ROUND(F59*I59,2) -> 0 | M59: =K59+L59 -> 0 | N59: =J59-M59 -> 110593.85 | O59: =IF((M59/J59)=0," ",(M59/J59)*100) | P59: =IF((N59/J59)=0," ",(N59/J59)*100) -> 100
A60: 01.04.003 | B60: PEDRA CALCARIA | E60: ='BM 03 '!G60 -> 0 | G60: =E60+F60 -> 0 | J60: =J61 -> 25.72 | K60: =K61 -> 0 | L60: =L61 -> 0 | M60: =M61 -> 0 | N60: =N61 -> 25.72 | O60: =IF((M60/J60)=0," ",(M60/J60)*100) | P60: =IF((N60/J60)=0," ",(N60/J60)*100) -> 100
A61: 01.04.003.001 | B61: Transporte comercial com caminhão basculante de 10m³, em rodovia pavimentada (densidade=1,5t/m³)( SICRO 5914389) | C61: tkm | D61: 36.22 | E61: ='BM 03 '!G61 -> 0 | G61: =E61+F61 -> 0 | H61: =D61-G61 -> 36.22 | I61: 0.71 | J61: =ROUND(D61*I61,2) -> 25.72 | K61: =ROUND(E61*I61,2) -> 0 | L61: =ROUND(F61*I61,2) -> 0 | M61: =K61+L61 -> 0 | N61: =J61-M61 -> 25.72 | O61: =IF((M61/J61)=0," ",(M61/J61)*100) | P61: =IF((N61/J61)=0," ",(N61/J61)*100) -> 100
A62: 2 | B62: Infraestrutura do Conjunto Habitacional | J62: =J63+J68+J77+J96+J106+J142 -> 4260719.8 | K62: =K63+K68+K77+K96+K106+K142 -> 286592.97 | L62: =L63+L68+L77+L96+L106+L142 -> 246446.87 | M62: =M63+M68+M77+M96+M106+M142 -> 533039.84 | N62: =N63+N68+N77+N96+N106+N142 -> 3727680 | O62: =IF((M62/J62)=0," ",(M62/J62)*100) -> 12.510558 | P62: =IF((N62/J62)=0," ",(N62/J62)*100) -> 87.489442
A63: 02.01 | B63: SERVIÇOS PRELIMINARES | J63: =SUM(J64:J67) -> 197379.9 | K63: =SUM(K64:K67) -> 197379.78 | L63: =SUM(L64:L67) -> 0 | M63: =SUM(M64:M67) -> 197379.78 | N63: =SUM(N64:N67) -> 0.12 | O63: =IF((M63/J63)=0," ",(M63/J63)*100) -> 99.999939 | P63: =IF((N63/J63)=0," ",(N63/J63)*100) -> 6.0796464e-05
A64: 02.01.001 | B64: Limpeza mecanizada do terreno c/ trator esteira (vegetação rasteira) sem carga e transporte | C64: m2 | D64: 19838.68 | E64: ='BM 03 '!G64 -> 19838.68 | G64: =E64+F64 -> 19838.68 | H64: =D64-G64 -> 0 | I64: 0.69 | J64: =ROUND(D64*I64,2) -> 13688.69 | K64: =ROUND(E64*I64,2) -> 13688.69 | L64: =ROUND(F64*I64,2) -> 0 | M64: =K64+L64 -> 13688.69 | N64: =J64-M64 -> 0 | O64: =IF((M64/J64)=0," ",(M64/J64)*100) -> 100 | P64: =IF((N64/J64)=0," ",(N64/J64)*100)
A65: 02.01.002 | B65: Carga mecânica de material de 1ª categoria | C65: m3 | D65: 2479.84 | E65: ='BM 03 '!G65 -> 2479.8433 | G65: =E65+F65 -> 2479.8433 | H65: =D65-G65 -> -0.0033333333 | I65: 1.18 | J65: =ROUND(D65*I65,2) -> 2926.21 | K65: =ROUND(E65*I65,2) -> 2926.22 | L65: =ROUND(F65*I65,2) -> 0 | M65: =K65+L65 -> 2926.22 | N65: =J65-M65 -> -0.01 | O65: =IF((M65/J65)=0," ",(M65/J65)*100) -> 100.00034 | P65: =IF((N65/J65)=0," ",(N65/J65)*100) -> -0.00034173897
A66: 02.01.003 | B66: Descarte de resíduos da construção civil em área licenciada | C66: t | D66: 3719.75 | E66: ='BM 03 '!G66 -> 3719.7467 | G66: =E66+F66 -> 3719.7467 | H66: =D66-G66 -> 0.0033333333 | I66: 36.1 | J66: =ROUND(D66*I66,2) -> 134282.98 | K66: =ROUND(E66*I66,2) -> 134282.85 | L66: =ROUND(F66*I66,2) -> 0 | M66: =K66+L66 -> 134282.85 | N66: =J66-M66 -> 0.13 | O66: =IF((M66/J66)=0," ",(M66/J66)*100) -> 99.999903 | P66: =IF((N66/J66)=0," ",(N66/J66)*100) -> 9.6810482e-05
A67: 02.01.004 | B67: Transporte comercial com caminhão basculante de 10m³, em rodovia pavimentada (densidade=1,5t/m³)( SICRO 5914389) | C67: tkm | D67: 65467.64 | E67: ='BM 03 '!G67 -> 65467.637 | G67: =E67+F67 -> 65467.637 | H67: =D67-G67 -> 0.0033333333 | I67: 0.71 | J67: =ROUND(D67*I67,2) -> 46482.02 | K67: =ROUND(E67*I67,2) -> 46482.02 | L67: =ROUND(F67*I67,2) -> 0 | M67: =K67+L67 -> 46482.02 | N67: =J67-M67 -> 0 | O67: =IF((M67/J67)=0," ",(M67/J67)*100) -> 100 | P67: =IF((N67/J67)=0," ",(N67/J67)*100)
A68: 02.02 | B68: MOVIMENTAÇÃO DE TERRA | G68: =E68+F68 -> 0 | J68: =SUM(J69:J76) -> 1454279.9 | K68: =SUM(K69:K76) -> 89213.19 | L68: =SUM(L69:L76) -> 246446.87 | M68: =SUM(M69:M76) -> 335660.06 | N68: =SUM(N69:N76) -> 1118619.9 | O68: =IF((M68/J68)=0," ",(M68/J68)*100) -> 23.080842 | P68: =IF((N68/J68)=0," ",(N68/J68)*100) -> 76.919158
A69: 02.02.001 | B69: Locação de serviços de terraplenagem de obras civis | C69: m2 | D69: 19838.68 | E69: ='BM 03 '!G69 -> 19838.68 | G69: =E69+F69 -> 19838.68 | H69: =D69-G69 -> 0 | I69: 1.62 | J69: =ROUND(D69*I69,2) -> 32138.66 | K69: =ROUND(E69*I69,2) -> 32138.66 | L69: =ROUND(F69*I69,2) -> 0 | M69: =K69+L69 -> 32138.66 | N69: =J69-M69 -> 0 | O69: =IF((M69/J69)=0," ",(M69/J69)*100) -> 100 | P69: =IF((N69/J69)=0," ",(N69/J69)*100)
A70: 02.02.002 | B70: Escavação, carga e transporte de material de 1ª categoria, dmt 51 a 200m (SICRO 5501875) | C70: m3 | D70: 3446.53 | E70: ='BM 03 '!G70 -> 3446.53 | G70: =E70+F70 -> 3446.53 | H70: =D70-G70 -> 0 | I70: 10.16 | J70: =ROUND(D70*I70,2) -> 35016.74 | K70: =ROUND(E70*I70,2) -> 35016.74 | L70: =ROUND(F70*I70,2) -> 0 | M70: =K70+L70 -> 35016.74 | N70: =J70-M70 -> 0 | O70: =IF((M70/J70)=0," ",(M70/J70)*100) -> 100 | P70: =IF((N70/J70)=0," ",(N70/J70)*100)
A71: 02.02.003 | B71: Areia fina adquirida em jazida (Terra Dura - Pedro Henrrique), inclusive carga, exclusive transporte | C71: m3 | D71: 10440.58 | E71: ='BM 03 '!G71 -> 0 | G71: =E71+F71 -> 0 | H71: =D71-G71 -> 10440.58 | I71: 21.66 | J71: =ROUND(D71*I71,2) -> 226142.96 | K71: =ROUND(E71*I71,2) -> 0 | L71: =ROUND(F71*I71,2) -> 0 | M71: =K71+L71 -> 0 | N71: =J71-M71 -> 226142.96 | O71: =IF((M71/J71)=0," ",(M71/J71)*100) | P71: =IF((N71/J71)=0," ",(N71/J71)*100) -> 100
A72: 02.02.004 | B72: Transporte comercial com caminhão basculante de 10m³, em rodovia pavimentada (densidade=1,5t/m³)( SICRO 5914389) | C72: tkm | D72: 239611.31 | E72: ='BM 03 '!G72 -> 0 | G72: =E72+F72 -> 0 | H72: =D72-G72 -> 239611.31 | I72: 0.71 | J72: =ROUND(D72*I72,2) -> 170124.03 | K72: =ROUND(E72*I72,2) -> 0 | L72: =ROUND(F72*I72,2) -> 0 | M72: =K72+L72 -> 0 | N72: =J72-M72 -> 170124.03 | O72: =IF((M72/J72)=0," ",(M72/J72)*100) | P72: =IF((N72/J72)=0," ",(N72/J72)*100) -> 100
A73: 02.02.005 | B73: Argila, argila vermelha ou argila arenosa (retirada na jazida, sem transporte) | C73: m3 | D73: 15660.87 | E73: ='BM 03 '!G73 -> 0 | F73: 4279 | G73: =E73+F73 -> 4279 | H73: =D73-G73 -> 11381.87 | I73: 34.9 | J73: =ROUND(D73*I73,2) -> 546564.36 | K73: =ROUND(E73*I73,2) -> 0 | L73: =ROUND(F73*I73,2) -> 149337.1 | M73: =K73+L73 -> 149337.1 | N73: =J73-M73 -> 397227.26 | O73: =IF((M73/J73)=0," ",(M73/J73)*100) -> 27.322876 | P73: =IF((N73/J73)=0," ",(N73/J73)*100) -> 72.677124
A74: 02.02.006 | B74: Transporte comercial com caminhão basculante de 10m³, em rodovia pavimentada (densidade=1,5t/m³)( SICRO 5914389) | C74: tkm | D74: 359416.97 | E74: ='BM 03 '!G74 -> 0 | F74: 98203.05 | G74: =E74+F74 -> 98203.05 | H74: =D74-G74 -> 261213.92 | I74: 0.71 | J74: =ROUND(D74*I74,2) -> 255186.05 | K74: =ROUND(E74*I74,2) -> 0 | L74: =ROUND(F74*I74,2) -> 69724.17 | M74: =K74+L74 -> 69724.17 | N74: =J74-M74 -> 185461.88 | O74: =IF((M74/J74)=0," ",(M74/J74)*100) -> 27.322877 | P74: =IF((N74/J74)=0," ",(N74/J74)*100) -> 72.677123
A75: 02.02.007 | B75: Espalhamento de material de 1ª categoria c/ trator esteira Cat - D-6 ou similar | C75: m3 | D75: 29547.99 | E75: ='BM 03 '!G75 -> 3446.53 | F75: 4279 | G75: =E75+F75 -> 7725.53 | H75: =D75-G75 -> 21822.46 | I75: 0.55 | J75: =ROUND(D75*I75,2) -> 16251.39 | K75: =ROUND(E75*I75,2) -> 1895.59 | L75: =ROUND(F75*I75,2) -> 2353.45 | M75: =K75+L75 -> 4249.04 | N75: =J75-M75 -> 12002.35 | O75: =IF((M75/J75)=0," ",(M75/J75)*100) -> 26.145702 | P75: =IF((N75/J75)=0," ",(N75/J75)*100) -> 73.854298
A76: 02.02.008 | B76: Compactação de aterros, com rolo vibratório pé de carneiro, a 100% do proctor normal( SICRO 5502978) | C76: m3 | D76: 29547.99 | E76: ='BM 03 '!G76 -> 3446.53 | F76: 4279 | G76: =E76+F76 -> 7725.53 | H76: =D76-G76 -> 21822.46 | I76: 5.85 | J76: =ROUND(D76*I76,2) -> 172855.74 | K76: =ROUND(E76*I76,2) -> 20162.2 | L76: =ROUND(F76*I76,2) -> 25032.15 | M76: =K76+L76 -> 45194.35 | N76: =J76-M76 -> 127661.39 | O76: =IF((M76/J76)=0," ",(M76/J76)*100) -> 26.145704 | P76: =IF((N76/J76)=0," ",(N76/J76)*100) -> 73.854296
A77: 02.03 | B77: DRENAGEM | G77: =E77+F77 -> 0 | J77: =SUM(J78:J95) -> 741043.26 | K77: =SUM(K78:K95) -> 0 | L77: =SUM(L78:L95) -> 0 | M77: =SUM(M78:M95) -> 0 | N77: =SUM(N78:N95) -> 741043.26 | O77: =IF((M77/J77)=0," ",(M77/J77)*100) | P77: =IF((N77/J77)=0," ",(N77/J77)*100) -> 100
A78: 02.03.001 | B78: Locação de rede de drenagem | C78: m | D78: 1383.56 | E78: ='BM 03 '!G78 -> 0 | G78: =E78+F78 -> 0 | H78: =D78-G78 -> 1383.56 | I78: 1.99 | J78: =ROUND(D78*I78,2) -> 2753.28 | K78: =ROUND(E78*I78,2) -> 0 | L78: =ROUND(F78*I78,2) -> 0 | M78: =K78+L78 -> 0 | N78: =J78-M78 -> 2753.28 | O78: =IF((M78/J78)=0," ",(M78/J78)*100) | P78: =IF((N78/J78)=0," ",(N78/J78)*100) -> 100
A79: 02.03.002 | B79: Sinalização Diurna com Tela tapume em pvc - 10 usos | C79: m | D79: 1383.56 | E79: ='BM 03 '!G79 -> 0 | G79: =E79+F79 -> 0 | H79: =D79-G79 -> 1383.56 | I79: 5.73 | J79: =ROUND(D79*I79,2) -> 7927.8 | K79: =ROUND(E79*I79,2) -> 0 | L79: =ROUND(F79*I79,2) -> 0 | M79: =K79+L79 -> 0 | N79: =J79-M79 -> 7927.8 | O79: =IF((M79/J79)=0," ",(M79/J79)*100) | P79: =IF((N79/J79)=0," ",(N79/J79)*100) -> 100
A80: 02.03.003 | B80: Caixa de passagem em alvenaria de tijolos maciços esp. = 0,12m, dim. int. = 0.60 x 0.60 x 0.80m | C80: un | D80: 59 | E80: ='BM 03 '!G80 -> 0 | G80: =E80+F80 -> 0 | H80: =D80-G80 -> 59 | I80: 634.02 | J80: =ROUND(D80*I80,2) -> 37407.18 | K80: =ROUND(E80*I80,2) -> 0 | L80: =ROUND(F80*I80,2) -> 0 | M80: =K80+L80 -> 0 | N80: =J80-M80 -> 37407.18 | O80: =IF((M80/J80)=0," ",(M80/J80)*100) | P80: =IF((N80/J80)=0," ",(N80/J80)*100) -> 100
A81: 02.03.004 | B81: Caixa de passagem em alvenaria de tijolos maciços esp. = 0,12m, dim. int. = 0.60 x 0.60 x 1,00m | C81: un | D81: 21 | E81: ='BM 03 '!G81 -> 0 | G81: =E81+F81 -> 0 | H81: =D81-G81 -> 21 | I81: 738.14 | J81: =ROUND(D81*I81,2) -> 15500.94 | K81: =ROUND(E81*I81,2) -> 0 | L81: =ROUND(F81*I81,2) -> 0 | M81: =K81+L81 -> 0 | N81: =J81-M81 -> 15500.94 | O81: =IF((M81/J81)=0," ",(M81/J81)*100) | P81: =IF((N81/J81)=0," ",(N81/J81)*100) -> 100
A82: 02.03.005 | B82: Boca de lobo simples, em alvenaria de tijolos maciços esp . = 0,18m, altura entre 1,01 e 1,50m - R1 | C82: un | D82: 24 | E82: ='BM 03 '!G82 -> 0 | G82: =E82+F82 -> 0 | H82: =D82-G82 -> 24 | I82: 2510.1 | J82: =ROUND(D82*I82,2) -> 60242.4 | K82: =ROUND(E82*I82,2) -> 0 | L82: =ROUND(F82*I82,2) -> 0 | M82: =K82+L82 -> 0 | N82: =J82-M82 -> 60242.4 | O82: =IF((M82/J82)=0," ",(M82/J82)*100) | P82: =IF((N82/J82)=0," ",(N82/J82)*100) -> 100
A83: 02.03.006 | B83: Escavação com retro-escavadeira de pneus, de valas, em material de 1ª categoria até 1,50m de profundidade | C83: m3 | D83: 1426.79 | E83: ='BM 03 '!G83 -> 0 | G83: =E83+F83 -> 0 | H83: =D83-G83 -> 1426.79 | I83: 12.15 | J83: =ROUND(D83*I83,2) -> 17335.5 | K83: =ROUND(E83*I83,2) -> 0 | L83: =ROUND(F83*I83,2) -> 0 | M83: =K83+L83 -> 0 | N83: =J83-M83 -> 17335.5 | O83: =IF((M83/J83)=0," ",(M83/J83)*100) | P83: =IF((N83/J83)=0," ",(N83/J83)*100) -> 100
A84: 02.03.007 | B84: Compactação manual com placa vibratória sem controle do grau de compactação | C84: m3 | D84: 1161.32 | E84: ='BM 03 '!G84 -> 0 | G84: =E84+F84 -> 0 | H84: =D84-G84 -> 1161.32 | I84: 12.19 | J84: =ROUND(D84*I84,2) -> 14156.49 | K84: =ROUND(E84*I84,2) -> 0 | L84: =ROUND(F84*I84,2) -> 0 | M84: =K84+L84 -> 0 | N84: =J84-M84 -> 14156.49 | O84: =IF((M84/J84)=0," ",(M84/J84)*100) | P84: =IF((N84/J84)=0," ",(N84/J84)*100) -> 100
A85: 02.03.008 | B85: Reaterro mecanizado de vala com retroescavadeira (capacidade da caçamba da retro: 0,26 m³/potência: 88 hp), largura até 0,8 m, profundidade de 1,5 a 3,0 m, com solo (sem substituição) de 1ª categoria, com placa vibratória. af_08/2023 | C85: m3 | D85: 1156.02 | E85: ='BM 03 '!G85 -> 0 | G85: =E85+F85 -> 0 | H85: =D85-G85 -> 1156.02 | I85: 12.83 | J85: =ROUND(D85*I85,2) -> 14831.74 | K85: =ROUND(E85*I85,2) -> 0 | L85: =ROUND(F85*I85,2) -> 0 | M85: =K85+L85 -> 0 | N85: =J85-M85 -> 14831.74 | O85: =IF((M85/J85)=0," ",(M85/J85)*100) | P85: =IF((N85/J85)=0," ",(N85/J85)*100) -> 100
A86: 02.03.009 | B86: Concreto magro para lastro, traço 1:4,5:4,5 (em massa seca de cimento/ areia média/ brita 1) - preparo mecânico com betoneira 400 l. af_05/2021 | C86: m3 | D86: 34.84 | E86: ='BM 03 '!G86 -> 0 | G86: =E86+F86 -> 0 | H86: =D86-G86 -> 34.84 | I86: 503.5 | J86: =ROUND(D86*I86,2) -> 17541.94 | K86: =ROUND(E86*I86,2) -> 0 | L86: =ROUND(F86*I86,2) -> 0 | M86: =K86+L86 -> 0 | N86: =J86-M86 -> 17541.94 | O86: =IF((M86/J86)=0," ",(M86/J86)*100) | P86: =IF((N86/J86)=0," ",(N86/J86)*100) -> 100
A87: 02.03.010 | B87: Carga mecânica de material de 1ª categoria | C87: m3 | D87: 352 | E87: ='BM 03 '!G87 -> 0 | G87: =E87+F87 -> 0 | H87: =D87-G87 -> 352 | I87: 1.18 | J87: =ROUND(D87*I87,2) -> 415.36 | K87: =ROUND(E87*I87,2) -> 0 | L87: =ROUND(F87*I87,2) -> 0 | M87: =K87+L87 -> 0 | N87: =J87-M87 -> 415.36 | O87: =IF((M87/J87)=0," ",(M87/J87)*100) | P87: =IF((N87/J87)=0," ",(N87/J87)*100) -> 100
A88: 02.03.011 | B88: Descarte de resíduos da construção civil em área licenciada | C88: t | D88: 528 | E88: ='BM 03 '!G88 -> 0 | G88: =E88+F88 -> 0 | H88: =D88-G88 -> 528 | I88: 36.1 | J88: =ROUND(D88*I88,2) -> 19060.8 | K88: =ROUND(E88*I88,2) -> 0 | L88: =ROUND(F88*I88,2) -> 0 | M88: =K88+L88 -> 0 | N88: =J88-M88 -> 19060.8 | O88: =IF((M88/J88)=0," ",(M88/J88)*100) | P88: =IF((N88/J88)=0," ",(N88/J88)*100) -> 100
A89: 02.03.012 | B89: Transporte comercial com caminhão basculante de 10m³, em rodovia pavimentada (densidade=1,5t/m³)( SICRO 5914389) | C89: tkm | D89: 9292.78 | E89: ='BM 03 '!G89 -> 0 | G89: =E89+F89 -> 0 | H89: =D89-G89 -> 9292.78 | I89: 0.71 | J89: =ROUND(D89*I89,2) -> 6597.87 | K89: =ROUND(E89*I89,2) -> 0 | L89: =ROUND(F89*I89,2) -> 0 | M89: =K89+L89 -> 0 | N89: =J89-M89 -> 6597.87 | O89: =IF((M89/J89)=0," ",(M89/J89)*100) | P89: =IF((N89/J89)=0," ",(N89/J89)*100) -> 100
... A95: 02.03.018 | B95: Poço de visita em alvenaria tij. maciços esp. = 0,20m, dim. int. = 1.50 x 1.50 x 2.40m, laje sup.c.a. esp. = 0,15m, inclusive tampão td-600 - R1 | C95: un | D95: 17 | E95: ='BM 03 '!G95 -> 0 | G95: =E95+F95 -> 0 | H95: =D95-G95 -> 17 | I95: 7201.46 | J95: =ROUND(D95*I95,2) -> 122424.82 | K95: =ROUND(E95*I95,2) -> 0 | L95: =ROUND(F95*I95,2) -> 0 | M95: =K95+L95 -> 0 | N95: =J95-M95 -> 122424.82 | O95: =IF((M95/J95)=0," ",(M95/J95)*100) | P95: =IF((N95/J95)=0," ",(N95/J95)*100) -> 100
A96: 02.04 | B96: REDE DE ABASTECIMENTO DE ÁGUA | G96: =E96+F96 -> 0 | J96: =SUM(J97:J105) -> 96595.1 | K96: =SUM(K97:K105) -> 0 | L96: =SUM(L97:L105) -> 0 | M96: =SUM(M97:M105) -> 0 | N96: =SUM(N97:N105) -> 96595.1 | O96: =IF((M96/J96)=0," ",(M96/J96)*100) | P96: =IF((N96/J96)=0," ",(N96/J96)*100) -> 100
A97: 02.04.001 | B97: Locação de rede de água ou esgoto. af_03/2024 | C97: m | D97: 765.3 | E97: ='BM 03 '!G97 -> 0 | G97: =E97+F97 -> 0 | H97: =D97-G97 -> 765.3 | I97: 9.1 | J97: =ROUND(D97*I97,2) -> 6964.23 | K97: =ROUND(E97*I97,2) -> 0 | L97: =ROUND(F97*I97,2) -> 0 | M97: =K97+L97 -> 0 | N97: =J97-M97 -> 6964.23 | O97: =IF((M97/J97)=0," ",(M97/J97)*100) | P97: =IF((N97/J97)=0," ",(N97/J97)*100) -> 100
A98: 02.04.002 | B98: Fornecimento de tubo de polietileno de alta densidade (pead), PE80, pn12,5 , sdr-11, d= 75mm x 6,9mm - Rev 01_11/2021 | C98: m | D98: 765.3 | E98: ='BM 03 '!G98 -> 0 | G98: =E98+F98 -> 0 | H98: =D98-G98 -> 765.3 | I98: 70.56 | J98: =ROUND(D98*I98,2) -> 53999.57 | K98: =ROUND(E98*I98,2) -> 0 | L98: =ROUND(F98*I98,2) -> 0 | M98: =K98+L98 -> 0 | N98: =J98-M98 -> 53999.57 | O98: =IF((M98/J98)=0," ",(M98/J98)*100) | P98: =IF((N98/J98)=0," ",(N98/J98)*100) -> 100
A99: 02.04.003 | B99: Tubo pvc rígido soldável marrom p/ água, d = 20 mm (1/2") | C99: m | D99: 765.3 | E99: ='BM 03 '!G99 -> 0 | G99: =E99+F99 -> 0 | H99: =D99-G99 -> 765.3 | I99: 14.19 | J99: =ROUND(D99*I99,2) -> 10859.61 | K99: =ROUND(E99*I99,2) -> 0 | L99: =ROUND(F99*I99,2) -> 0 | M99: =K99+L99 -> 0 | N99: =J99-M99 -> 10859.61 | O99: =IF((M99/J99)=0," ",(M99/J99)*100) | P99: =IF((N99/J99)=0," ",(N99/J99)*100) -> 100
A100: 02.04.004 | B100: Colar de tomada, pvc, com travas, de 75 mm x 1/2" ou 75 mm x 3/4", para ligação predial de água. af_06/2022 | C100: un | D100: 80 | E100: ='BM 03 '!G100 -> 0 | G100: =E100+F100 -> 0 | H100: =D100-G100 -> 80 | I100: 22.9 | J100: =ROUND(D100*I100,2) -> 1832 | K100: =ROUND(E100*I100,2) -> 0 | L100: =ROUND(F100*I100,2) -> 0 | M100: =K100+L100 -> 0 | N100: =J100-M100 -> 1832 | O100: =IF((M100/J100)=0," ",(M100/J100)*100) | P100: =IF((N100/J100)=0," ",(N100/J100)*100) -> 100
A101: 02.04.005 | B101: Cap de pvc rígido soldável, marrom, diâm = 75mm | C101: un | D101: 6 | E101: ='BM 03 '!G101 -> 0 | G101: =E101+F101 -> 0 | H101: =D101-G101 -> 6 | I101: 28.47 | J101: =ROUND(D101*I101,2) -> 170.82 | K101: =ROUND(E101*I101,2) -> 0 | L101: =ROUND(F101*I101,2) -> 0 | M101: =K101+L101 -> 0 | N101: =J101-M101 -> 170.82 | O101: =IF((M101/J101)=0," ",(M101/J101)*100) | P101: =IF((N101/J101)=0," ",(N101/J101)*100) -> 100
A102: 02.04.006 | B102: Fornecimento de curva 22º 30` de pvc junta elástica, ponta / bolsa, diam. = 75mm | C102: un | D102: 5 | E102: ='BM 03 '!G102 -> 0 | G102: =E102+F102 -> 0 | H102: =D102-G102 -> 5 | I102: 218.25 | J102: =ROUND(D102*I102,2) -> 1091.25 | K102: =ROUND(E102*I102,2) -> 0 | L102: =ROUND(F102*I102,2) -> 0 | M102: =K102+L102 -> 0 | N102: =J102-M102 -> 1091.25 | O102: =IF((M102/J102)=0," ",(M102/J102)*100) | P102: =IF((N102/J102)=0," ",(N102/J102)*100) -> 100
A103: 02.04.007 | B103: Tê 90º de pvc rígido soldável, marrom diâm = 75mm | C103: un | D103: 2 | E103: ='BM 03 '!G103 -> 0 | G103: =E103+F103 -> 0 | H103: =D103-G103 -> 2 | I103: 82.93 | J103: =ROUND(D103*I103,2) -> 165.86 | K103: =ROUND(E103*I103,2) -> 0 | L103: =ROUND(F103*I103,2) -> 0 | M103: =K103+L103 -> 0 | N103: =J103-M103 -> 165.86 | O103: =IF((M103/J103)=0," ",(M103/J103)*100) | P103: =IF((N103/J103)=0," ",(N103/J103)*100) -> 100
A104: 02.04.008 | B104: Cruzeta PVC PBA JE BBBB, para rede de água, DN 75 / DE 85mm - Rev 02 | C104: un | D104: 1 | E104: ='BM 03 '!G104 -> 0 | G104: =E104+F104 -> 0 | H104: =D104-G104 -> 1 | I104: 280.56 | J104: =ROUND(D104*I104,2) -> 280.56 | K104: =ROUND(E104*I104,2) -> 0 | L104: =ROUND(F104*I104,2) -> 0 | M104: =K104+L104 -> 0 | N104: =J104-M104 -> 280.56 | O104: =IF((M104/J104)=0," ",(M104/J104)*100) | P104: =IF((N104/J104)=0," ",(N104/J104)*100) -> 100
A105: 02.04.009 | B105: Mureta Pré-Moldada para Ligações Domiciliares de Água | C105: un | D105: 80 | E105: ='BM 03 '!G105 -> 0 | G105: =E105+F105 -> 0 | H105: =D105-G105 -> 80 | I105: 265.39 | J105: =ROUND(D105*I105,2) -> 21231.2 | K105: =ROUND(E105*I105,2) -> 0 | L105: =ROUND(F105*I105,2) -> 0 | M105: =K105+L105 -> 0 | N105: =J105-M105 -> 21231.2 | O105: =IF((M105/J105)=0," ",(M105/J105)*100) | P105: =IF((N105/J105)=0," ",(N105/J105)*100) -> 100
A106: 02.05 | B106: PAVIMENTAÇÃO | J106: =J107+J109+J114+J119+J128+J134 -> 763285.03 | K106: =K107+K109+K114+K119+K129+K134 -> 0 | L106: =L107+L109+L114+L119+L129+L134 -> 0 | M106: =M107+M109+M114+M119+M129+M134 -> 0 | N106: =N107+N109+N114+N119+N128+N134 -> 763285.03 | O106: =IF((M106/J106)=0," ",(M106/J106)*100) | P106: =IF((N106/J106)=0," ",(N106/J106)*100) -> 100
A107: 02.05.001 | B107: REGULARIZAÇÃO | J107: =J108 -> 6352.51 | K107: =K108 -> 0 | L107: =L108 -> 0 | M107: =M108 -> 0 | N107: =N108 -> 6352.51 | O107: =IF((M107/J107)=0," ",(M107/J107)*100) | P107: =IF((N107/J107)=0," ",(N107/J107)*100) -> 100
A108: 02.05.001.001 | B108: Regularização do subleito (SICRO 4011209) | C108: m2 | D108: 4537.51 | H108: =D108-G108 -> 4537.51 | I108: 1.4 | J108: =ROUND(D108*I108,2) -> 6352.51 | K108: =ROUND(E108*J108,2) -> 0 | L108: =ROUND(F108*K108,2) -> 0 | M108: =ROUND(G108*L108,2) -> 0 | N108: =J108-M108 -> 6352.51 | O108: =IF((M108/J108)=0," ",(M108/J108)*100) | P108: =IF((N108/J108)=0," ",(N108/J108)*100) -> 100
A109: 02.05.002 | B109: SUB-BASE | J109: =J111+J113+J112 -> 27684.84 | K109: =K111+K113+K112 -> 0 | L109: =L111+L113+L112 -> 0 | M109: =M111+M113+M112 -> 0 | N109: =N111+N113+N112 -> 27684.84 | O109: =IF((M109/J109)=0," ",(M109/J109)*100) | P109: =IF((N109/J109)=0," ",(N109/J109)*100) -> 100
A110: 02.05.002.001 | B110: AQUISIÇÃO DE MATERIAL | O110: =IF((M110/J110)=0," ",(M110/J110)*100) -> #DIV/0! | P110: =IF((N110/J110)=0," ",(N110/J110)*100) -> #DIV/0!
A111: 02.05.002.002 | B111: Material para sub-base (adquirido solto na jazida) inclusive limpeza da área, corte e carga (posto na caçamba), exclusive transporte (Ruy - Rita Cacete / São Cristóvão) | C111: m3 | D111: 680.59 | G111: =E111+F111 -> 0 | H111: =D111-G111 -> 680.59 | I111: 18.93 | J111: =ROUND(D111*I111,2) -> 12883.57 | K111: =ROUND(E111*I111,2) -> 0 | L111: =ROUND(F111*I111,2) -> 0 | M111: =K111+L111 -> 0 | N111: =J111-M111 -> 12883.57 | O111: =IF((M111/J111)=0," ",(M111/J111)*100) | P111: =IF((N111/J111)=0," ",(N111/J111)*100) -> 100
A112: 02.05.002.003 | B112: Carga mecânica de material de 1ª categoria | C112: m3 | D112: 884.77 | G112: =E112+F112 -> 0 | H112: =D112-G112 -> 884.77 | I112: 1.18 | J112: =ROUND(D112*I112,2) -> 1044.03 | K112: =ROUND(E112*I112,2) -> 0 | L112: =ROUND(F112*I112,2) -> 0 | M112: =K112+L112 -> 0 | N112: =J112-M112 -> 1044.03 | O112: =IF((M112/J112)=0," ",(M112/J112)*100) | P112: =IF((N112/J112)=0," ",(N112/J112)*100) -> 100
A113: 02.05.002.004 | B113: Transporte comercial com caminhão basculante de 10m³, em rodovia pavimentada (densidade=1,5t/m³) | C113: tkm | D113: 19376.4 | G113: =E113+F113 -> 0 | H113: =D113-G113 -> 19376.4 | I113: 0.71 | J113: =ROUND(D113*I113,2) -> 13757.24 | K113: =ROUND(E113*I113,2) -> 0 | L113: =ROUND(F113*I113,2) -> 0 | M113: =K113+L113 -> 0 | N113: =J113-M113 -> 13757.24 | O113: =IF((M113/J113)=0," ",(M113/J113)*100) | P113: =IF((N113/J113)=0," ",(N113/J113)*100) -> 100
A114: 02.05.003 | B114: BASE | J114: =J116+J117+J118 -> 172188.28 | K114: =K116+K117+K118 -> 0 | L114: =L116+L117+L118 -> 0 | M114: =M116+M117+M118 -> 0 | N114: =N116+N117+N118 -> 172188.28 | O114: =IF((M114/J114)=0," ",(M114/J114)*100) | P114: =IF((N114/J114)=0," ",(N114/J114)*100) -> 100
...

Sheet MEMORIAL DE CÁLCULO 04
A1: MEMÓRIA DE CÁLCULO - 4ª MEDIÇÃO - CONJUNTO LOURDES AZEVEDO
A2: ITEM | B2: DESCRIÇÃO DO SERVIÇO | C2: Largura | D2: Comprimento | E2: Altura | F2: Quantidade | G2: Total | I2: Unidade | J2: Observação/Justificativa
A3: 01.01 | B3: ADMINISTRAÇÃO DA OBRA
A4: 01.01.001 | B4: Equipe Dirigente | H4: ='BM 04 '!F15 -> 0.021893557 | I4: un | J4: medido proporcionalmente
A5: 01.01.002 | B5: Equipamentos de Apoio à Produção | H5: ='BM 04 '!F16 -> 0.021893557 | I5: un | J5: medido proporcionalmente
A6: 01.01.003 | B6: Manutenção do Canteiro | H6: ='BM 04 '!F17 -> 0.021893557 | I6: un | J6: medido proporcionalmente
A7: 01.03 | B7: SERVIÇOS PRELIMINARES/INSTALAÇÃO CANTEIRO/MOBILIZAÇÃO
A8: 01.03.001 | B8: SERVIÇOS PRELIMINARES
A9: 01.03.001.001 | B9: Placa de obra em lona com impressão digital 1,50 x 2,00m, inclusive estrutura em metalon 20 x 20cm e escoramento, instalada - Rev 02 - 09/2021 | F9: 2 | H9: ='BM 04 '!F22 -> 2 | I9: un | J9: Placas de obras já instaladas na obra.
A10: 01.03.001.002 | B10: Fornecimento e instalação de placa de obra com chapa galvanizada e estrutura de madeira. af_03/2022_ps | C10: 3 | E10: 2 | F10: 2 | H10: ='BM 04 '!F23 -> 12 | I10: m2 | J10: Instalação da Placa da Obra do Governo e do Municipio: este item não foi contabilizado no BM 1 devido a um erro da fórmula na célula L21 - Valores (R$) - Do Período (Aba BM 01).
A11: 01.03.004 | B11: INSTALAÇÃO DO CANTEIRO
A12: 01.03.004.005 | B12: Aluguel de banheiro químico, com 03 limpezas semanais | H12: ='BM 04 '!F33 -> 2 | I12: mês | J12: Referente ao consumo de duas unidades mensais.
A13: 2 | B13: Infraestrutura do Conjunto Habitacional
A14: 02.02 | B14: MOVIMENTAÇÃO DE TERRA
A15: 02.02.005 | B15: Argila, argila vermelha ou argila arenosa (retirada na jazida, sem transporte) | H15: ='BM 04 '!F73 -> 4279 | I15: m3 | J15: Correspondente ao volume de material já executado na obra: 389 caçambas com aproximadamente 11 metros cúbicos.
A16: 02.02.006 | B16: Transporte comercial com caminhão basculante de 10m³, em rodovia pavimentada (densidade=1,5t/m³)( SICRO 5914389) | H16: ='BM 04 '!F74 -> 98203.05 | I16: tkm | J16: Correspondente ao volume executado disposto no item anterior (02.02.005): 4279 x 1,5 (densidade) x 15,30 (distância considerada) = R$ 98.203,05.
A17: 02.02.007 | B17: Espalhamento de material de 1ª categoria c/ trator esteira Cat - D-6 ou similar | H17: ='BM 04 '!F75 -> 4279 | I17: m3 | J17: Correspondente ao volume executado disposto no item anterior (02.02.005).
A18: 02.02.008 | B18: Compactação de aterros, com rolo vibratório pé de carneiro, a 100% do proctor normal( SICRO 5502978) | H18: ='BM 04 '!F76 -> 4279 | I18: m3 | J18: Correspondente ao volume executado disposto no item anterior (02.02.005).
